Workbook

Sheet VERIFICACION 
A1: RESOLUCION 00001 DE ENERO 2 DE 2025
A2: PROG | B2: SUBP | C2: PROY | D2: SPRY | E2: PROD | F2: OBJ | G2: REC | H2: CONCEPTO | I2: VALOR | K2: LOTE 1 | M2: LOTE2 | O2: LOTE3 | Q2: LOTE4 | S2: LOTE5
H3: INVERSIÓN | I3: 114155647000 | J3: asignación | K3: BOGOTA | L3: ORIENTE | M3: BOGOTA | N3: ORIENTE | O3: BOGOTA | P3: ORIENTE | Q3: BOGOTA | R3: ORIENTE | S3: BOGOTA
H4: =+CONCATENATE(A7,"-",B7,"-",C7,"-",D7,"-",E7,"-",F7) -> 2901-0800-9-20111D-2901002-02
A5: 2901 | B5: 0800 | C5: 9 | G5: 10 | H5: FORTALECIMIENTO DE LA CAPACIDAD Y CALIDAD CIENTÍFICA DE LOS ENSAYOS REALIZADOS EN LOS LABORATORIOS FORENSES NACIONAL | I5: 11474400000
A6: 2901 | B6: 0800 | C6: 9 | D6: 20111D | E6: 2901002 | H6: SERVICIOS DE LABORATORIO FORENSE
A7: 2901 | B7: 0800 | C7: 9 | D7: 20111D | E7: 2901002 | F7: 02 | G7: 10 | H7: ADQUISICIÓN DE BIENES Y SERVICIOS | I7: 11474400000 | J7: 115218379
H8: disponer de insumos, reactivos y equipos según necesidades de los laboratorios forenses | J8: 100000000
H9: disponer de insumos, reactivos y equipos según necesidades de los laboratorios forenses | J9: 295552981
H10: disponer de insumos, reactivos y equipos según necesidades de los laboratorios forenses | J10: 30000000
H11: disponer de insumos, reactivos y equipos según necesidades de los laboratorios forenses | J11: 30000000
I12: =+SUM(J7:J11) -> 570771360
H13: =+CONCATENATE(A16,"-",B16,"-",C16,"-",D16,"-",E16,"-",F16) -> 2901-0800-14-20111D-2901006-02
A14: 2901 | B14: 0800 | C14: 14 | G14: 21 | H14: MEJORAMIENTO DE LOS PROCEDIMIENTOS Y DE LA CAPACIDAD DE RESPUESTA EN LOS SERVICIOS DE PATOLOGÍA FORENSE A NIVEL NACIONAL | I14: 1191767000
A15: 2901 | B15: 0800 | C15: 14 | D15: 20111D | E15: 2901006 | H15: SERVICIO DE INVESTIGACION PENAL, CRIMINALISTICA Y MEDICINA LEGAL
A16: 2901 | B16: 0800 | C16: 14 | D16: 20111D | E16: 2901006 | F16: 02 | G16: 10 | H16: ADQUISICIÓN DE BIENES Y SERVICIOS | I16: 4332952000
H17: disponer de equipos, insumos y reactivos a los laboratorios en casos de accidentes de transito | I17: =+J17 -> 100920000 | J17: 100920000
H18: disponer con bienes y servicios según los requisitos de la NTC ISO/IEC 17025 en casos de accidentes de transito | I18: =+J18 -> 130000000 | J18: 130000000
A19: 2901 | B19: 0800 | C19: 14 | D19: 20111D | E19: 2901006 | F19: 02 | G19: 21 | H19: ADQUISICIÓN DE BIENES Y SERVICIOS | I19: 1191767000
A20: 2901 | B20: 0800 | C20: 14 | D20: 20111D | E20: 2901010 | H20: SALAS DE NECROPSIAS DOTADAS
H21: disponer de equipos, instrumental, insumos y aplicativos en casos de rutina, de muertes colectivas y desastres a nivel nacional | I21: =+J21 -> 300000000 | J21: 300000000
A23: 2901 | B23: 0800 | C23: 16 | G23: 10 | H23: FORTALECIMIENTO DEL INSTITUTO NACIONAL DE MEDICINA LEGAL Y CIENCIAS FORENSES EN ATENCIÓN A LOS RETOS DEL POSCONFLICTO A NIVEL NACIONAL | I23: 21856000000
A24: 2901 | B24: 0800 | C24: 16 | D24: 20113A | E24: 2901002 | H24: SERVICIOS DE LABORATORIO FORENSE
A25: 2901 | B25: 0800 | C25: 16 | D25: 20113A | E25: 2901002 | F25: 02 | G25: 10 | H25: ADQUISICIÓN DE BIENES Y SERVICIOS | I25: 14263763540
H26: contar con enseres, equipos de oficina y equipos para la dotación de los laboratorios forense de antropología | I26: =+J26 -> 350000000 | J26: 350000000
H27: disponer de insumos, reactivos y equipos según necesidades de los laboratorios forenses | I27: =+J27 -> 98308640 | J27: 98308640
A31: 2901 | B31: 0800 | C31: 16 | D31: 20113A | E31: 2901007 | H31: SERVICIOS DE GENETICA FORENSE
A32: 2901 | B32: 0800 | C32: 16 | D32: 20113A | E32: 2901007 | F32: 02 | G32: 10 | H32: ADQUISICIÓN DE BIENES Y SERVICIOS | I32: 5531215836
H33: Disponer de reactivos, insumos, equipos y herramientas informaticas para los laboratorios de genética | J33: 100000000
H34: Disponer de reactivos, insumos, equipos y herramientas informaticas para los laboratorios de genética | J34: 200000000
J35: 130000000
I36: =+SUM(J33:J35) -> 430000000
J38: =SUM(J5:J36) -> 1980000000
J39: 1850000000
J40: =+J39-J38 -> -130000000

Sheet CONSOLIDADO 
O1: VALOR UNITARIO PROMEDIO (INCLUÍDO IVA) en caso de que aplique o impuestos a que haya lugar | P1: TOTAL REGIONALIZADO | AA1: REGIONALIZADO | AD1: VALIDACIÓN | AE1: VER/
A2: LOTE | B2: # ITEM | C2: DESCRIPCIÓN | D2: PRESENTACIÓN | E2: CANTIDAD REGIONALIZADA | N2: CANTIDAD TOTAL / ESTIMADA | P2: VALOR TOTAL REGIONALIZADO | Y2: VALOR TOTAL | AA2: REGIONAL | AB2: VALOR TOTAL | AC2: TOTAL POR LOTE | AD2: VALIDACION | AE2: VER/
Z3: LOTE 1 | AA3: =+P4 -> BOGOTÁ | AB3: =+SUM(P5:P9) -> 474415466 | AC3: =+SUM(AB3:AB4) -> 517506779 | AE3: =+EXACT(AB3,AD3) -> FALSE
E4: BOGOTÁ | F4: ORIENTE | G4: CENTRAL | H4: SUR | I4: NORTE | J4: OCCIDENTE | K4: NOROCCIDENTE | L4: SUROCCIDENTE | M4: NORORIENTE | P4: =+E4 -> BOGOTÁ | Q4: =+F4 -> ORIENTE | R4: =+G4 -> CENTRAL | S4: =+H4 -> SUR | T4: =+I4 -> NORTE | U4: =+J4 -> OCCIDENTE | V4: =+K4 -> NOROCCIDENTE | W4: =+L4 -> SUROCCIDENTE | X4: =+M4 -> NORORIENTE | Z4: LOTE 1 | AA4: =+Q4 -> ORIENTE | AB4: =SUM(Q5:Q9) -> 43091313 | AE4: =+EXACT(AB4,AD4) -> FALSE
A5: =+'DATOS REGIONALIZADO LOTE 1'!A5 -> 1 | B5: =+'DATOS REGIONALIZADO LOTE 1'!B5 -> 1 | C5: =+'DATOS REGIONALIZADO LOTE 1'!C5 -> CABINAS EXTRACTORAS PARA LABORATORIO DE ESTUPEFACIENTES DE LA REGIONAL BOGOTA (2) CABINA Y (1) CABINA PARA - PATOLOGIA - LABORATORIO DE HISTOTECNOLOGÍA | D5: =+'DATOS REGIONALIZADO LOTE 1'!D5 -> UNIDAD | E5: =+'DATOS REGIONALIZADO LOTE 1'!E5 -> 3 | F5: =+'DATOS REGIONALIZADO LOTE 1'!F5 -> 0 | G5: =+'DATOS REGIONALIZADO LOTE 1'!G5 -> 0 | H5: =+'DATOS REGIONALIZADO LOTE 1'!H5 -> 0 | ... Y5: =+'DATOS REGIONALIZADO LOTE 1'!Y5 -> 193627554 | Z5: LOTE 2 | AA5: BOGOTÁ | AB5: =+'DATOS REGIONALIZADO LOTE 2'!P7 -> 161915416 | AC5: =+Tabla37[[#This Row],[VALOR TOTAL]]+AB6 -> 208217404 | AE5: =+EXACT(AB5,AD5) -> FALSE
A6: =+'DATOS REGIONALIZADO LOTE 1'!A6 -> 1 | B6: =+'DATOS REGIONALIZADO LOTE 1'!B6 -> 2 | C6: =+'DATOS REGIONALIZADO LOTE 1'!C6 -> CABINA EXTRACTORA PARA EL GRUPO DE PATOLOGIA FORENSE DE LA REGIONAL BOGOTA | D6: =+'DATOS REGIONALIZADO LOTE 1'!D6 -> UNIDAD | E6: =+'DATOS REGIONALIZADO LOTE 1'!E6 -> 1 | F6: =+'DATOS REGIONALIZADO LOTE 1'!F6 -> 0 | G6: =+'DATOS REGIONALIZADO LOTE 1'!G6 -> 0 | H6: =+'DATOS REGIONALIZADO LOTE 1'!H6 -> 0 | ... Y6: =+'DATOS REGIONALIZADO LOTE 1'!Y6 -> 60791847 | Z6: LOTE 2 | AA6: ORIENTE | AB6: =+'DATOS REGIONALIZADO LOTE 2'!Q7 -> 46301988 | AE6: =+EXACT(AB6,AD6) -> FALSE
A7: =+'DATOS REGIONALIZADO LOTE 1'!A7 -> 1 | B7: =+'DATOS REGIONALIZADO LOTE 1'!B7 -> 3 | C7: =+'DATOS REGIONALIZADO LOTE 1'!C7 -> CABINAS EXTRACTORAS PARA EL LABORATORIO DE EVIDENCIA TRAZA DE LA REGIONAL BOGOTA | D7: =+'DATOS REGIONALIZADO LOTE 1'!D7 -> UNIDAD | E7: =+'DATOS REGIONALIZADO LOTE 1'!E7 -> 3 | F7: =+'DATOS REGIONALIZADO LOTE 1'!F7 -> 0 | G7: =+'DATOS REGIONALIZADO LOTE 1'!G7 -> 0 | H7: =+'DATOS REGIONALIZADO LOTE 1'!H7 -> 0 | ... Y7: =+'DATOS REGIONALIZADO LOTE 1'!Y7 -> 165895179 | Z7: LOTE 3 | AA7: BOGOTÁ | AB7: =+Tabla34[[#This Row],[VALOR TOTAL]] -> 668421095 | AC7: =+Tabla37[[#This Row],[VALOR TOTAL]]+AB8 -> 668421095 | AE7: =+EXACT(AB7,AD7) -> FALSE
A8: =+'DATOS REGIONALIZADO LOTE 1'!A8 -> 1 | B8: =+'DATOS REGIONALIZADO LOTE 1'!B8 -> 4 | C8: =+'DATOS REGIONALIZADO LOTE 1'!C8 -> CABINA EXTRACTORA PARA EL LABORATORIO DE GENÉTICA DE LA REGIONAL BOGOTA | D8: =+'DATOS REGIONALIZADO LOTE 1'!D8 -> UNIDAD | E8: =+'DATOS REGIONALIZADO LOTE 1'!E8 -> 1 | F8: =+'DATOS REGIONALIZADO LOTE 1'!F8 -> 0 | G8: =+'DATOS REGIONALIZADO LOTE 1'!G8 -> 0 | H8: =+'DATOS REGIONALIZADO LOTE 1'!H8 -> 0 | ... Y8: =+'DATOS REGIONALIZADO LOTE 1'!Y8 -> 54100886 | Z8: LOTE 3 | AA8: ORIENTE | AB8: =+Tabla34[[#This Row],[VALOR TOTAL]] -> 0 | AE8: =+EXACT(AB8,AD8) -> FALSE
A9: =+'DATOS REGIONALIZADO LOTE 1'!A9 -> 1 | B9: =+'DATOS REGIONALIZADO LOTE 1'!B9 -> 5 | C9: =+'DATOS REGIONALIZADO LOTE 1'!C9 -> CABINA DE SEGURIDAD BIOLÓGICA CLASE II TIPO II PARA EL LABORATORIO DE GENÉTICA VILLAVICENCIO | D9: =+'DATOS REGIONALIZADO LOTE 1'!D9 -> UNIDAD | E9: =+'DATOS REGIONALIZADO LOTE 1'!E9 -> 0 | F9: =+'DATOS REGIONALIZADO LOTE 1'!F9 -> 1 | G9: =+'DATOS REGIONALIZADO LOTE 1'!G9 -> 0 | H9: =+'DATOS REGIONALIZADO LOTE 1'!H9 -> 0 | ... Y9: =+'DATOS REGIONALIZADO LOTE 1'!Y9 -> 43091313 | Z9: LOTE 4 | AA9: BOGOTÁ | AB9: =+'DATOS REGIONALIZADO LOTE 4 tota'!AB7 -> 328507571 | AC9: =+Tabla37[[#This Row],[VALOR TOTAL]]+AB10 -> 548261931 | AE9: =+EXACT(AB9,AD9) -> FALSE
A10: =+'DATOS REGIONALIZADO LOTE 2'!A5 -> 2 | B10: =+'DATOS REGIONALIZADO LOTE 2'!B5 -> 6 | C10: =+'DATOS REGIONALIZADO LOTE 2'!C5 -> MICROSCOPIO ÓPTICO TRINOCULAR | D10: =+'DATOS REGIONALIZADO LOTE 2'!D5 -> UNIDAD | E10: =+'DATOS REGIONALIZADO LOTE 2'!E5 -> 0 | F10: =+'DATOS REGIONALIZADO LOTE 2'!F5 -> 1 | G10: =+'DATOS REGIONALIZADO LOTE 2'!G5 -> 0 | H10: =+'DATOS REGIONALIZADO LOTE 2'!H5 -> 0 | ... Y10: =+'DATOS REGIONALIZADO LOTE 2'!Y5 -> 46301988 | Z10: LOTE 4 | AA10: ORIENTE | AB10: =+'DATOS REGIONALIZADO LOTE 4 tota'!AB8 -> 219754360 | AE10: =+EXACT(AB10,AD10) -> FALSE
A11: =+'DATOS REGIONALIZADO LOTE 2'!A6 -> 2 | B11: =+'DATOS REGIONALIZADO LOTE 2'!B6 -> 7 | C11: =+'DATOS REGIONALIZADO LOTE 2'!C6 -> Estereomicroscopio con camara | D11: =+'DATOS REGIONALIZADO LOTE 2'!D6 -> UNIDAD | E11: =+'DATOS REGIONALIZADO LOTE 2'!E6 -> 1 | F11: =+'DATOS REGIONALIZADO LOTE 2'!F6 -> 0 | G11: =+'DATOS REGIONALIZADO LOTE 2'!G6 -> 0 | H11: =+'DATOS REGIONALIZADO LOTE 2'!H6 -> 0 | ... Y11: =+'DATOS REGIONALIZADO LOTE 2'!Y6 -> 161915416 | Z11: LOTE 5 | AA11: BOGOTÁ | AB11: =+Tabla36[[#This Row],[VALOR TOTAL]] -> #VALUE! | AC11: =+Tabla37[[#This Row],[VALOR TOTAL]]+AB12 -> #VALUE! | AE11: =+EXACT(AB11,AD11) -> #VALUE!
A12: =+'DATOS REGIONALIZADO LOTE 3'!A5 -> 3 | B12: =+'DATOS REGIONALIZADO LOTE 3'!B5 -> 8 | C12: =+'DATOS REGIONALIZADO LOTE 3'!C5 -> Baño De Flotación | D12: =+'DATOS REGIONALIZADO LOTE 3'!D5 -> UNIDAD | E12: =+'DATOS REGIONALIZADO LOTE 3'!E5 -> 1 | F12: =+'DATOS REGIONALIZADO LOTE 3'!F5 -> 0 | G12: =+'DATOS REGIONALIZADO LOTE 3'!G5 -> 0 | H12: =+'DATOS REGIONALIZADO LOTE 3'!H5 -> 0 | ... Y12: =+'DATOS REGIONALIZADO LOTE 3'!Y5 -> 7329714 | Z12: LOTE 5 | AA12: ORIENTE | AB12: =+Tabla36[[#This Row],[VALOR TOTAL]] -> #VALUE! | AE12: =+EXACT(AB12,AD12) -> #VALUE!
A13: =+'DATOS REGIONALIZADO LOTE 3'!A6 -> 3 | B13: =+'DATOS REGIONALIZADO LOTE 3'!B6 -> 9 | C13: =+'DATOS REGIONALIZADO LOTE 3'!C6 -> Central De Inclusión | D13: =+'DATOS REGIONALIZADO LOTE 3'!D6 -> UNIDAD | E13: =+'DATOS REGIONALIZADO LOTE 3'!E6 -> 1 | F13: =+'DATOS REGIONALIZADO LOTE 3'!F6 -> 0 | G13: =+'DATOS REGIONALIZADO LOTE 3'!G6 -> 0 | H13: =+'DATOS REGIONALIZADO LOTE 3'!H6 -> 0 | ... Y13: =+'DATOS REGIONALIZADO LOTE 3'!Y6 -> 101320276 | AA13: TOTAL | AB13: =+SUM(AB3:AB12) -> #VALUE! | AC13: =+SUM(AC3:AC12) -> #VALUE! | AD13: =+Y32 -> 2516493785 | AE13: =+EXACT(AB13,AD13) -> #VALUE!
A14: =+'DATOS REGIONALIZADO LOTE 3'!A7 -> 3 | B14: =+'DATOS REGIONALIZADO LOTE 3'!B7 -> 10 | C14: =+'DATOS REGIONALIZADO LOTE 3'!C7 -> Criostato | D14: =+'DATOS REGIONALIZADO LOTE 3'!D7 -> UNIDAD | E14: =+'DATOS REGIONALIZADO LOTE 3'!E7 -> 1 | F14: =+'DATOS REGIONALIZADO LOTE 3'!F7 -> 0 | G14: =+'DATOS REGIONALIZADO LOTE 3'!G7 -> 0 | H14: =+'DATOS REGIONALIZADO LOTE 3'!H7 -> 0 | ... Y14: =+'DATOS REGIONALIZADO LOTE 3'!Y7 -> 179604981
A15: =+'DATOS REGIONALIZADO LOTE 3'!A8 -> 3 | B15: =+'DATOS REGIONALIZADO LOTE 3'!B8 -> 11 | C15: =+'DATOS REGIONALIZADO LOTE 3'!C8 -> Micrótomo Motorizado | D15: =+'DATOS REGIONALIZADO LOTE 3'!D8 -> UNIDAD | E15: =+'DATOS REGIONALIZADO LOTE 3'!E8 -> 1 | F15: =+'DATOS REGIONALIZADO LOTE 3'!F8 -> 0 | G15: =+'DATOS REGIONALIZADO LOTE 3'!G8 -> 0 | H15: =+'DATOS REGIONALIZADO LOTE 3'!H8 -> 0 | ... Y15: =+'DATOS REGIONALIZADO LOTE 3'!Y8 -> 133386702
A16: =+'DATOS REGIONALIZADO LOTE 3'!A9 -> 3 | B16: =+'DATOS REGIONALIZADO LOTE 3'!B9 -> 12 | C16: =+'DATOS REGIONALIZADO LOTE 3'!C9 -> Procesador de Tejidos automatico cerrado | D16: =+'DATOS REGIONALIZADO LOTE 3'!D9 -> UNIDAD | E16: =+'DATOS REGIONALIZADO LOTE 3'!E9 -> 1 | F16: =+'DATOS REGIONALIZADO LOTE 3'!F9 -> 0 | G16: =+'DATOS REGIONALIZADO LOTE 3'!G9 -> 0 | H16: =+'DATOS REGIONALIZADO LOTE 3'!H9 -> 0 | ... Y16: =+'DATOS REGIONALIZADO LOTE 3'!Y9 -> 246779422
A17: =+'DATOS REGIONALIZADO LOTE 4 tota'!A5 -> 4 | B17: =+'DATOS REGIONALIZADO LOTE 4 tota'!B5 -> 13 | C17: =+'DATOS REGIONALIZADO LOTE 4 tota'!C5 -> Baño ultrasónico para uso en laboratorio | D17: =+'DATOS REGIONALIZADO LOTE 4 tota'!D5 -> UNIDAD | E17: =+'DATOS REGIONALIZADO LOTE 4 tota'!E5 -> 2 | F17: =+'DATOS REGIONALIZADO LOTE 4 tota'!F5 -> 0 | G17: =+'DATOS REGIONALIZADO LOTE 4 tota'!G5 -> 0 | H17: =+'DATOS REGIONALIZADO LOTE 4 tota'!H5 -> 0 | ... Y17: =+'DATOS REGIONALIZADO LOTE 4 tota'!Y5 -> 14365286 | AA17: PATOLOGIA
A18: =+'DATOS REGIONALIZADO LOTE 4 tota'!A6 -> 4 | B18: =+'DATOS REGIONALIZADO LOTE 4 tota'!B6 -> 14 | C18: =+'DATOS REGIONALIZADO LOTE 4 tota'!C6 -> Agitador tipo vórtex para tubos | D18: =+'DATOS REGIONALIZADO LOTE 4 tota'!D6 -> UNIDAD | E18: =+'DATOS REGIONALIZADO LOTE 4 tota'!E6 -> 0 | F18: =+'DATOS REGIONALIZADO LOTE 4 tota'!F6 -> 2 | G18: =+'DATOS REGIONALIZADO LOTE 4 tota'!G6 -> 0 | H18: =+'DATOS REGIONALIZADO LOTE 4 tota'!H6 -> 0 | ... Y18: =+'DATOS REGIONALIZADO LOTE 4 tota'!Y6 -> 5206980 | AA18: LABORATORIOS
A19: =+'DATOS REGIONALIZADO LOTE 4 tota'!A7 -> 8 | B19: =+'DATOS REGIONALIZADO LOTE 4 tota'!B7 -> 23 | C19: =+'DATOS REGIONALIZADO LOTE 4 tota'!C7 -> Homogenizador de tejidos, vertical con vástago: | D19: =+'DATOS REGIONALIZADO LOTE 4 tota'!D7 -> UNIDAD | E19: =+'DATOS REGIONALIZADO LOTE 4 tota'!E7 -> 1 | F19: =+'DATOS REGIONALIZADO LOTE 4 tota'!F7 -> 0 | G19: =+'DATOS REGIONALIZADO LOTE 4 tota'!G7 -> 0 | H19: =+'DATOS REGIONALIZADO LOTE 4 tota'!H7 -> 0 | ... Y19: =+'DATOS REGIONALIZADO LOTE 4 tota'!Y7 -> 19454635 | AA19: GENÉTICA
A20: =+'DATOS REGIONALIZADO LOTE 4 tota'!A8 -> 8 | B20: =+'DATOS REGIONALIZADO LOTE 4 tota'!B8 -> 24 | C20: =+'DATOS REGIONALIZADO LOTE 4 tota'!C8 -> Vórtex multiprobeta / multitubo: | D20: =+'DATOS REGIONALIZADO LOTE 4 tota'!D8 -> UNIDAD | E20: =+'DATOS REGIONALIZADO LOTE 4 tota'!E8 -> 3 | F20: =+'DATOS REGIONALIZADO LOTE 4 tota'!F8 -> 0 | G20: =+'DATOS REGIONALIZADO LOTE 4 tota'!G8 -> 0 | H20: =+'DATOS REGIONALIZADO LOTE 4 tota'!H8 -> 0 | ... Y20: =+'DATOS REGIONALIZADO LOTE 4 tota'!Y8 -> 72741357
A21: =+'DATOS REGIONALIZADO LOTE 4 tota'!A9 -> 9 | B21: =+'DATOS REGIONALIZADO LOTE 4 tota'!B9 -> 25 | C21: =+'DATOS REGIONALIZADO LOTE 4 tota'!C9 -> Esterilizador o autocleve horizontal y/o sobremesa: | D21: =+'DATOS REGIONALIZADO LOTE 4 tota'!D9 -> UNIDAD | E21: =+'DATOS REGIONALIZADO LOTE 4 tota'!E9 -> 1 | F21: =+'DATOS REGIONALIZADO LOTE 4 tota'!F9 -> 0 | G21: =+'DATOS REGIONALIZADO LOTE 4 tota'!G9 -> 0 | H21: =+'DATOS REGIONALIZADO LOTE 4 tota'!H9 -> 0 | ... Y21: =+'DATOS REGIONALIZADO LOTE 4 tota'!Y9 -> 29155000
A22: =+'DATOS REGIONALIZADO LOTE 4 tota'!A10 -> 10 | B22: =+'DATOS REGIONALIZADO LOTE 4 tota'!B10 -> 26 | C22: =+'DATOS REGIONALIZADO LOTE 4 tota'!C10 -> Evaporador concentrador de muestras con centrifuga (rapidvap) | D22: =+'DATOS REGIONALIZADO LOTE 4 tota'!D10 -> UNIDAD | E22: =+'DATOS REGIONALIZADO LOTE 4 tota'!E10 -> 1 | F22: =+'DATOS REGIONALIZADO LOTE 4 tota'!F10 -> 0 | G22: =+'DATOS REGIONALIZADO LOTE 4 tota'!G10 -> 0 | H22: =+'DATOS REGIONALIZADO LOTE 4 tota'!H10 -> 0 | ... Y22: =+'DATOS REGIONALIZADO LOTE 4 tota'!Y10 -> 192791293
A23: =+'DATOS REGIONALIZADO LOTE 4 tota'!A11 -> 11 | B23: =+'DATOS REGIONALIZADO LOTE 4 tota'!B11 -> 27 | C23: =+'DATOS REGIONALIZADO LOTE 4 tota'!C11 -> Evaporador concentrador de muestras (rapidvap) | D23: =+'DATOS REGIONALIZADO LOTE 4 tota'!D11 -> UNIDAD | E23: =+'DATOS REGIONALIZADO LOTE 4 tota'!E11 -> 0 | F23: =+'DATOS REGIONALIZADO LOTE 4 tota'!F11 -> 1 | G23: =+'DATOS REGIONALIZADO LOTE 4 tota'!G11 -> 0 | H23: =+'DATOS REGIONALIZADO LOTE 4 tota'!H11 -> 0 | ... Y23: =+'DATOS REGIONALIZADO LOTE 4 tota'!Y11 -> 136873800
A24: =+'DATOS REGIONALIZADO LOTE 4 tota'!A12 -> 12 | B24: =+'DATOS REGIONALIZADO LOTE 4 tota'!B12 -> 28 | C24: =+'DATOS REGIONALIZADO LOTE 4 tota'!C12 -> Sistema dilutor dispensador de Líquidos | D24: =+'DATOS REGIONALIZADO LOTE 4 tota'!D12 -> UNIDAD | E24: =+'DATOS REGIONALIZADO LOTE 4 tota'!E12 -> 0 | F24: =+'DATOS REGIONALIZADO LOTE 4 tota'!F12 -> 1 | G24: =+'DATOS REGIONALIZADO LOTE 4 tota'!G12 -> 0 | H24: =+'DATOS REGIONALIZADO LOTE 4 tota'!H12 -> 0 | ... Y24: =+'DATOS REGIONALIZADO LOTE 4 tota'!Y12 -> 59381000
A25: =+'DATOS REGIONALIZADO LOTE 4 tota'!A13 -> 13 | B25: =+'DATOS REGIONALIZADO LOTE 4 tota'!B13 -> 29 | C25: =+'DATOS REGIONALIZADO LOTE 4 tota'!C13 -> Sistema de esterilización con luz UV-C (254nm) (Crosslinker) | D25: =+'DATOS REGIONALIZADO LOTE 4 tota'!D13 -> UNIDAD | E25: =+'DATOS REGIONALIZADO LOTE 4 tota'!E13 -> 0 | F25: =+'DATOS REGIONALIZADO LOTE 4 tota'!F13 -> 1 | G25: =+'DATOS REGIONALIZADO LOTE 4 tota'!G13 -> 0 | H25: =+'DATOS REGIONALIZADO LOTE 4 tota'!H13 -> 0 | ... Y25: =+'DATOS REGIONALIZADO LOTE 4 tota'!Y13 -> 18292580
A26: =+'DATOS REGIONALIZADO LOTE 5'!A5 -> 5 | B26: =+'DATOS REGIONALIZADO LOTE 5'!B5 -> 15 | C26: =+'DATOS REGIONALIZADO LOTE 5'!C5 -> Centrifuga de mesa de altas revoluciones con refrigeración: | D26: =+'DATOS REGIONALIZADO LOTE 5'!D5 -> UNIDAD | E26: =+'DATOS REGIONALIZADO LOTE 5'!E5 -> 2 | F26: =+'DATOS REGIONALIZADO LOTE 5'!F5 -> 0 | G26: =+'DATOS REGIONALIZADO LOTE 5'!G5 -> 0 | H26: =+'DATOS REGIONALIZADO LOTE 5'!H5 -> 0 | ... Y26: =+'DATOS REGIONALIZADO LOTE 5'!Y5 -> 228239620
A27: =+'DATOS REGIONALIZADO LOTE 5'!A6 -> 5 | B27: =+'DATOS REGIONALIZADO LOTE 5'!B6 -> 16 | C27: =+'DATOS REGIONALIZADO LOTE 5'!C6 -> Centrifuga de mesa no refrigerada | D27: =+'DATOS REGIONALIZADO LOTE 5'!D6 -> UNIDAD | E27: =+'DATOS REGIONALIZADO LOTE 5'!E6 -> 0 | F27: =+'DATOS REGIONALIZADO LOTE 5'!F6 -> 1 | G27: =+'DATOS REGIONALIZADO LOTE 5'!G6 -> 0 | H27: =+'DATOS REGIONALIZADO LOTE 5'!H6 -> 0 | ... Y27: =+'DATOS REGIONALIZADO LOTE 5'!Y6 -> 73211033
A28: =+'DATOS REGIONALIZADO LOTE 5'!A7 -> 5 | B28: =+'DATOS REGIONALIZADO LOTE 5'!B7 -> 17 | C28: =+'DATOS REGIONALIZADO LOTE 5'!C7 -> Centrífuga de Piso refrigerada. | D28: =+'DATOS REGIONALIZADO LOTE 5'!D7 -> UNIDAD | E28: =+'DATOS REGIONALIZADO LOTE 5'!E7 -> 0 | F28: =+'DATOS REGIONALIZADO LOTE 5'!F7 -> 2 | G28: =+'DATOS REGIONALIZADO LOTE 5'!G7 -> 0 | H28: =+'DATOS REGIONALIZADO LOTE 5'!H7 -> 0 | ... Y28: =+'DATOS REGIONALIZADO LOTE 5'!Y7 -> 222853680
A29: =+'DATOS REGIONALIZADO LOTE 5'!A8 -> 5 | B29: =+'DATOS REGIONALIZADO LOTE 5'!B8 -> 18 | C29: =+'DATOS REGIONALIZADO LOTE 5'!C8 -> Microcentrífuga de alta velocidad tipo MiniSpli | D29: =+'DATOS REGIONALIZADO LOTE 5'!D8 -> UNIDAD | E29: =+'DATOS REGIONALIZADO LOTE 5'!E8 -> 0 | F29: =+'DATOS REGIONALIZADO LOTE 5'!F8 -> 2 | G29: =+'DATOS REGIONALIZADO LOTE 5'!G8 -> 0 | H29: =+'DATOS REGIONALIZADO LOTE 5'!H8 -> 0 | ... Y29: =+'DATOS REGIONALIZADO LOTE 5'!Y8 -> 14949098
A30: =+'DATOS REGIONALIZADO LOTE 6'!A5 -> 6 | B30: =+'DATOS REGIONALIZADO LOTE 6'!B5 -> 19 | C30: =+'DATOS REGIONALIZADO LOTE 6'!C5 -> scaner 3D portatil e inalambrico CR de alta precisión | D30: =+'DATOS REGIONALIZADO LOTE 6'!D5 -> UNIDAD | E30: =+'DATOS REGIONALIZADO LOTE 6'!E5 -> 1 | F30: =+'DATOS REGIONALIZADO LOTE 6'!F5 -> 0 | G30: =+'DATOS REGIONALIZADO LOTE 6'!G5 -> 0 | H30: =+'DATOS REGIONALIZADO LOTE 6'!H5 -> 0 | ... Y30: =+'DATOS REGIONALIZADO LOTE 6'!Y5 -> 19359943
A31: =+'DATOS REGIONALIZADO LOTE 6'!A6 -> 6 | B31: =+'DATOS REGIONALIZADO LOTE 6'!B6 -> 20 | C31: =+'DATOS REGIONALIZADO LOTE 6'!C6 -> impresora 3D | D31: =+'DATOS REGIONALIZADO LOTE 6'!D6 -> UNIDAD | E31: =+'DATOS REGIONALIZADO LOTE 6'!E6 -> 1 | F31: =+'DATOS REGIONALIZADO LOTE 6'!F6 -> 0 | G31: =+'DATOS REGIONALIZADO LOTE 6'!G6 -> 0 | H31: =+'DATOS REGIONALIZADO LOTE 6'!H6 -> 0 | ... Y31: =+'DATOS REGIONALIZADO LOTE 6'!Y6 -> 15473202
B32: TOTAL REGIONALIZADO | P32: =+SUM(P5:P31) -> 1896332313 | Q32: =+SUM(Q5:Q31) -> 620161472 | R32: =+SUM(R5:R31) -> 0 | S32: =+SUM(S5:S31) -> 0 | T32: =+SUM(T5:T31) -> 0 | U32: =+SUM(U5:U31) -> 0 | V32: =+SUM(V5:V31) -> 0 | W32: =+SUM(W5:W31) -> 0 | ... Y32: =+SUM(Y5:Y31) -> 2516493785
P33: BOGOTÁ | Q33: ORIENTE
N34: porcentaje presupuesto total por regional | P34: =+P32/Y32 -> 0.75356129 | Q34: =1-P34 -> 0.24643871
D36: valor presupuesto asignado total | P36: 1850000000
D38: recursos faltantes | P38: =+Y32-P36 -> 666493785

Sheet DATOS REGIONALIZADO LOTE 1
O1: VALOR UNITARIO PROMEDIO (INCLUÍDO IVA) en caso de que aplique o impuestos a que haya lugar | P1: TOTAL REGIONALIZADO | AA1: REGIONALIZADO
A2: LOTE | B2: # ITEM | C2: DESCRIPCIÓN | D2: PRESENTACIÓN | E2: CANTIDAD REGIONALIZADA | N2: CANTIDAD TOTAL / ESTIMADA | P2: VALOR TOTAL REGIONALIZADO | Y2: VALOR TOTAL | AA2: REGIONAL | AB2: VALOR TOTAL | AC2: Columna1
AA3: =+P4 -> BOGOTÁ | AB3: =+SUM(P5:P9) -> 474415466 | AC3: =+Tabla3[[#This Row],[VALOR TOTAL]]=P10 -> TRUE
E4: BOGOTÁ | F4: ORIENTE | G4: CENTRAL | H4: SUR | I4: NORTE | J4: OCCIDENTE | K4: NOROCCIDENTE | L4: SUROCCIDENTE | M4: NORORIENTE | P4: =+E4 -> BOGOTÁ | Q4: =+F4 -> ORIENTE | R4: =+G4 -> CENTRAL | S4: =+H4 -> SUR | T4: =+I4 -> NORTE | U4: =+J4 -> OCCIDENTE | V4: =+K4 -> NOROCCIDENTE | W4: =+L4 -> SUROCCIDENTE | X4: =+M4 -> NORORIENTE | AA4: =+Q4 -> ORIENTE | AB4: =SUM(Q5:Q9) -> 43091313 | AC4: =+Y9=Tabla3[[#This Row],[VALOR TOTAL]] -> TRUE
A5: 1 | B5: 1 | C5: CABINAS EXTRACTORAS PARA LABORATORIO DE ESTUPEFACIENTES DE LA REGIONAL BOGOTA (2) CABINA Y (1) CABINA PARA - PATOLOGIA - LABORATORIO DE HISTOTECNOLOGÍA | D5: UNIDAD | E5: 3 | F5: 0 | G5: 0 | H5: 0 | I5: 0 | J5: 0 | K5: 0 | L5: 0 | M5: 0 | N5: =+E5+F5 -> 3 | O5: 64542518 | P5: =+E5*O5 -> 193627554 | Q5: =+F5*O5 -> 0 | R5: =+G5*O5 -> 0 | S5: =+H5*O5 -> 0 | T5: =+I5*O5 -> 0 | U5: =+J5*O5 -> 0 | V5: =+K5*O5 -> 0 | W5: =+L5*O5 -> 0 | X5: =+M5*O5 -> 0 | Y5: =+SUM(P5:X5) -> 193627554 | AA5: TOTAL | AB5: =+SUM(AB3:AB4) -> 517506779 | AC5: =+Y10=Tabla3[[#This Row],[VALOR TOTAL]] -> TRUE
A6: 1 | B6: 2 | C6: CABINA EXTRACTORA PARA EL GRUPO DE PATOLOGIA FORENSE DE LA REGIONAL BOGOTA | D6: UNIDAD | E6: 1 | F6: 0 | G6: 0 | H6: 0 | I6: 0 | J6: 0 | K6: 0 | L6: 0 | M6: 0 | N6: =+E6+F6 -> 1 | O6: 60791847 | P6: =+E6*O6 -> 60791847 | Q6: =+F6*O6 -> 0 | R6: =+G6*O6 -> 0 | S6: =+H6*O6 -> 0 | T6: =+I6*O6 -> 0 | U6: =+J6*O6 -> 0 | V6: =+K6*O6 -> 0 | W6: =+L6*O6 -> 0 | X6: =+M6*O6 -> 0 | Y6: =+SUM(P6:X6) -> 60791847
A7: 1 | B7: 3 | C7: CABINAS EXTRACTORAS PARA EL LABORATORIO DE EVIDENCIA TRAZA DE LA REGIONAL BOGOTA | D7: UNIDAD | E7: 3 | F7: 0 | G7: 0 | H7: 0 | I7: 0 | J7: 0 | K7: 0 | L7: 0 | M7: 0 | N7: =+E7+F7 -> 3 | O7: 55298393 | P7: =+E7*O7 -> 165895179 | Q7: =+F7*O7 -> 0 | R7: =+G7*O7 -> 0 | S7: =+H7*O7 -> 0 | T7: =+I7*O7 -> 0 | U7: =+J7*O7 -> 0 | V7: =+K7*O7 -> 0 | W7: =+L7*O7 -> 0 | X7: =+M7*O7 -> 0 | Y7: =+SUM(P7:X7) -> 165895179
A8: 1 | B8: 4 | C8: CABINA EXTRACTORA PARA EL LABORATORIO DE GENÉTICA DE LA REGIONAL BOGOTA | D8: UNIDAD | E8: 1 | F8: 0 | G8: 0 | H8: 0 | I8: 0 | J8: 0 | K8: 0 | L8: 0 | M8: 0 | N8: =+E8+F8 -> 1 | O8: 54100886 | P8: =+E8*O8 -> 54100886 | Q8: =+F8*O8 -> 0 | R8: =+G8*O8 -> 0 | S8: =+H8*O8 -> 0 | T8: =+I8*O8 -> 0 | U8: =+J8*O8 -> 0 | V8: =+K8*O8 -> 0 | W8: =+L8*O8 -> 0 | X8: =+M8*O8 -> 0 | Y8: =+SUM(P8:X8) -> 54100886
A9: 1 | B9: 5 | C9: CABINA DE SEGURIDAD BIOLÓGICA CLASE II TIPO II PARA EL LABORATORIO DE GENÉTICA VILLAVICENCIO | D9: UNIDAD | E9: 0 | F9: 1 | G9: 0 | H9: 0 | I9: 0 | J9: 0 | K9: 0 | L9: 0 | M9: 0 | N9: =+E9+F9 -> 1 | O9: 43091313 | P9: =+E9*O9 -> 0 | Q9: =+F9*O9 -> 43091313 | R9: =+G9*O9 -> 0 | S9: =+H9*O9 -> 0 | T9: =+I9*O9 -> 0 | U9: =+J9*O9 -> 0 | V9: =+K9*O9 -> 0 | W9: =+L9*O9 -> 0 | X9: =+M9*O9 -> 0 | Y9: =+SUM(P9:X9) -> 43091313
B10: TOTAL REGIONALIZADO | P10: =+SUM(P5:P9) -> 474415466 | Q10: =+SUM(Q5:Q9) -> 43091313 | R10: =+SUM(R5:R9) -> 0 | S10: =+SUM(S5:S9) -> 0 | T10: =+SUM(T5:T9) -> 0 | U10: =+SUM(U5:U9) -> 0 | V10: =+SUM(V5:V9) -> 0 | W10: =+SUM(W5:W9) -> 0 | X10: =+SUM(X5:X9) -> 0 | Y10: =SUM(Y5:Y9) -> 517506779
P11: 574752018 | Q11: 53949297 | Y11: 628701315
P12: =+P11-P10-'DATOS REGIONALIZADO lote 7'!AG8 -> 60285956 | Q12: =+Q11-Q10 -> 10857984 | Y12: =+P12+Q12 -> 71143940
C14: info presupuestal | AC14: Suma de valor REG bta | AD14: Suma de valor REG oriente | AE14: total
C15: =+C30 -> código Rubro = A- 2901-0800-14-20111D-2901006-02 Nombre del proyecto = MEJORAMIENTO DE LOS PROCEDIMIENTOS Y DE LA CAPACIDAD DE RESPUESTA EN LOS SERVICIOS DE PATOLOGÍA FORENSE A NIVEL NACIONAL Nombre del Poducto = SERVICIO DE INVESTIGACION PENAL, CRIMINALISTICA Y MEDICINA LEGAL Nombre del Objeto del Gasto = ADQUISICIÓN DE BIENES Y SERVICIOS Actividad Asociada = disponer de equipos, insumos y reactivos a los laboratorios en casos de accidentes de transito | AC15: =+D30 -> 54100886 | AD15: =+E30 -> 0 | AE15: =+AC15+AD15 -> 54100886
C16: =+C31 -> código Rubro = A-2901-0800-16-20113A-2901002-02 Nombre del proyecto = FORTALECIMIENTO DEL INSTITUTO NACIONAL DE MEDICINA LEGAL Y CIENCIAS FORENSES EN ATENCIÓN A LOS RETOS DEL POSCONFLICTO A NIVEL NACIONAL Nombre del Poducto = SERVICIOS DE LABORATORIO FORENSE Nombre del Objeto del Gasto = ADQUISICIÓN DE BIENES Y SERVICIOS Actividad Asociada = contar con enseres, equipos de oficina y equipos para la dotación de los laboratorios forense de antropología | AC16: =+D31 -> 60791847 | AD16: =+E31 -> 0 | AE16: =+AC16+AD16 -> 60791847
C17: =+C32 -> código Rubro = A-2901-0800-16-20113A-2901007-02 Nombre del proyecto = FORTALECIMIENTO DEL INSTITUTO NACIONAL DE MEDICINA LEGAL Y CIENCIAS FORENSES EN ATENCIÓN A LOS RETOS DEL POSCONFLICTO A NIVEL NACIONAL Nombre del Poducto = SERVICIOS DE GENETICA FORENSE Nombre del Objeto del Gasto = ADQUISICIÓN DE BIENES Y SERVICIOS Actividad Asociada = Disponer de reactivos, insumos, equipos y herramientas informaticas para los laboratorios de genética | AC17: =+D32 -> 0 | AD17: =+E32 -> 43091313 | AE17: =+AC17+AD17 -> 43091313
C18: =+C33 -> código Rubro = A-2901-0800-9-20111D-2901002-02 Nombre del proyecto = FORTALECIMIENTO DE LA CAPACIDAD Y CALIDAD CIENTÍFICA DE LOS ENSAYOS REALIZADOS EN LOS LABORATORIOS FORENSES NACIONAL Nombre del Poducto = SERVICIOS DE LABORATORIO FORENSE Nombre del Objeto del Gasto = ADQUISICIÓN DE BIENES Y SERVICIOS Actividad Asociada = disponer de insumos, reactivos y equipos según necesidades de los laboratorios forenses | AC18: =+D33 -> 359522733 | AD18: =+E33 -> 0 | AE18: =+AC18+AD18 -> 359522733
C19: TOTAL | AC19: =SUM(AC15:AC18) -> 474415466 | AD19: =SUM(AD15:AD18) -> 43091313 | AE19: =+SUM(AE15:AE18) -> 517506779 | AF19: =+AE19=AB5 -> TRUE
C22: código Rubro = A- 2901-0800-14-20111D-2901006-02 Nombre del proyecto = MEJORAMIENTO DE LOS PROCEDIMIENTOS Y DE LA CAPACIDAD DE RESPUESTA EN LOS SERVICIOS DE PATOLOGÍA FORENSE A NIVEL NACIONAL Nombre del Poducto = SERVICIO DE INVESTIGACION PENAL, CRIMINALISTICA Y MEDICINA LEGAL Nombre del Objeto del Gasto = ADQUISICIÓN DE BIENES Y SERVICIOS Actividad Asociada = disponer de equipos, insumos y reactivos a los laboratorios en casos de accidentes de transito | AC22: 54100886 | AD22: 0
C23: código Rubro = A-2901-0800-16-20113A-2901002-02 Nombre del proyecto = FORTALECIMIENTO DEL INSTITUTO NACIONAL DE MEDICINA LEGAL Y CIENCIAS FORENSES EN ATENCIÓN A LOS RETOS DEL POSCONFLICTO A NIVEL NACIONAL Nombre del Poducto = SERVICIOS DE LABORATORIO FORENSE Nombre del Objeto del Gasto = ADQUISICIÓN DE BIENES Y SERVICIOS Actividad Asociada = contar con enseres, equipos de oficina y equipos para la dotación de los laboratorios forense de antropología | AC23: 60791847 | AD23: 0
C24: código Rubro = A-2901-0800-16-20113A-2901007-02 Nombre del proyecto = FORTALECIMIENTO DEL INSTITUTO NACIONAL DE MEDICINA LEGAL Y CIENCIAS FORENSES EN ATENCIÓN A LOS RETOS DEL POSCONFLICTO A NIVEL NACIONAL Nombre del Poducto = SERVICIOS DE GENETICA FORENSE Nombre del Objeto del Gasto = ADQUISICIÓN DE BIENES Y SERVICIOS Actividad Asociada = Disponer de reactivos, insumos, equipos y herramientas informaticas para los laboratorios de genética | AC24: 0 | AF24: 43091313
C25: código Rubro = A-2901-0800-9-20111D-2901002-02 Nombre del proyecto = FORTALECIMIENTO DE LA CAPACIDAD Y CALIDAD CIENTÍFICA DE LOS ENSAYOS REALIZADOS EN LOS LABORATORIOS FORENSES NACIONAL Nombre del Poducto = SERVICIOS DE LABORATORIO FORENSE Nombre del Objeto del Gasto = ADQUISICIÓN DE BIENES Y SERVICIOS Actividad Asociada = disponer de insumos, reactivos y equipos según necesidades de los laboratorios forenses | AC25: 359522733 | AF25: 0
AC26: =+SUM(AC22:AC25) -> 474415466
AC27: =+AC19-AC26 -> 0
C28: Etiquetas de fila | D28: Suma de valor REG bta | E28: Suma de valor REG oriente
C29: 1 | D29: 474415466 | E29: 43091313
C30: código Rubro = A- 2901-0800-14-20111D-2901006-02 Nombre del proyecto = MEJORAMIENTO DE LOS PROCEDIMIENTOS Y DE LA CAPACIDAD DE RESPUESTA EN LOS SERVICIOS DE PATOLOGÍA FORENSE A NIVEL NACIONAL Nombre del Poducto = SERVICIO DE INVESTIGACION PENAL, CRIMINALISTICA Y MEDICINA LEGAL Nombre del Objeto del Gasto = ADQUISICIÓN DE BIENES Y SERVICIOS Actividad Asociada = disponer de equipos, insumos y reactivos a los laboratorios en casos de accidentes de transito | D30: 54100886 | E30: 0
C31: código Rubro = A-2901-0800-16-20113A-2901002-02 Nombre del proyecto = FORTALECIMIENTO DEL INSTITUTO NACIONAL DE MEDICINA LEGAL Y CIENCIAS FORENSES EN ATENCIÓN A LOS RETOS DEL POSCONFLICTO A NIVEL NACIONAL Nombre del Poducto = SERVICIOS DE LABORATORIO FORENSE Nombre del Objeto del Gasto = ADQUISICIÓN DE BIENES Y SERVICIOS Actividad Asociada = contar con enseres, equipos de oficina y equipos para la dotación de los laboratorios forense de antropología | D31: 60791847 | E31: 0
C32: código Rubro = A-2901-0800-16-20113A-2901007-02 Nombre del proyecto = FORTALECIMIENTO DEL INSTITUTO NACIONAL DE MEDICINA LEGAL Y CIENCIAS FORENSES EN ATENCIÓN A LOS RETOS DEL POSCONFLICTO A NIVEL NACIONAL Nombre del Poducto = SERVICIOS DE GENETICA FORENSE Nombre del Objeto del Gasto = ADQUISICIÓN DE BIENES Y SERVICIOS Actividad Asociada = Disponer de reactivos, insumos, equipos y herramientas informaticas para los laboratorios de genética | D32: 0 | E32: 43091313
C33: código Rubro = A-2901-0800-9-20111D-2901002-02 Nombre del proyecto = FORTALECIMIENTO DE LA CAPACIDAD Y CALIDAD CIENTÍFICA DE LOS ENSAYOS REALIZADOS EN LOS LABORATORIOS FORENSES NACIONAL Nombre del Poducto = SERVICIOS DE LABORATORIO FORENSE Nombre del Objeto del Gasto = ADQUISICIÓN DE BIENES Y SERVICIOS Actividad Asociada = disponer de insumos, reactivos y equipos según necesidades de los laboratorios forenses | D33: 359522733 | E33: 0
C34: Total general | D34: 474415466 | E34: 43091313

Sheet DATOS REGIONALIZADO LOTE 2
O1: VALOR UNITARIO PROMEDIO (INCLUÍDO IVA) en caso de que aplique o impuestos a que haya lugar | P1: TOTAL REGIONALIZADO
A2: LOTE | B2: # ITEM | C2: DESCRIPCIÓN | D2: PRESENTACIÓN | E2: CANTIDAD REGIONALIZADA | N2: CANTIDAD TOTAL / ESTIMADA | P2: VALOR TOTAL REGIONALIZADO | Y2: VALOR TOTAL | AA2: REGIONALIZADO
AA3: REGIONAL | AB3: VALOR TOTAL
E4: BOGOTÁ | F4: ORIENTE | G4: CENTRAL | H4: SUR | I4: NORTE | J4: OCCIDENTE | K4: NOROCCIDENTE | L4: SUROCCIDENTE | M4: NORORIENTE | P4: =+E4 -> BOGOTÁ | Q4: =+F4 -> ORIENTE | R4: =+G4 -> CENTRAL | S4: =+H4 -> SUR | T4: =+I4 -> NORTE | U4: =+J4 -> OCCIDENTE | V4: =+K4 -> NOROCCIDENTE | W4: =+L4 -> SUROCCIDENTE | X4: =+M4 -> NORORIENTE | AA4: =+P4 -> BOGOTÁ | AB4: =+SUM(P5:P6) -> 161915416
A5: 2 | B5: 6 | C5: MICROSCOPIO ÓPTICO TRINOCULAR | D5: UNIDAD | E5: 0 | F5: 1 | G5: 0 | H5: 0 | I5: 0 | J5: 0 | K5: 0 | L5: 0 | M5: 0 | N5: =+SUM(E5:F5) -> 1 | O5: 46301988 | P5: =+E5*O5 -> 0 | Q5: =+F5*O5 -> 46301988 | R5: =+G5*O5 -> 0 | S5: =+H5*O5 -> 0 | T5: =+I5*O5 -> 0 | U5: =+J5*O5 -> 0 | V5: =+K5*O5 -> 0 | W5: =+L5*O5 -> 0 | X5: =+M5*O5 -> 0 | Y5: =+SUM(P5:X5) -> 46301988 | AA5: =+Q4 -> ORIENTE | AB5: =SUM(Q5:Q6) -> 46301988
A6: 2 | B6: 7 | C6: Estereomicroscopio con camara | D6: UNIDAD | E6: 1 | F6: 0 | G6: 0 | H6: 0 | I6: 0 | J6: 0 | K6: 0 | L6: 0 | M6: 0 | N6: =+SUM(E6:F6) -> 1 | O6: 161915416 | P6: =+E6*O6 -> 161915416 | Q6: =+F6*O6 -> 0 | R6: =+G6*O6 -> 0 | S6: =+H6*O6 -> 0 | T6: =+I6*O6 -> 0 | U6: =+J6*O6 -> 0 | V6: =+K6*O6 -> 0 | W6: =+L6*O6 -> 0 | X6: =+M6*O6 -> 0 | Y6: =+SUM(P6:X6) -> 161915416 | AA6: TOTAL | AB6: =+SUM(AB4:AB5) -> 208217404
B7: TOTAL REGIONALIZADO | P7: =+SUM(P5:P6) -> 161915416 | Q7: =+SUM(Q5:Q6) -> 46301988 | R7: =+SUM(R5:R6) -> 0 | S7: =+SUM(S5:S6) -> 0 | T7: =+SUM(T5:T6) -> 0 | U7: =+SUM(U5:U6) -> 0 | V7: =+SUM(V5:V6) -> 0 | W7: =+SUM(W5:W6) -> 0 | X7: =+SUM(X5:X6) -> 0 | Y7: =SUM(Y5:Y6) -> 208217404
B10: info presupuestal | AB10: Suma de valor REG bta | AC10: Suma de valor REG oriente | AD10: total
B11: código Rubro = A-2901-0800-16-20113A-2901002-02 Nombre del proyecto = FORTALECIMIENTO DEL INSTITUTO NACIONAL DE MEDICINA LEGAL Y CIENCIAS FORENSES EN ATENCIÓN A LOS RETOS DEL POSCONFLICTO A NIVEL NACIONAL Nombre del Poducto = SERVICIOS DE LABORATORIO FORENSE Nombre del Objeto del Gasto = ADQUISICIÓN DE BIENES Y SERVICIOS Actividad Asociada = contar con enseres, equipos de oficina y equipos para la dotación de los laboratorios forense de antropología | AB11: 161915416 | AC11: 0 | AD11: =+AB11+AC11 -> 161915416
B12: código Rubro = B-2901-0800-16-20113A-2901002-02 Nombre del proyecto = FORTALECIMIENTO DEL INSTITUTO NACIONAL DE MEDICINA LEGAL Y CIENCIAS FORENSES EN ATENCIÓN A LOS RETOS DEL POSCONFLICTO A NIVEL NACIONAL Nombre del Poducto = SERVICIOS DE LABORATORIO FORENSE Nombre del Objeto del Gasto = ADQUISICIÓN DE BIENES Y SERVICIOS Actividad Asociada = disponer de insumos, reactivos y equipos según necesidades de los laboratorios forenses | AB12: 0 | AC12: 46301988 | AD12: =+AB12+AC12 -> 46301988
B13: TOTAL | AB13: =SUM(AB11:AB12) -> 161915416 | AC13: =SUM(AC11:AC12) -> 46301988 | AD13: =SUM(AD11:AD12) -> 208217404 | AF13: =+AD13=AB6 -> TRUE
C15: Etiquetas de fila | D15: Suma de valor REG bta | E15: Suma de valor REG oriente
C16: 2 | D16: 161915416 | E16: 46301988
C17: código Rubro = A-2901-0800-16-20113A-2901002-02 Nombre del proyecto = FORTALECIMIENTO DEL INSTITUTO NACIONAL DE MEDICINA LEGAL Y CIENCIAS FORENSES EN ATENCIÓN A LOS RETOS DEL POSCONFLICTO A NIVEL NACIONAL Nombre del Poducto = SERVICIOS DE LABORATORIO FORENSE Nombre del Objeto del Gasto = ADQUISICIÓN DE BIENES Y SERVICIOS Actividad Asociada = contar con enseres, equipos de oficina y equipos para la dotación de los laboratorios forense de antropología | D17: 161915416 | E17: 0
C18: código Rubro = B-2901-0800-16-20113A-2901002-02 Nombre del proyecto = FORTALECIMIENTO DEL INSTITUTO NACIONAL DE MEDICINA LEGAL Y CIENCIAS FORENSES EN ATENCIÓN A LOS RETOS DEL POSCONFLICTO A NIVEL NACIONAL Nombre del Poducto = SERVICIOS DE LABORATORIO FORENSE Nombre del Objeto del Gasto = ADQUISICIÓN DE BIENES Y SERVICIOS Actividad Asociada = disponer de insumos, reactivos y equipos según necesidades de los laboratorios forenses | D18: 0 | E18: 46301988
C19: Total general | D19: 161915416 | E19: 46301988

Sheet CONS ASIGNACION RUBROS (3)
H1: VALOR UNITARIO PROMEDIO (INCLUÍDO IVA) en caso de que aplique o impuestos a que haya lugar | I1: TOTAL REGIONALIZADO | L1: grupo | M1: codigo rubro | N1: valor | O1: pendiente | AB1: REGIONALIZADO | AE1: VALIDACIÓN | AF1: VER/
E2: CANTIDAD REGIONALIZADA | I2: VALOR TOTAL REGIONALIZADO | K2: VALOR TOTAL | AB2: REGIONAL | AC2: VALOR TOTAL | AD2: TOTAL POR LOTE | AE2: VALIDACION | AF2: VER/
AA3: LOTE 1 | AB3: =+I4 -> valor REG bta | AC3: =+SUM(I5:I9) -> 474415466 | AD3: =+SUM(AC3:AC4) -> 517506779 | AF3: =+EXACT(AC3,AE3) -> FALSE
A4: LOTE | B4: # ITEM | C4: DESCRIPCIÓN | D4: PRESENTACIÓN | E4: BOGOTÁ | F4: ORIENTE | G4: CANTIDAD TOTAL / ESTIMADA | H4: valor unitario | I4: valor REG bta | J4: valor REG oriente | K4: VALOR TOTAL | L4: grupo | M4: codigo rubro | N4: valor rubro | O4: valor restante | P4: info presupuestal | Q4: positivos | R4: negativos | AA4: LOTE 1 | AB4: =+J4 -> valor REG oriente | AC4: =SUM(J5:J9) -> 43091313 | AF4: =+EXACT(AC4,AE4) -> FALSE
A5: =+'DATOS REGIONALIZADO LOTE 1'!A5 -> 1 | B5: =+'DATOS REGIONALIZADO LOTE 1'!B5 -> 1 | C5: =+'DATOS REGIONALIZADO LOTE 1'!C5 -> CABINAS EXTRACTORAS PARA LABORATORIO DE ESTUPEFACIENTES DE LA REGIONAL BOGOTA (2) CABINA Y (1) CABINA PARA - PATOLOGIA - LABORATORIO DE HISTOTECNOLOGÍA | D5: =+'DATOS REGIONALIZADO LOTE 1'!D5 -> UNIDAD | E5: =+'DATOS REGIONALIZADO LOTE 1'!E5 -> 3 | F5: =+'DATOS REGIONALIZADO LOTE 1'!F5 -> 0 | G5: =+'DATOS REGIONALIZADO LOTE 1'!N5 -> 3 | H5: =+'DATOS REGIONALIZADO LOTE 1'!O5 -> 64542518 | I5: =+'DATOS REGIONALIZADO LOTE 1'!P5 -> 193627554 | J5: =+'DATOS REGIONALIZADO LOTE 1'!Q5 -> 0 | K5: =+'DATOS REGIONALIZADO LOTE 1'!Y5 -> 193627554 | L5: LABORATORIO | M5: A-2901-0800-9-20111D-2901002-02 | N5: =+VLOOKUP(M5,Hoja3!$B$2:$E$8,4,FALSE) -> 455552981 | O5: =+N5-K5 -> 261925427 | P5: =+VLOOKUP(M5,Hoja3!$B$2:$D$8,3,FALSE) -> código Rubro = A-2901-0800-9-20111D-2901002-02 Nombre del proyecto = FORTALECIMIENTO DE LA CAPACIDAD Y CALIDAD CIENTÍFICA DE LOS ENSAYOS REALIZADOS EN LOS LABORATORIOS FORENSES NACIONAL Nombre del Poducto = SERVICIOS DE LABORATORIO FORENSE Nombre del Objeto del Gasto = ADQUISICIÓN DE BIENES Y SERVICIOS Actividad Asociada = disponer de insumos, reactivos y equipos según necesidades de los laboratorios forenses | Q5: =+K5 -> 193627554 | AA5: LOTE 2 | AB5: BOGOTÁ | AC5: =+'DATOS REGIONALIZADO LOTE 2'!P7 -> 161915416 | AD5: =+Tabla3791025[[#This Row],[VALOR TOTAL]]+AC6 -> 208217404 | AF5: =+EXACT(AC5,AE5) -> FALSE
A6: =+'DATOS REGIONALIZADO LOTE 1'!A6 -> 1 | B6: =+'DATOS REGIONALIZADO LOTE 1'!B6 -> 2 | C6: =+'DATOS REGIONALIZADO LOTE 1'!C6 -> CABINA EXTRACTORA PARA EL GRUPO DE PATOLOGIA FORENSE DE LA REGIONAL BOGOTA | D6: =+'DATOS REGIONALIZADO LOTE 1'!D6 -> UNIDAD | E6: =+'DATOS REGIONALIZADO LOTE 1'!E6 -> 1 | F6: =+'DATOS REGIONALIZADO LOTE 1'!F6 -> 0 | G6: =+'DATOS REGIONALIZADO LOTE 1'!N6 -> 1 | H6: =+'DATOS REGIONALIZADO LOTE 1'!O6 -> 60791847 | I6: =+'DATOS REGIONALIZADO LOTE 1'!P6 -> 60791847 | J6: =+'DATOS REGIONALIZADO LOTE 1'!Q6 -> 0 | K6: =+'DATOS REGIONALIZADO LOTE 1'!Y6 -> 60791847 | L6: PATOLOGIA | M6: A-2901-0800-16-20113A-2901002-02 | N6: =+VLOOKUP(M6,Hoja3!$B$2:$E$8,4,FALSE) -> 465218379 | O6: =+N6-K6 -> 404426532 | P6: =+VLOOKUP(M6,Hoja3!$B$2:$D$8,3,FALSE) -> código Rubro = A-2901-0800-16-20113A-2901002-02 Nombre del proyecto = FORTALECIMIENTO DEL INSTITUTO NACIONAL DE MEDICINA LEGAL Y CIENCIAS FORENSES EN ATENCIÓN A LOS RETOS DEL POSCONFLICTO A NIVEL NACIONAL Nombre del Poducto = SERVICIOS DE LABORATORIO FORENSE Nombre del Objeto del Gasto = ADQUISICIÓN DE BIENES Y SERVICIOS Actividad Asociada = contar con enseres, equipos de oficina y equipos para la dotación de los laboratorios forense de antropología | Q6: =+K6 -> 60791847 | AA6: LOTE 2 | AB6: ORIENTE | AC6: =+'DATOS REGIONALIZADO LOTE 2'!Q7 -> 46301988 | AF6: =+EXACT(AC6,AE6) -> FALSE
A7: =+'DATOS REGIONALIZADO LOTE 1'!A7 -> 1 | B7: =+'DATOS REGIONALIZADO LOTE 1'!B7 -> 3 | C7: =+'DATOS REGIONALIZADO LOTE 1'!C7 -> CABINAS EXTRACTORAS PARA EL LABORATORIO DE EVIDENCIA TRAZA DE LA REGIONAL BOGOTA | D7: =+'DATOS REGIONALIZADO LOTE 1'!D7 -> UNIDAD | E7: =+'DATOS REGIONALIZADO LOTE 1'!E7 -> 3 | F7: =+'DATOS REGIONALIZADO LOTE 1'!F7 -> 0 | G7: =+'DATOS REGIONALIZADO LOTE 1'!N7 -> 3 | H7: =+'DATOS REGIONALIZADO LOTE 1'!O7 -> 55298393 | I7: =+'DATOS REGIONALIZADO LOTE 1'!P7 -> 165895179 | J7: =+'DATOS REGIONALIZADO LOTE 1'!Q7 -> 0 | K7: =+'DATOS REGIONALIZADO LOTE 1'!Y7 -> 165895179 | L7: LABORATORIO | M7: A-2901-0800-9-20111D-2901002-02 | N7: =+O5 -> 261925427 | O7: =+N7-K7 -> 96030248 | P7: =+VLOOKUP(M7,Hoja3!$B$2:$D$8,3,FALSE) -> código Rubro = A-2901-0800-9-20111D-2901002-02 Nombre del proyecto = FORTALECIMIENTO DE LA CAPACIDAD Y CALIDAD CIENTÍFICA DE LOS ENSAYOS REALIZADOS EN LOS LABORATORIOS FORENSES NACIONAL Nombre del Poducto = SERVICIOS DE LABORATORIO FORENSE Nombre del Objeto del Gasto = ADQUISICIÓN DE BIENES Y SERVICIOS Actividad Asociada = disponer de insumos, reactivos y equipos según necesidades de los laboratorios forenses | Q7: =+K7 -> 165895179 | AA7: LOTE 3 | AB7: BOGOTÁ | AC7: =+Tabla34[[#This Row],[VALOR TOTAL]] -> 668421095 | AD7: =+Tabla3791025[[#This Row],[VALOR TOTAL]]+AC8 -> 668421095 | AF7: =+EXACT(AC7,AE7) -> FALSE
A8: =+'DATOS REGIONALIZADO LOTE 1'!A8 -> 1 | B8: =+'DATOS REGIONALIZADO LOTE 1'!B8 -> 4 | C8: =+'DATOS REGIONALIZADO LOTE 1'!C8 -> CABINA EXTRACTORA PARA EL LABORATORIO DE GENÉTICA DE LA REGIONAL BOGOTA | D8: =+'DATOS REGIONALIZADO LOTE 1'!D8 -> UNIDAD | E8: =+'DATOS REGIONALIZADO LOTE 1'!E8 -> 1 | F8: =+'DATOS REGIONALIZADO LOTE 1'!F8 -> 0 | G8: =+'DATOS REGIONALIZADO LOTE 1'!N8 -> 1 | H8: =+'DATOS REGIONALIZADO LOTE 1'!O8 -> 54100886 | I8: =+'DATOS REGIONALIZADO LOTE 1'!P8 -> 54100886 | J8: =+'DATOS REGIONALIZADO LOTE 1'!Q8 -> 0 | K8: =+'DATOS REGIONALIZADO LOTE 1'!Y8 -> 54100886 | L8: GENÉTICA | M8: A- 2901-0800-14-20111D-2901006-02 | N8: =+VLOOKUP(M8,Hoja3!$B$2:$E$8,4,FALSE) -> 100920000 | O8: =+N8-K8 -> 46819114 | P8: =+VLOOKUP(M8,Hoja3!$B$2:$D$8,3,FALSE) -> código Rubro = A- 2901-0800-14-20111D-2901006-02 Nombre del proyecto = MEJORAMIENTO DE LOS PROCEDIMIENTOS Y DE LA CAPACIDAD DE RESPUESTA EN LOS SERVICIOS DE PATOLOGÍA FORENSE A NIVEL NACIONAL Nombre del Poducto = SERVICIO DE INVESTIGACION PENAL, CRIMINALISTICA Y MEDICINA LEGAL Nombre del Objeto del Gasto = ADQUISICIÓN DE BIENES Y SERVICIOS Actividad Asociada = disponer de equipos, insumos y reactivos a los laboratorios en casos de accidentes de transito | Q8: =+K8 -> 54100886 | AA8: LOTE 3 | AB8: ORIENTE | AC8: =+Tabla34[[#This Row],[VALOR TOTAL]] -> 0 | AF8: =+EXACT(AC8,AE8) -> FALSE
A9: =+'DATOS REGIONALIZADO LOTE 1'!A9 -> 1 | B9: =+'DATOS REGIONALIZADO LOTE 1'!B9 -> 5 | C9: =+'DATOS REGIONALIZADO LOTE 1'!C9 -> CABINA DE SEGURIDAD BIOLÓGICA CLASE II TIPO II PARA EL LABORATORIO DE GENÉTICA VILLAVICENCIO | D9: =+'DATOS REGIONALIZADO LOTE 1'!D9 -> UNIDAD | E9: =+'DATOS REGIONALIZADO LOTE 1'!E9 -> 0 | F9: =+'DATOS REGIONALIZADO LOTE 1'!F9 -> 1 | G9: =+'DATOS REGIONALIZADO LOTE 1'!N9 -> 1 | H9: =+'DATOS REGIONALIZADO LOTE 1'!O9 -> 43091313 | I9: =+'DATOS REGIONALIZADO LOTE 1'!P9 -> 0 | J9: =+'DATOS REGIONALIZADO LOTE 1'!Q9 -> 43091313 | K9: =+'DATOS REGIONALIZADO LOTE 1'!Y9 -> 43091313 | L9: GENÉTICA | M9: A-2901-0800-16-20113A-2901007-02 | N9: =+VLOOKUP(M9,Hoja3!$B$2:$E$8,4,FALSE) -> 300000000 | O9: =+N9-K9 -> 256908687 | P9: =+VLOOKUP(M9,Hoja3!$B$2:$D$8,3,FALSE) -> código Rubro = A-2901-0800-16-20113A-2901007-02 Nombre del proyecto = FORTALECIMIENTO DEL INSTITUTO NACIONAL DE MEDICINA LEGAL Y CIENCIAS FORENSES EN ATENCIÓN A LOS RETOS DEL POSCONFLICTO A NIVEL NACIONAL Nombre del Poducto = SERVICIOS DE GENETICA FORENSE Nombre del Objeto del Gasto = ADQUISICIÓN DE BIENES Y SERVICIOS Actividad Asociada = Disponer de reactivos, insumos, equipos y herramientas informaticas para los laboratorios de genética | Q9: =+J9 -> 43091313 | AA9: LOTE 4 | AB9: BOGOTÁ | AC9: =+'DATOS REGIONALIZADO LOTE 4 tota'!AB7 -> 328507571 | AD9: =+Tabla3791025[[#This Row],[VALOR TOTAL]]+AC10 -> 548261931 | AF9: =+EXACT(AC9,AE9) -> FALSE
A10: =+'DATOS REGIONALIZADO LOTE 2'!A5 -> 2 | B10: =+'DATOS REGIONALIZADO LOTE 2'!B5 -> 6 | C10: =+'DATOS REGIONALIZADO LOTE 2'!C5 -> MICROSCOPIO ÓPTICO TRINOCULAR | D10: =+'DATOS REGIONALIZADO LOTE 2'!D5 -> UNIDAD | E10: =+'DATOS REGIONALIZADO LOTE 2'!E5 -> 0 | F10: =+'DATOS REGIONALIZADO LOTE 2'!F5 -> 1 | G10: =+'DATOS REGIONALIZADO LOTE 2'!N5 -> 1 | H10: =+'DATOS REGIONALIZADO LOTE 2'!O5 -> 46301988 | I10: =+'DATOS REGIONALIZADO LOTE 2'!P5 -> 0 | J10: =+'DATOS REGIONALIZADO LOTE 2'!Q5 -> 46301988 | K10: =+'DATOS REGIONALIZADO LOTE 2'!Y5 -> 46301988 | L10: LABORATORIO | M10: B-2901-0800-16-20113A-2901002-02 | N10: =+VLOOKUP(M10,Hoja3!$B$2:$E$8,4,FALSE) -> 98308640 | O10: =+N10-K10 -> 52006652 | P10: =+VLOOKUP(M10,Hoja3!$B$2:$D$8,3,FALSE) -> código Rubro = B-2901-0800-16-20113A-2901002-02 Nombre del proyecto = FORTALECIMIENTO DEL INSTITUTO NACIONAL DE MEDICINA LEGAL Y CIENCIAS FORENSES EN ATENCIÓN A LOS RETOS DEL POSCONFLICTO A NIVEL NACIONAL Nombre del Poducto = SERVICIOS DE LABORATORIO FORENSE Nombre del Objeto del Gasto = ADQUISICIÓN DE BIENES Y SERVICIOS Actividad Asociada = disponer de insumos, reactivos y equipos según necesidades de los laboratorios forenses | Q10: =+K10 -> 46301988 | AA10: LOTE 4 | AB10: ORIENTE | AC10: =+'DATOS REGIONALIZADO LOTE 4 tota'!AB8 -> 219754360 | AF10: =+EXACT(AC10,AE10) -> FALSE
A11: =+'DATOS REGIONALIZADO LOTE 2'!A6 -> 2 | B11: =+'DATOS REGIONALIZADO LOTE 2'!B6 -> 7 | C11: =+'DATOS REGIONALIZADO LOTE 2'!C6 -> Estereomicroscopio con camara | D11: =+'DATOS REGIONALIZADO LOTE 2'!D6 -> UNIDAD | E11: =+'DATOS REGIONALIZADO LOTE 2'!E6 -> 1 | F11: =+'DATOS REGIONALIZADO LOTE 2'!F6 -> 0 | G11: =+'DATOS REGIONALIZADO LOTE 2'!N6 -> 1 | H11: =+'DATOS REGIONALIZADO LOTE 2'!O6 -> 161915416 | I11: =+'DATOS REGIONALIZADO LOTE 2'!P6 -> 161915416 | J11: =+'DATOS REGIONALIZADO LOTE 2'!Q6 -> 0 | K11: =+'DATOS REGIONALIZADO LOTE 2'!Y6 -> 161915416 | L11: PATOLOGIA | M11: A-2901-0800-16-20113A-2901002-02 | N11: =+O6 -> 404426532 | O11: =+N11-K11 -> 242511116 | P11: =+VLOOKUP(M11,Hoja3!$B$2:$D$8,3,FALSE) -> código Rubro = A-2901-0800-16-20113A-2901002-02 Nombre del proyecto = FORTALECIMIENTO DEL INSTITUTO NACIONAL DE MEDICINA LEGAL Y CIENCIAS FORENSES EN ATENCIÓN A LOS RETOS DEL POSCONFLICTO A NIVEL NACIONAL Nombre del Poducto = SERVICIOS DE LABORATORIO FORENSE Nombre del Objeto del Gasto = ADQUISICIÓN DE BIENES Y SERVICIOS Actividad Asociada = contar con enseres, equipos de oficina y equipos para la dotación de los laboratorios forense de antropología | Q11: =+K11 -> 161915416 | AA11: LOTE 5 | AB11: BOGOTÁ | AC11: =+Tabla36[[#This Row],[VALOR TOTAL]] -> #VALUE! | AD11: =+Tabla3791025[[#This Row],[VALOR TOTAL]]+AC12 -> #VALUE! | AF11: =+EXACT(AC11,AE11) -> #VALUE!
A12: =+'DATOS REGIONALIZADO LOTE 3'!A5 -> 3 | B12: =+'DATOS REGIONALIZADO LOTE 3'!B5 -> 8 | C12: =+'DATOS REGIONALIZADO LOTE 3'!C5 -> Baño De Flotación | D12: =+'DATOS REGIONALIZADO LOTE 3'!D5 -> UNIDAD | E12: =+'DATOS REGIONALIZADO LOTE 3'!E5 -> 1 | F12: =+'DATOS REGIONALIZADO LOTE 3'!F5 -> 0 | G12: =+'DATOS REGIONALIZADO LOTE 3'!N5 -> 1 | H12: =+'DATOS REGIONALIZADO LOTE 3'!O5 -> 7329714 | I12: =+'DATOS REGIONALIZADO LOTE 3'!P5 -> 7329714 | J12: =+'DATOS REGIONALIZADO LOTE 3'!Q5 -> 0 | K12: =+'DATOS REGIONALIZADO LOTE 3'!Y5 -> 7329714 | L12: PATOLOGIA | M12: C-2901-0800-14-20111D-2901006-02 | N12: =+VLOOKUP(M12,Hoja3!$B$2:$E$8,4,FALSE) -> #N/A | O12: =+N12-K12 -> #N/A | P12: =+VLOOKUP(M12,Hoja3!$B$2:$D$8,3,FALSE) -> #N/A | Q12: =+K12 -> 7329714 | AA12: LOTE 5 | AB12: ORIENTE | AC12: =+Tabla36[[#This Row],[VALOR TOTAL]] -> #VALUE! | AF12: =+EXACT(AC12,AE12) -> #VALUE!
A13: =+'DATOS REGIONALIZADO LOTE 3'!A6 -> 3 | B13: =+'DATOS REGIONALIZADO LOTE 3'!B6 -> 9 | C13: =+'DATOS REGIONALIZADO LOTE 3'!C6 -> Central De Inclusión | D13: =+'DATOS REGIONALIZADO LOTE 3'!D6 -> UNIDAD | E13: =+'DATOS REGIONALIZADO LOTE 3'!E6 -> 1 | F13: =+'DATOS REGIONALIZADO LOTE 3'!F6 -> 0 | G13: =+'DATOS REGIONALIZADO LOTE 3'!N6 -> 1 | H13: =+'DATOS REGIONALIZADO LOTE 3'!O6 -> 101320276 | I13: =+'DATOS REGIONALIZADO LOTE 3'!P6 -> 101320276 | J13: =+'DATOS REGIONALIZADO LOTE 3'!Q6 -> 0 | K13: =+'DATOS REGIONALIZADO LOTE 3'!Y6 -> 101320276 | L13: PATOLOGIA | M13: A-2901-0800-16-20113A-2901002-02 | N13: =+O11 -> 242511116 | O13: =+N13-K13 -> 141190840 | P13: =+VLOOKUP(M13,Hoja3!$B$2:$D$8,3,FALSE) -> código Rubro = A-2901-0800-16-20113A-2901002-02 Nombre del proyecto = FORTALECIMIENTO DEL INSTITUTO NACIONAL DE MEDICINA LEGAL Y CIENCIAS FORENSES EN ATENCIÓN A LOS RETOS DEL POSCONFLICTO A NIVEL NACIONAL Nombre del Poducto = SERVICIOS DE LABORATORIO FORENSE Nombre del Objeto del Gasto = ADQUISICIÓN DE BIENES Y SERVICIOS Actividad Asociada = contar con enseres, equipos de oficina y equipos para la dotación de los laboratorios forense de antropología | Q13: =+K13 -> 101320276 | AB13: TOTAL | AC13: =+SUM(AC3:AC12) -> #VALUE! | AD13: =+SUM(AD3:AD12) -> #VALUE! | AE13: =+K34 -> 2646466360 | AF13: =+EXACT(AC13,AE13) -> #VALUE!
A14: =+'DATOS REGIONALIZADO LOTE 3'!A7 -> 3 | B14: =+'DATOS REGIONALIZADO LOTE 3'!B7 -> 10 | C14: =+'DATOS REGIONALIZADO LOTE 3'!C7 -> Criostato | D14: =+'DATOS REGIONALIZADO LOTE 3'!D7 -> UNIDAD | E14: =+'DATOS REGIONALIZADO LOTE 3'!E7 -> 1 | F14: =+'DATOS REGIONALIZADO LOTE 3'!F7 -> 0 | G14: =+'DATOS REGIONALIZADO LOTE 3'!N7 -> 1 | H14: =+'DATOS REGIONALIZADO LOTE 3'!O7 -> 179604981 | I14: =+'DATOS REGIONALIZADO LOTE 3'!P7 -> 179604981 | J14: =+'DATOS REGIONALIZADO LOTE 3'!Q7 -> 0 | K14: =+'DATOS REGIONALIZADO LOTE 3'!Y7 -> 179604981 | L14: PATOLOGIA | M14: C-2901-0800-14-20111D-2901006-02 | N14: =+O12 -> #N/A | O14: =+N14-K14 -> #N/A | P14: =+VLOOKUP(M14,Hoja3!$B$2:$D$8,3,FALSE) -> #N/A | Q14: =+K14 -> 179604981
A15: =+'DATOS REGIONALIZADO LOTE 3'!A8 -> 3 | B15: =+'DATOS REGIONALIZADO LOTE 3'!B8 -> 11 | C15: =+'DATOS REGIONALIZADO LOTE 3'!C8 -> Micrótomo Motorizado | D15: =+'DATOS REGIONALIZADO LOTE 3'!D8 -> UNIDAD | E15: =+'DATOS REGIONALIZADO LOTE 3'!E8 -> 1 | F15: =+'DATOS REGIONALIZADO LOTE 3'!F8 -> 0 | G15: =+'DATOS REGIONALIZADO LOTE 3'!N8 -> 1 | H15: =+'DATOS REGIONALIZADO LOTE 3'!O8 -> 133386702 | I15: =+'DATOS REGIONALIZADO LOTE 3'!P8 -> 133386702 | J15: =+'DATOS REGIONALIZADO LOTE 3'!Q8 -> 0 | K15: =+'DATOS REGIONALIZADO LOTE 3'!Y8 -> 133386702 | L15: PATOLOGIA | M15: B-2901-0800-14-20111D-2901006-02 | N15: =+K15 -> 133386702 | O15: =+N15-K15 -> 0 | P15: =+VLOOKUP(M15,Hoja3!$B$2:$D$8,3,FALSE) -> código Rubro = B-2901-0800-14-20111D-2901006-02 Nombre del proyecto = MEJORAMIENTO DE LOS PROCEDIMIENTOS Y DE LA CAPACIDAD DE RESPUESTA EN LOS SERVICIOS DE PATOLOGÍA FORENSE A NIVEL NACIONAL Nombre del Poducto = SERVICIO DE INVESTIGACION PENAL, CRIMINALISTICA Y MEDICINA LEGAL Nombre del Objeto del Gasto = ADQUISICIÓN DE BIENES Y SERVICIOS Actividad Asociada = disponer con bienes y servicios según los requisitos de la NTC ISO/IEC 17025 en casos de accidentes de transito | Q15: =+I15+O15 -> 133386702 | R15: =+O15 -> 0
A16: =+'DATOS REGIONALIZADO LOTE 3'!A9 -> 3 | B16: =+'DATOS REGIONALIZADO LOTE 3'!B9 -> 12 | C16: =+'DATOS REGIONALIZADO LOTE 3'!C9 -> Procesador de Tejidos automatico cerrado | D16: =+'DATOS REGIONALIZADO LOTE 3'!D9 -> UNIDAD | E16: =+'DATOS REGIONALIZADO LOTE 3'!E9 -> 1 | F16: =+'DATOS REGIONALIZADO LOTE 3'!F9 -> 0 | G16: =+'DATOS REGIONALIZADO LOTE 3'!N9 -> 1 | H16: 113065305 | I16: =+H16 -> 113065305 | J16: =+'DATOS REGIONALIZADO LOTE 3'!Q9 -> 0 | K16: =+I16 -> 113065305 | L16: PATOLOGIA | M16: C-2901-0800-14-20111D-2901006-02 | N16: =+O14 -> #N/A | P16: =+VLOOKUP(M16,Hoja3!$B$2:$D$8,3,FALSE) -> #N/A | Q16: =+N16 -> #N/A
A17: 3 | B17: 12 | C17: Procesador de Tejidos | D17: uni | E17: 1 | F17: 0 | G17: 1 | H17: 133714117 | I17: =+H17*E17 -> 133714117 | K17: =+I17 -> 133714117 | L17: PATOLOGIA | M17: A-2901-0800-16-20113A-2901002-02 | N17: =+K17 -> 133714117 | O17: =+N17-I17 -> 0 | P17: =+VLOOKUP(M17,Hoja3!$B$2:$D$8,3,FALSE) -> código Rubro = A-2901-0800-16-20113A-2901002-02 Nombre del proyecto = FORTALECIMIENTO DEL INSTITUTO NACIONAL DE MEDICINA LEGAL Y CIENCIAS FORENSES EN ATENCIÓN A LOS RETOS DEL POSCONFLICTO A NIVEL NACIONAL Nombre del Poducto = SERVICIOS DE LABORATORIO FORENSE Nombre del Objeto del Gasto = ADQUISICIÓN DE BIENES Y SERVICIOS Actividad Asociada = contar con enseres, equipos de oficina y equipos para la dotación de los laboratorios forense de antropología | Q17: =+N17 -> 133714117 | R17: =+O17 -> 0 | S17: =+Q17-R17 -> 133714117
A18: =+'DATOS REGIONALIZADO LOTE 4 tota'!A5 -> 4 | B18: =+'DATOS REGIONALIZADO LOTE 4 tota'!B5 -> 13 | C18: =+'DATOS REGIONALIZADO LOTE 4 tota'!C5 -> Baño ultrasónico para uso en laboratorio | D18: =+'DATOS REGIONALIZADO LOTE 4 tota'!D5 -> UNIDAD | E18: =+'DATOS REGIONALIZADO LOTE 4 tota'!E5 -> 2 | F18: =+'DATOS REGIONALIZADO LOTE 4 tota'!F5 -> 0 | G18: =+'DATOS REGIONALIZADO LOTE 4 tota'!N5 -> 2 | H18: =+'DATOS REGIONALIZADO LOTE 4 tota'!O5 -> 7182643 | I18: =+'DATOS REGIONALIZADO LOTE 4 tota'!P5 -> 14365286 | J18: =+'DATOS REGIONALIZADO LOTE 4 tota'!Q5 -> 0 | K18: =+'DATOS REGIONALIZADO LOTE 4 tota'!Y5 -> 14365286 | L18: LABORATORIO | M18: A- 2901-0800-14-20111D-2901006-02 | N18: =+K18 -> 14365286 | O18: =+N18-K18 -> 0 | P18: =+VLOOKUP(M18,Hoja3!$B$2:$D$8,3,FALSE) -> código Rubro = A- 2901-0800-14-20111D-2901006-02 Nombre del proyecto = MEJORAMIENTO DE LOS PROCEDIMIENTOS Y DE LA CAPACIDAD DE RESPUESTA EN LOS SERVICIOS DE PATOLOGÍA FORENSE A NIVEL NACIONAL Nombre del Poducto = SERVICIO DE INVESTIGACION PENAL, CRIMINALISTICA Y MEDICINA LEGAL Nombre del Objeto del Gasto = ADQUISICIÓN DE BIENES Y SERVICIOS Actividad Asociada = disponer de equipos, insumos y reactivos a los laboratorios en casos de accidentes de transito | Q18: =+N18 -> 14365286 | R18: =+O18 -> 0 | AB18: PATOLOGIA
A19: =+'DATOS REGIONALIZADO LOTE 4 tota'!A6 -> 4 | B19: =+'DATOS REGIONALIZADO LOTE 4 tota'!B6 -> 14 | C19: =+'DATOS REGIONALIZADO LOTE 4 tota'!C6 -> Agitador tipo vórtex para tubos | D19: =+'DATOS REGIONALIZADO LOTE 4 tota'!D6 -> UNIDAD | E19: =+'DATOS REGIONALIZADO LOTE 4 tota'!E6 -> 0 | F19: =+'DATOS REGIONALIZADO LOTE 4 tota'!F6 -> 2 | G19: =+'DATOS REGIONALIZADO LOTE 4 tota'!N6 -> 2 | H19: =+'DATOS REGIONALIZADO LOTE 4 tota'!O6 -> 2603490 | I19: =+'DATOS REGIONALIZADO LOTE 4 tota'!P6 -> 0 | J19: =+'DATOS REGIONALIZADO LOTE 4 tota'!Q6 -> 5206980 | K19: =+'DATOS REGIONALIZADO LOTE 4 tota'!Y6 -> 5206980 | L19: LABORATORIO | M19: B-2901-0800-16-20113A-2901002-02 | N19: =+O10 -> 52006652 | O19: =+N19-K19 -> 46799672 | P19: =+VLOOKUP(M19,Hoja3!$B$2:$D$8,3,FALSE) -> código Rubro = B-2901-0800-16-20113A-2901002-02 Nombre del proyecto = FORTALECIMIENTO DEL INSTITUTO NACIONAL DE MEDICINA LEGAL Y CIENCIAS FORENSES EN ATENCIÓN A LOS RETOS DEL POSCONFLICTO A NIVEL NACIONAL Nombre del Poducto = SERVICIOS DE LABORATORIO FORENSE Nombre del Objeto del Gasto = ADQUISICIÓN DE BIENES Y SERVICIOS Actividad Asociada = disponer de insumos, reactivos y equipos según necesidades de los laboratorios forenses | Q19: =+K19 -> 5206980 | AB19: LABORATORIOS
A20: =+'DATOS REGIONALIZADO LOTE 4 tota'!A7 -> 8 | B20: =+'DATOS REGIONALIZADO LOTE 4 tota'!B7 -> 23 | C20: =+'DATOS REGIONALIZADO LOTE 4 tota'!C7 -> Homogenizador de tejidos, vertical con vástago: | D20: =+'DATOS REGIONALIZADO LOTE 4 tota'!D7 -> UNIDAD | E20: =+'DATOS REGIONALIZADO LOTE 4 tota'!E7 -> 1 | F20: =+'DATOS REGIONALIZADO LOTE 4 tota'!F7 -> 0 | G20: =+'DATOS REGIONALIZADO LOTE 4 tota'!N7 -> 1 | H20: =+'DATOS REGIONALIZADO LOTE 4 tota'!O7 -> 19454635 | I20: =+'DATOS REGIONALIZADO LOTE 4 tota'!P7 -> 19454635 | J20: =+'DATOS REGIONALIZADO LOTE 4 tota'!Q7 -> 0 | K20: =+'DATOS REGIONALIZADO LOTE 4 tota'!Y7 -> 19454635 | L20: GENÉTICA | M20: A-2901-0800-16-20113A-2901007-02 | N20: =+O9 -> 256908687 | O20: =+N20-K20 -> 237454052 | P20: =+VLOOKUP(M20,Hoja3!$B$2:$D$8,3,FALSE) -> código Rubro = A-2901-0800-16-20113A-2901007-02 Nombre del proyecto = FORTALECIMIENTO DEL INSTITUTO NACIONAL DE MEDICINA LEGAL Y CIENCIAS FORENSES EN ATENCIÓN A LOS RETOS DEL POSCONFLICTO A NIVEL NACIONAL Nombre del Poducto = SERVICIOS DE GENETICA FORENSE Nombre del Objeto del Gasto = ADQUISICIÓN DE BIENES Y SERVICIOS Actividad Asociada = Disponer de reactivos, insumos, equipos y herramientas informaticas para los laboratorios de genética | Q20: =+I20 -> 19454635 | AB20: GENÉTICA
A21: =+'DATOS REGIONALIZADO LOTE 4 tota'!A8 -> 8 | B21: =+'DATOS REGIONALIZADO LOTE 4 tota'!B8 -> 24 | C21: =+'DATOS REGIONALIZADO LOTE 4 tota'!C8 -> Vórtex multiprobeta / multitubo: | D21: =+'DATOS REGIONALIZADO LOTE 4 tota'!D8 -> UNIDAD | E21: =+'DATOS REGIONALIZADO LOTE 4 tota'!E8 -> 3 | F21: =+'DATOS REGIONALIZADO LOTE 4 tota'!F8 -> 0 | G21: =+'DATOS REGIONALIZADO LOTE 4 tota'!N8 -> 3 | H21: =+'DATOS REGIONALIZADO LOTE 4 tota'!O8 -> 24247119 | I21: =+'DATOS REGIONALIZADO LOTE 4 tota'!P8 -> 72741357 | J21: =+'DATOS REGIONALIZADO LOTE 4 tota'!Q8 -> 0 | K21: =+'DATOS REGIONALIZADO LOTE 4 tota'!Y8 -> 72741357 | L21: LABORATORIO | M21: B-2901-0800-16-20113A-2901002-02 | N21: =+K21 -> 72741357 | O21: =+N21-K21 -> 0 | P21: =+VLOOKUP(M21,Hoja3!$B$2:$D$8,3,FALSE) -> código Rubro = B-2901-0800-16-20113A-2901002-02 Nombre del proyecto = FORTALECIMIENTO DEL INSTITUTO NACIONAL DE MEDICINA LEGAL Y CIENCIAS FORENSES EN ATENCIÓN A LOS RETOS DEL POSCONFLICTO A NIVEL NACIONAL Nombre del Poducto = SERVICIOS DE LABORATORIO FORENSE Nombre del Objeto del Gasto = ADQUISICIÓN DE BIENES Y SERVICIOS Actividad Asociada = disponer de insumos, reactivos y equipos según necesidades de los laboratorios forenses | Q21: =+N21 -> 72741357 | R21: =+O21 -> 0
A22: =+'DATOS REGIONALIZADO LOTE 4 tota'!A9 -> 9 | B22: =+'DATOS REGIONALIZADO LOTE 4 tota'!B9 -> 25 | C22: =+'DATOS REGIONALIZADO LOTE 4 tota'!C9 -> Esterilizador o autocleve horizontal y/o sobremesa: | D22: =+'DATOS REGIONALIZADO LOTE 4 tota'!D9 -> UNIDAD | E22: =+'DATOS REGIONALIZADO LOTE 4 tota'!E9 -> 1 | F22: =+'DATOS REGIONALIZADO LOTE 4 tota'!F9 -> 0 | G22: =+'DATOS REGIONALIZADO LOTE 4 tota'!N9 -> 1 | H22: =+'DATOS REGIONALIZADO LOTE 4 tota'!O9 -> 29155000 | I22: =+'DATOS REGIONALIZADO LOTE 4 tota'!P9 -> 29155000 | J22: =+'DATOS REGIONALIZADO LOTE 4 tota'!Q9 -> 0 | K22: =+'DATOS REGIONALIZADO LOTE 4 tota'!Y9 -> 29155000 | L22: LABORATORIO | M22: B-2901-0800-16-20113A-2901002-02 | N22: =+K22 -> 29155000 | O22: =+N22-K22 -> 0 | P22: =+VLOOKUP(M22,Hoja3!$B$2:$D$8,3,FALSE) -> código Rubro = B-2901-0800-16-20113A-2901002-02 Nombre del proyecto = FORTALECIMIENTO DEL INSTITUTO NACIONAL DE MEDICINA LEGAL Y CIENCIAS FORENSES EN ATENCIÓN A LOS RETOS DEL POSCONFLICTO A NIVEL NACIONAL Nombre del Poducto = SERVICIOS DE LABORATORIO FORENSE Nombre del Objeto del Gasto = ADQUISICIÓN DE BIENES Y SERVICIOS Actividad Asociada = disponer de insumos, reactivos y equipos según necesidades de los laboratorios forenses | Q22: =+N22 -> 29155000 | R22: =+O22 -> 0
A23: =+'DATOS REGIONALIZADO LOTE 4 tota'!A10 -> 10 | B23: =+'DATOS REGIONALIZADO LOTE 4 tota'!B10 -> 26 | C23: =+'DATOS REGIONALIZADO LOTE 4 tota'!C10 -> Evaporador concentrador de muestras con centrifuga (rapidvap) | D23: =+'DATOS REGIONALIZADO LOTE 4 tota'!D10 -> UNIDAD | E23: =+'DATOS REGIONALIZADO LOTE 4 tota'!E10 -> 1 | F23: =+'DATOS REGIONALIZADO LOTE 4 tota'!F10 -> 0 | G23: =+'DATOS REGIONALIZADO LOTE 4 tota'!N10 -> 1 | H23: =+'DATOS REGIONALIZADO LOTE 4 tota'!O10 -> 192791293 | I23: =+'DATOS REGIONALIZADO LOTE 4 tota'!P10 -> 192791293 | J23: =+'DATOS REGIONALIZADO LOTE 4 tota'!Q10 -> 0 | K23: =+'DATOS REGIONALIZADO LOTE 4 tota'!Y10 -> 192791293 | L23: LABORATORIO | M23: B-2901-0800-16-20113A-2901002-02 | N23: =+K23 -> 192791293 | O23: =+N23-K23 -> 0 | P23: =+VLOOKUP(M23,Hoja3!$B$2:$D$8,3,FALSE) -> código Rubro = B-2901-0800-16-20113A-2901002-02 Nombre del proyecto = FORTALECIMIENTO DEL INSTITUTO NACIONAL DE MEDICINA LEGAL Y CIENCIAS FORENSES EN ATENCIÓN A LOS RETOS DEL POSCONFLICTO A NIVEL NACIONAL Nombre del Poducto = SERVICIOS DE LABORATORIO FORENSE Nombre del Objeto del Gasto = ADQUISICIÓN DE BIENES Y SERVICIOS Actividad Asociada = disponer de insumos, reactivos y equipos según necesidades de los laboratorios forenses | R23: =+O23 -> 0
A24: =+'DATOS REGIONALIZADO LOTE 4 tota'!A11 -> 11 | B24: =+'DATOS REGIONALIZADO LOTE 4 tota'!B11 -> 27 | C24: =+'DATOS REGIONALIZADO LOTE 4 tota'!C11 -> Evaporador concentrador de muestras (rapidvap) | D24: =+'DATOS REGIONALIZADO LOTE 4 tota'!D11 -> UNIDAD | E24: =+'DATOS REGIONALIZADO LOTE 4 tota'!E11 -> 0 | F24: =+'DATOS REGIONALIZADO LOTE 4 tota'!F11 -> 1 | G24: =+'DATOS REGIONALIZADO LOTE 4 tota'!N11 -> 1 | H24: =+'DATOS REGIONALIZADO LOTE 4 tota'!O11 -> 136873800 | I24: =+'DATOS REGIONALIZADO LOTE 4 tota'!P11 -> 0 | J24: =+'DATOS REGIONALIZADO LOTE 4 tota'!Q11 -> 136873800 | K24: =+'DATOS REGIONALIZADO LOTE 4 tota'!Y11 -> 136873800 | L24: LABORATORIO | M24: B-2901-0800-16-20113A-2901002-02 | N24: =+K24 -> 136873800 | O24: =+N24-K24 -> 0 | P24: =+VLOOKUP(M24,Hoja3!$B$2:$D$8,3,FALSE) -> código Rubro = B-2901-0800-16-20113A-2901002-02 Nombre del proyecto = FORTALECIMIENTO DEL INSTITUTO NACIONAL DE MEDICINA LEGAL Y CIENCIAS FORENSES EN ATENCIÓN A LOS RETOS DEL POSCONFLICTO A NIVEL NACIONAL Nombre del Poducto = SERVICIOS DE LABORATORIO FORENSE Nombre del Objeto del Gasto = ADQUISICIÓN DE BIENES Y SERVICIOS Actividad Asociada = disponer de insumos, reactivos y equipos según necesidades de los laboratorios forenses | R24: =+O24 -> 0
A25: =+'DATOS REGIONALIZADO LOTE 4 tota'!A12 -> 12 | B25: =+'DATOS REGIONALIZADO LOTE 4 tota'!B12 -> 28 | C25: =+'DATOS REGIONALIZADO LOTE 4 tota'!C12 -> Sistema dilutor dispensador de Líquidos | D25: =+'DATOS REGIONALIZADO LOTE 4 tota'!D12 -> UNIDAD | E25: =+'DATOS REGIONALIZADO LOTE 4 tota'!E12 -> 0 | F25: =+'DATOS REGIONALIZADO LOTE 4 tota'!F12 -> 1 | G25: =+'DATOS REGIONALIZADO LOTE 4 tota'!N12 -> 1 | H25: =+'DATOS REGIONALIZADO LOTE 4 tota'!O12 -> 59381000 | I25: =+'DATOS REGIONALIZADO LOTE 4 tota'!P12 -> 0 | J25: =+'DATOS REGIONALIZADO LOTE 4 tota'!Q12 -> 59381000 | K25: =+'DATOS REGIONALIZADO LOTE 4 tota'!Y12 -> 59381000 | L25: LABORATORIO | M25: B-2901-0800-16-20113A-2901002-02 | N25: =+K25 -> 59381000 | O25: =+N25-K25 -> 0 | P25: =+VLOOKUP(M25,Hoja3!$B$2:$D$8,3,FALSE) -> código Rubro = B-2901-0800-16-20113A-2901002-02 Nombre del proyecto = FORTALECIMIENTO DEL INSTITUTO NACIONAL DE MEDICINA LEGAL Y CIENCIAS FORENSES EN ATENCIÓN A LOS RETOS DEL POSCONFLICTO A NIVEL NACIONAL Nombre del Poducto = SERVICIOS DE LABORATORIO FORENSE Nombre del Objeto del Gasto = ADQUISICIÓN DE BIENES Y SERVICIOS Actividad Asociada = disponer de insumos, reactivos y equipos según necesidades de los laboratorios forenses | R25: =+O25 -> 0
A26: =+'DATOS REGIONALIZADO LOTE 4 tota'!A13 -> 13 | B26: =+'DATOS REGIONALIZADO LOTE 4 tota'!B13 -> 29 | C26: =+'DATOS REGIONALIZADO LOTE 4 tota'!C13 -> Sistema de esterilización con luz UV-C (254nm) (Crosslinker) | D26: =+'DATOS REGIONALIZADO LOTE 4 tota'!D13 -> UNIDAD | E26: =+'DATOS REGIONALIZADO LOTE 4 tota'!E13 -> 0 | F26: =+'DATOS REGIONALIZADO LOTE 4 tota'!F13 -> 1 | G26: =+'DATOS REGIONALIZADO LOTE 4 tota'!N13 -> 1 | H26: =+'DATOS REGIONALIZADO LOTE 4 tota'!O13 -> 18292580 | I26: =+'DATOS REGIONALIZADO LOTE 4 tota'!P13 -> 0 | J26: =+'DATOS REGIONALIZADO LOTE 4 tota'!Q13 -> 18292580 | K26: =+'DATOS REGIONALIZADO LOTE 4 tota'!Y13 -> 18292580 | L26: GENÉTICA | M26: A-2901-0800-16-20113A-2901007-02 | N26: =+O20 -> 237454052 | O26: =+N26-K26 -> 219161472 | P26: =+VLOOKUP(M26,Hoja3!$B$2:$D$8,3,FALSE) -> código Rubro = A-2901-0800-16-20113A-2901007-02 Nombre del proyecto = FORTALECIMIENTO DEL INSTITUTO NACIONAL DE MEDICINA LEGAL Y CIENCIAS FORENSES EN ATENCIÓN A LOS RETOS DEL POSCONFLICTO A NIVEL NACIONAL Nombre del Poducto = SERVICIOS DE GENETICA FORENSE Nombre del Objeto del Gasto = ADQUISICIÓN DE BIENES Y SERVICIOS Actividad Asociada = Disponer de reactivos, insumos, equipos y herramientas informaticas para los laboratorios de genética | Q26: =+J26 -> 18292580
A27: =+'DATOS REGIONALIZADO LOTE 5'!A5 -> 5 | B27: =+'DATOS REGIONALIZADO LOTE 5'!B5 -> 15 | C27: =+'DATOS REGIONALIZADO LOTE 5'!C5 -> Centrifuga de mesa de altas revoluciones con refrigeración: | D27: =+'DATOS REGIONALIZADO LOTE 5'!D5 -> UNIDAD | E27: =+'DATOS REGIONALIZADO LOTE 5'!E5 -> 2 | F27: =+'DATOS REGIONALIZADO LOTE 5'!F5 -> 0 | G27: =+'DATOS REGIONALIZADO LOTE 5'!N5 -> 2 | H27: =+'DATOS REGIONALIZADO LOTE 5'!O5 -> 114119810 | I27: =+'DATOS REGIONALIZADO LOTE 5'!P5 -> 228239620 | J27: =+'DATOS REGIONALIZADO LOTE 5'!Q5 -> 0 | K27: =+'DATOS REGIONALIZADO LOTE 5'!Y5 -> 228239620 | L27: LABORATORIO | M27: B-2901-0800-16-20113A-2901002-02 | N27: =+K27 -> 228239620 | O27: =+N27-K27 -> 0 | P27: =+VLOOKUP(M27,Hoja3!$B$2:$D$8,3,FALSE) -> código Rubro = B-2901-0800-16-20113A-2901002-02 Nombre del proyecto = FORTALECIMIENTO DEL INSTITUTO NACIONAL DE MEDICINA LEGAL Y CIENCIAS FORENSES EN ATENCIÓN A LOS RETOS DEL POSCONFLICTO A NIVEL NACIONAL Nombre del Poducto = SERVICIOS DE LABORATORIO FORENSE Nombre del Objeto del Gasto = ADQUISICIÓN DE BIENES Y SERVICIOS Actividad Asociada = disponer de insumos, reactivos y equipos según necesidades de los laboratorios forenses | Q27: =+I27+O27 -> 228239620 | R27: =+O27 -> 0
A28: =+'DATOS REGIONALIZADO LOTE 5'!A6 -> 5 | B28: =+'DATOS REGIONALIZADO LOTE 5'!B6 -> 16 | C28: =+'DATOS REGIONALIZADO LOTE 5'!C6 -> Centrifuga de mesa no refrigerada | D28: =+'DATOS REGIONALIZADO LOTE 5'!D6 -> UNIDAD | E28: =+'DATOS REGIONALIZADO LOTE 5'!E6 -> 0 | F28: =+'DATOS REGIONALIZADO LOTE 5'!F6 -> 1 | G28: =+'DATOS REGIONALIZADO LOTE 5'!N6 -> 1 | H28: =+'DATOS REGIONALIZADO LOTE 5'!O6 -> 73211033 | I28: =+'DATOS REGIONALIZADO LOTE 5'!P6 -> 0 | J28: =+'DATOS REGIONALIZADO LOTE 5'!Q6 -> 73211033 | K28: =+'DATOS REGIONALIZADO LOTE 5'!Y6 -> 73211033 | L28: LABORATORIO | M28: A-2901-0800-9-20111D-2901002-02 | N28: =+K28 -> 73211033 | O28: =+N28-K28 -> 0 | P28: =+VLOOKUP(M28,Hoja3!$B$2:$D$8,3,FALSE) -> código Rubro = A-2901-0800-9-20111D-2901002-02 Nombre del proyecto = FORTALECIMIENTO DE LA CAPACIDAD Y CALIDAD CIENTÍFICA DE LOS ENSAYOS REALIZADOS EN LOS LABORATORIOS FORENSES NACIONAL Nombre del Poducto = SERVICIOS DE LABORATORIO FORENSE Nombre del Objeto del Gasto = ADQUISICIÓN DE BIENES Y SERVICIOS Actividad Asociada = disponer de insumos, reactivos y equipos según necesidades de los laboratorios forenses | Q28: =+N28 -> 73211033 | R28: =+O28 -> 0
A29: =+'DATOS REGIONALIZADO LOTE 5'!A7 -> 5 | B29: =+'DATOS REGIONALIZADO LOTE 5'!B7 -> 17 | C29: =+'DATOS REGIONALIZADO LOTE 5'!C7 -> Centrífuga de Piso refrigerada. | D29: =+'DATOS REGIONALIZADO LOTE 5'!D7 -> UNIDAD | E29: =+'DATOS REGIONALIZADO LOTE 5'!E7 -> 0 | F29: =+'DATOS REGIONALIZADO LOTE 5'!F7 -> 2 | G29: =+'DATOS REGIONALIZADO LOTE 5'!N7 -> 2 | H29: =+'DATOS REGIONALIZADO LOTE 5'!O7 -> 111426840 | I29: =+'DATOS REGIONALIZADO LOTE 5'!P7 -> 0 | J29: =+'DATOS REGIONALIZADO LOTE 5'!Q7 -> 222853680 | K29: =+'DATOS REGIONALIZADO LOTE 5'!Y7 -> 222853680 | L29: GENÉTICA | M29: A-2901-0800-16-20113A-2901007-02 | N29: =+K29 -> 222853680 | O29: =+N29-K29 -> 0 | P29: =+VLOOKUP(M29,Hoja3!$B$2:$D$8,3,FALSE) -> código Rubro = A-2901-0800-16-20113A-2901007-02 Nombre del proyecto = FORTALECIMIENTO DEL INSTITUTO NACIONAL DE MEDICINA LEGAL Y CIENCIAS FORENSES EN ATENCIÓN A LOS RETOS DEL POSCONFLICTO A NIVEL NACIONAL Nombre del Poducto = SERVICIOS DE GENETICA FORENSE Nombre del Objeto del Gasto = ADQUISICIÓN DE BIENES Y SERVICIOS Actividad Asociada = Disponer de reactivos, insumos, equipos y herramientas informaticas para los laboratorios de genética | Q29: =+N29 -> 222853680 | R29: =+O29 -> 0
A30: =+'DATOS REGIONALIZADO LOTE 5'!A8 -> 5 | B30: =+'DATOS REGIONALIZADO LOTE 5'!B8 -> 18 | C30: =+'DATOS REGIONALIZADO LOTE 5'!C8 -> Microcentrífuga de alta velocidad tipo MiniSpli | D30: =+'DATOS REGIONALIZADO LOTE 5'!D8 -> UNIDAD | E30: =+'DATOS REGIONALIZADO LOTE 5'!E8 -> 0 | F30: =+'DATOS REGIONALIZADO LOTE 5'!F8 -> 2 | G30: =+'DATOS REGIONALIZADO LOTE 5'!N8 -> 2 | H30: =+'DATOS REGIONALIZADO LOTE 5'!O8 -> 7474549 | I30: =+'DATOS REGIONALIZADO LOTE 5'!P8 -> 0 | J30: =+'DATOS REGIONALIZADO LOTE 5'!Q8 -> 14949098 | K30: =+'DATOS REGIONALIZADO LOTE 5'!Y8 -> 14949098 | L30: GENÉTICA | M30: A- 2901-0800-14-20111D-2901006-02 | N30: =+O8 -> 46819114 | O30: =+N30-K30 -> 31870016 | P30: =+VLOOKUP(M30,Hoja3!$B$2:$D$8,3,FALSE) -> código Rubro = A- 2901-0800-14-20111D-2901006-02 Nombre del proyecto = MEJORAMIENTO DE LOS PROCEDIMIENTOS Y DE LA CAPACIDAD DE RESPUESTA EN LOS SERVICIOS DE PATOLOGÍA FORENSE A NIVEL NACIONAL Nombre del Poducto = SERVICIO DE INVESTIGACION PENAL, CRIMINALISTICA Y MEDICINA LEGAL Nombre del Objeto del Gasto = ADQUISICIÓN DE BIENES Y SERVICIOS Actividad Asociada = disponer de equipos, insumos y reactivos a los laboratorios en casos de accidentes de transito | Q30: =+K30 -> 14949098
A31: =+'DATOS REGIONALIZADO LOTE 6'!A5 -> 6 | B31: =+'DATOS REGIONALIZADO LOTE 6'!B5 -> 19 | C31: =+'DATOS REGIONALIZADO LOTE 6'!C5 -> scaner 3D portatil e inalambrico CR de alta precisión | D31: =+'DATOS REGIONALIZADO LOTE 6'!D5 -> UNIDAD | E31: =+'DATOS REGIONALIZADO LOTE 6'!E5 -> 1 | F31: =+'DATOS REGIONALIZADO LOTE 6'!F5 -> 0 | G31: =+'DATOS REGIONALIZADO LOTE 6'!N5 -> 1 | H31: =+'DATOS REGIONALIZADO LOTE 6'!O5 -> 19359943 | I31: =+'DATOS REGIONALIZADO LOTE 6'!P5 -> 19359943 | J31: =+'DATOS REGIONALIZADO LOTE 6'!Q5 -> 0 | K31: =+'DATOS REGIONALIZADO LOTE 6'!Y5 -> 19359943 | L31: PATOLOGIA | M31: A-2901-0800-16-20113A-2901002-02 | N31: =+O13 -> 141190840 | O31: =+N31-K31 -> 121830897 | P31: =+VLOOKUP(M31,Hoja3!$B$2:$D$8,3,FALSE) -> código Rubro = A-2901-0800-16-20113A-2901002-02 Nombre del proyecto = FORTALECIMIENTO DEL INSTITUTO NACIONAL DE MEDICINA LEGAL Y CIENCIAS FORENSES EN ATENCIÓN A LOS RETOS DEL POSCONFLICTO A NIVEL NACIONAL Nombre del Poducto = SERVICIOS DE LABORATORIO FORENSE Nombre del Objeto del Gasto = ADQUISICIÓN DE BIENES Y SERVICIOS Actividad Asociada = contar con enseres, equipos de oficina y equipos para la dotación de los laboratorios forense de antropología | Q31: =+I31 -> 19359943
A32: =+'DATOS REGIONALIZADO LOTE 6'!A6 -> 6 | B32: =+'DATOS REGIONALIZADO LOTE 6'!B6 -> 20 | C32: =+'DATOS REGIONALIZADO LOTE 6'!C6 -> impresora 3D | D32: =+'DATOS REGIONALIZADO LOTE 6'!D6 -> UNIDAD | E32: =+'DATOS REGIONALIZADO LOTE 6'!E6 -> 1 | F32: =+'DATOS REGIONALIZADO LOTE 6'!F6 -> 0 | G32: =+'DATOS REGIONALIZADO LOTE 6'!N6 -> 1 | H32: =+'DATOS REGIONALIZADO LOTE 6'!O6 -> 15473202 | I32: =+'DATOS REGIONALIZADO LOTE 6'!P6 -> 15473202 | J32: =+'DATOS REGIONALIZADO LOTE 6'!Q6 -> 0 | K32: =+'DATOS REGIONALIZADO LOTE 6'!Y6 -> 15473202 | L32: PATOLOGIA | M32: A-2901-0800-16-20113A-2901002-02 | N32: =+O31 -> 121830897 | O32: =+N32-K32 -> 106357695 | P32: =+VLOOKUP(M32,Hoja3!$B$2:$D$8,3,FALSE) -> código Rubro = A-2901-0800-16-20113A-2901002-02 Nombre del proyecto = FORTALECIMIENTO DEL INSTITUTO NACIONAL DE MEDICINA LEGAL Y CIENCIAS FORENSES EN ATENCIÓN A LOS RETOS DEL POSCONFLICTO A NIVEL NACIONAL Nombre del Poducto = SERVICIOS DE LABORATORIO FORENSE Nombre del Objeto del Gasto = ADQUISICIÓN DE BIENES Y SERVICIOS Actividad Asociada = contar con enseres, equipos de oficina y equipos para la dotación de los laboratorios forense de antropología | Q32: =+I32 -> 15473202
A33: 7 | B33: 28 | C33: =+'DATOS REGIONALIZADO lote 7'!C5 -> Semi-microbalanza | D33: =+'DATOS REGIONALIZADO lote 7'!D5 -> UNIDAD | E33: =+'DATOS REGIONALIZADO lote 7'!E5 -> 1 | F33: =+'DATOS REGIONALIZADO lote 7'!F5 -> 0 | G33: =+'DATOS REGIONALIZADO lote 7'!N5 -> 1 | H33: =+'DATOS REGIONALIZADO lote 7'!O5 -> 129972575 | I33: =+'DATOS REGIONALIZADO lote 7'!P5 -> 129972575 | J33: =+'DATOS REGIONALIZADO lote 7'!Q5 -> 0 | K33: =J33+I33 -> 129972575 | L33: genetica | M33: A-2901-0800-16-20113A-2901007-02 | N33: =+VLOOKUP(M33,Hoja3!$B$2:$E$8,4,FALSE) -> 300000000 | P33: =+VLOOKUP(M33,Hoja3!$B$2:$D$8,3,FALSE) -> código Rubro = A-2901-0800-16-20113A-2901007-02 Nombre del proyecto = FORTALECIMIENTO DEL INSTITUTO NACIONAL DE MEDICINA LEGAL Y CIENCIAS FORENSES EN ATENCIÓN A LOS RETOS DEL POSCONFLICTO A NIVEL NACIONAL Nombre del Poducto = SERVICIOS DE GENETICA FORENSE Nombre del Objeto del Gasto = ADQUISICIÓN DE BIENES Y SERVICIOS Actividad Asociada = Disponer de reactivos, insumos, equipos y herramientas informaticas para los laboratorios de genética
B34: TOTAL REGIONALIZADO | I34: =+SUM(I5:I32) -> 1896332313 | J34: =+SUM(J5:J32) -> 620161472 | K34: =+SUM(K5:K33) -> 2646466360
I35: BOGOTÁ | J35: ORIENTE | O35: =+I32+I31+I27+I22+I21++I20+I19+I18+I16+I15+I14+I13+I12+I8+I11+I7+I6+I5 -> 1569826903 | P35: =+O35+O37 -> 1711017743 | Q35: =+SUM(Q5:Q34) -> #N/A | R35: =+SUM(R5:R34) -> 0 | S35: =-R35+Q35 -> #N/A
G36: porcentaje presupuesto total por regional | I36: =+I34/K34 -> 0.71655259 | J36: =1-I36 -> 0.28344741 | O36: =+O27+O29+O28+O25+O24+O23+O22+O21+O18+O16+O15+O13 -> 141190840
O37: =++O27+O22+O21+O18++O16+O15+O13 -> 141190840 | Q37: =+Q5+Q6+Q7+Q8+Q13+Q12+Q15+Q16+Q18+Q19+Q20+Q21+Q11+Q14+Q27+Q22+Q31+Q32 -> #N/A | R37: =+R22+R21+R18+R16+R15+R13+R7+R27 -> 0 | S37: =+Q37-R37 -> #N/A | T37: =+I34-S37 -> #N/A
D38: valor presupuesto asignado total | I38: 1850000000 | Q38: =+Q29+Q28+Q23 -> 296064713 | R38: =+Q9+Q26+Q30+R29+Q10 -> 122634979 | S38: =-Q38+R38 -> -173429734
O39: =+O23+O24+O25+O28+O29 -> 0
D40: recursos faltantes | I40: =+K34-I38 -> 796466360
Q42: =+Q12+Q16+Q14 -> #N/A | R42: =+R23+R25+R24 -> 0
N43: =+N19+N21 -> 124748009
P47: 246779422
P48: =+K16+K17 -> 246779422

Sheet DATOS REGIONALIZADO LOTE 3
O1: VALOR UNITARIO PROMEDIO (INCLUÍDO IVA) en caso de que aplique o impuestos a que haya lugar | P1: TOTAL REGIONALIZADO
A2: LOTE | B2: # ITEM | C2: DESCRIPCIÓN | D2: PRESENTACIÓN | E2: CANTIDAD REGIONALIZADA | N2: CANTIDAD TOTAL / ESTIMADA | P2: VALOR TOTAL REGIONALIZADO | Y2: VALOR TOTAL
E4: BOGOTÁ | F4: ORIENTE | G4: CENTRAL | H4: SUR | I4: NORTE | J4: OCCIDENTE | K4: NOROCCIDENTE | L4: SUROCCIDENTE | M4: NORORIENTE | P4: =+E4 -> BOGOTÁ | Q4: =+F4 -> ORIENTE | R4: =+G4 -> CENTRAL | S4: =+H4 -> SUR | T4: =+I4 -> NORTE | U4: =+J4 -> OCCIDENTE | V4: =+K4 -> NOROCCIDENTE | W4: =+L4 -> SUROCCIDENTE | X4: =+M4 -> NORORIENTE
A5: 3 | B5: 8 | C5: Baño De Flotación | D5: UNIDAD | E5: 1 | F5: 0 | G5: 0 | H5: 0 | I5: 0 | J5: 0 | K5: 0 | L5: 0 | M5: 0 | N5: =+SUM(E5:F5) -> 1 | O5: 7329714 | P5: =+E5*O5 -> 7329714 | Q5: =+F5*O5 -> 0 | R5: =+G5*O5 -> 0 | S5: =+H5*O5 -> 0 | T5: =+I5*O5 -> 0 | U5: =+J5*O5 -> 0 | V5: =+K5*O5 -> 0 | W5: =+L5*O5 -> 0 | X5: =+M5*O5 -> 0 | Y5: =+SUM(P5:X5) -> 7329714 | AA5: REGIONALIZADO
A6: 3 | B6: 9 | C6: Central De Inclusión | D6: UNIDAD | E6: 1 | F6: 0 | G6: 0 | H6: 0 | I6: 0 | J6: 0 | K6: 0 | L6: 0 | M6: 0 | N6: =+SUM(E6:F6) -> 1 | O6: 101320276 | P6: =+E6*O6 -> 101320276 | Q6: =+F6*O6 -> 0 | R6: =+G6*O6 -> 0 | S6: =+H6*O6 -> 0 | T6: =+I6*O6 -> 0 | U6: =+J6*O6 -> 0 | V6: =+K6*O6 -> 0 | W6: =+L6*O6 -> 0 | X6: =+M6*O6 -> 0 | Y6: =+SUM(P6:X6) -> 101320276 | AA6: REGIONAL | AB6: VALOR TOTAL
A7: 3 | B7: 10 | C7: Criostato | D7: UNIDAD | E7: 1 | F7: 0 | G7: 0 | H7: 0 | I7: 0 | J7: 0 | K7: 0 | L7: 0 | M7: 0 | N7: =+SUM(E7:F7) -> 1 | O7: 179604981 | P7: =+E7*O7 -> 179604981 | Q7: =+F7*O7 -> 0 | R7: =+G7*O7 -> 0 | S7: =+H7*O7 -> 0 | T7: =+I7*O7 -> 0 | U7: =+J7*O7 -> 0 | V7: =+K7*O7 -> 0 | W7: =+L7*O7 -> 0 | X7: =+M7*O7 -> 0 | Y7: =+SUM(P7:X7) -> 179604981 | AA7: =+P4 -> BOGOTÁ | AB7: =+SUM(P5:P9) -> 668421095
A8: 3 | B8: 11 | C8: Micrótomo Motorizado | D8: UNIDAD | E8: 1 | F8: 0 | G8: 0 | H8: 0 | I8: 0 | J8: 0 | K8: 0 | L8: 0 | M8: 0 | N8: =+SUM(E8:F8) -> 1 | O8: 133386702 | P8: =+E8*O8 -> 133386702 | Q8: =+F8*O8 -> 0 | R8: =+G8*O8 -> 0 | S8: =+H8*O8 -> 0 | T8: =+I8*O8 -> 0 | U8: =+J8*O8 -> 0 | V8: =+K8*O8 -> 0 | W8: =+L8*O8 -> 0 | X8: =+M8*O8 -> 0 | Y8: =+SUM(P8:X8) -> 133386702 | AA8: =+Q4 -> ORIENTE | AB8: =SUM(Q5:Q9) -> 0
A9: 3 | B9: 12 | C9: Procesador de Tejidos automatico cerrado | D9: UNIDAD | E9: 1 | F9: 0 | G9: 0 | H9: 0 | I9: 0 | J9: 0 | K9: 0 | L9: 0 | M9: 0 | N9: =+SUM(E9:F9) -> 1 | O9: 246779422 | P9: =+E9*O9 -> 246779422 | Q9: =+F9*O9 -> 0 | R9: =+G9*O9 -> 0 | S9: =+H9*O9 -> 0 | T9: =+I9*O9 -> 0 | U9: =+J9*O9 -> 0 | V9: =+K9*O9 -> 0 | W9: =+L9*O9 -> 0 | X9: =+M9*O9 -> 0 | Y9: =+SUM(P9:X9) -> 246779422 | AA9: TOTAL | AB9: =+SUM(AB7:AB8) -> 668421095
B10: TOTAL REGIONALIZADO | P10: =+SUM(P5:P9) -> 668421095 | Q10: =+SUM(Q5:Q9) -> 0 | R10: =+SUM(R5:R9) -> 0 | S10: =+SUM(S5:S9) -> 0 | T10: =+SUM(T5:T9) -> 0 | U10: =+SUM(U5:U9) -> 0 | V10: =+SUM(V5:V9) -> 0 | W10: =+SUM(W5:W9) -> 0 | X10: =+SUM(X5:X9) -> 0 | Y10: =SUM(Y5:Y9) -> 668421095
B12: info presupuestal | AB12: Suma de valor REG bta | AC12: Suma de valor REG oriente | AD12: total | AG12: Etiquetas de fila | AH12: Suma de valor REG bta | AI12: Suma de valor REG oriente
B13: =+AG14 -> código Rubro = A-2901-0800-16-20113A-2901002-02 Nombre del proyecto = FORTALECIMIENTO DEL INSTITUTO NACIONAL DE MEDICINA LEGAL Y CIENCIAS FORENSES EN ATENCIÓN A LOS RETOS DEL POSCONFLICTO A NIVEL NACIONAL Nombre del Poducto = SERVICIOS DE LABORATORIO FORENSE Nombre del Objeto del Gasto = ADQUISICIÓN DE BIENES Y SERVICIOS Actividad Asociada = contar con enseres, equipos de oficina y equipos para la dotación de los laboratorios forense de antropología | AB13: =+AH14 -> 235034393 | AD13: =+AB13+AC13 -> 235034393 | AG13: 3 | AH13: 668421095 | AI13: 0
B14: =+AG15 -> código Rubro = B-2901-0800-14-20111D-2901006-02 Nombre del proyecto = MEJORAMIENTO DE LOS PROCEDIMIENTOS Y DE LA CAPACIDAD DE RESPUESTA EN LOS SERVICIOS DE PATOLOGÍA FORENSE A NIVEL NACIONAL Nombre del Poducto = SERVICIO DE INVESTIGACION PENAL, CRIMINALISTICA Y MEDICINA LEGAL Nombre del Objeto del Gasto = ADQUISICIÓN DE BIENES Y SERVICIOS Actividad Asociada = disponer con bienes y servicios según los requisitos de la NTC ISO/IEC 17025 en casos de accidentes de transito | AB14: =+AH15 -> 133386702 | AD14: =+AB14+AC14 -> 133386702 | AG14: código Rubro = A-2901-0800-16-20113A-2901002-02 Nombre del proyecto = FORTALECIMIENTO DEL INSTITUTO NACIONAL DE MEDICINA LEGAL Y CIENCIAS FORENSES EN ATENCIÓN A LOS RETOS DEL POSCONFLICTO A NIVEL NACIONAL Nombre del Poducto = SERVICIOS DE LABORATORIO FORENSE Nombre del Objeto del Gasto = ADQUISICIÓN DE BIENES Y SERVICIOS Actividad Asociada = contar con enseres, equipos de oficina y equipos para la dotación de los laboratorios forense de antropología | AH14: 235034393 | AI14: 0
B15: =+AG16 -> código Rubro = C-2901-0800-14-20111D-2901010-02 Nombre del proyecto = MEJORAMIENTO DE LOS PROCEDIMIENTOS Y DE LA CAPACIDAD DE RESPUESTA EN LOS SERVICIOS DE PATOLOGÍA FORENSE A NIVEL NACIONAL Nombre del Poducto = SALAS DE NECROPSIAS DOTADAS Nombre del Objeto del Gasto = ADQUISICIÓN DE BIENES Y SERVICIOS Actividad Asociada = disponer de equipos, instrumental, insumos y aplicativos en casos de rutina, de muertes colectivas y desastres a nivel nacional | AB15: =+AH16 -> 300000000 | AD15: =+AB15+AC15 -> 300000000 | AG15: código Rubro = B-2901-0800-14-20111D-2901006-02 Nombre del proyecto = MEJORAMIENTO DE LOS PROCEDIMIENTOS Y DE LA CAPACIDAD DE RESPUESTA EN LOS SERVICIOS DE PATOLOGÍA FORENSE A NIVEL NACIONAL Nombre del Poducto = SERVICIO DE INVESTIGACION PENAL, CRIMINALISTICA Y MEDICINA LEGAL Nombre del Objeto del Gasto = ADQUISICIÓN DE BIENES Y SERVICIOS Actividad Asociada = disponer con bienes y servicios según los requisitos de la NTC ISO/IEC 17025 en casos de accidentes de transito | AH15: 133386702 | AI15: 0
B16: TOTAL | AB16: =SUM(AB13:AB15) -> 668421095 | AC16: =SUM(AC13:AC15) -> 0 | AD16: =+SUM(AD13:AD15) -> 668421095 | AE16: =+AD16=AB9 -> TRUE | AG16: código Rubro = C-2901-0800-14-20111D-2901010-02 Nombre del proyecto = MEJORAMIENTO DE LOS PROCEDIMIENTOS Y DE LA CAPACIDAD DE RESPUESTA EN LOS SERVICIOS DE PATOLOGÍA FORENSE A NIVEL NACIONAL Nombre del Poducto = SALAS DE NECROPSIAS DOTADAS Nombre del Objeto del Gasto = ADQUISICIÓN DE BIENES Y SERVICIOS Actividad Asociada = disponer de equipos, instrumental, insumos y aplicativos en casos de rutina, de muertes colectivas y desastres a nivel nacional | AH16: 300000000 | AI16: 0
AG17: Total general | AH17: 668421095 | AI17: 0
C25: Etiquetas de fila | D25: Suma de valor REG bta | E25: Suma de valor REG oriente
C26: 3 | D26: 668421095 | E26: 0
C27: código Rubro = A-2901-0800-16-20113A-2901002-02 Nombre del proyecto = FORTALECIMIENTO DEL INSTITUTO NACIONAL DE MEDICINA LEGAL Y CIENCIAS FORENSES EN ATENCIÓN A LOS RETOS DEL POSCONFLICTO A NIVEL NACIONAL Nombre del Poducto = SERVICIOS DE LABORATORIO FORENSE Nombre del Objeto del Gasto = ADQUISICIÓN DE BIENES Y SERVICIOS Actividad Asociada = contar con enseres, equipos de oficina y equipos para la dotación de los laboratorios forense de antropología | D27: 235034393 | E27: 0
C28: código Rubro = B-2901-0800-14-20111D-2901006-02 Nombre del proyecto = MEJORAMIENTO DE LOS PROCEDIMIENTOS Y DE LA CAPACIDAD DE RESPUESTA EN LOS SERVICIOS DE PATOLOGÍA FORENSE A NIVEL NACIONAL Nombre del Poducto = SERVICIO DE INVESTIGACION PENAL, CRIMINALISTICA Y MEDICINA LEGAL Nombre del Objeto del Gasto = ADQUISICIÓN DE BIENES Y SERVICIOS Actividad Asociada = disponer con bienes y servicios según los requisitos de la NTC ISO/IEC 17025 en casos de accidentes de transito | D28: 133386702 | E28: 0
C29: código Rubro = C-2901-0800-14-20111D-2901010-02 Nombre del proyecto = MEJORAMIENTO DE LOS PROCEDIMIENTOS Y DE LA CAPACIDAD DE RESPUESTA EN LOS SERVICIOS DE PATOLOGÍA FORENSE A NIVEL NACIONAL Nombre del Poducto = SALAS DE NECROPSIAS DOTADAS Nombre del Objeto del Gasto = ADQUISICIÓN DE BIENES Y SERVICIOS Actividad Asociada = disponer de equipos, instrumental, insumos y aplicativos en casos de rutina, de muertes colectivas y desastres a nivel nacional | D29: 300000000 | E29: 0
C30: Total general | D30: 668421095 | E30: 0

Sheet DATOS REGIONALIZADO LOTE 4 tota
O1: VALOR UNITARIO PROMEDIO (INCLUÍDO IVA) en caso de que aplique o impuestos a que haya lugar | P1: TOTAL REGIONALIZADO
A2: LOTE | B2: # ITEM | C2: DESCRIPCIÓN | D2: PRESENTACIÓN | E2: CANTIDAD REGIONALIZADA | N2: CANTIDAD TOTAL / ESTIMADA | P2: VALOR TOTAL REGIONALIZADO | Y2: VALOR TOTAL
E4: BOGOTÁ | F4: ORIENTE | G4: CENTRAL | H4: SUR | I4: NORTE | J4: OCCIDENTE | K4: NOROCCIDENTE | L4: SUROCCIDENTE | M4: ORIENTE | P4: =+E4 -> BOGOTÁ | Q4: =+F4 -> ORIENTE | R4: =+G4 -> CENTRAL | S4: =+H4 -> SUR | T4: =+I4 -> NORTE | U4: =+J4 -> OCCIDENTE | V4: =+K4 -> NOROCCIDENTE | W4: =+L4 -> SUROCCIDENTE | X4: =+M4 -> ORIENTE
A5: 4 | B5: 13 | C5: Baño ultrasónico para uso en laboratorio | D5: UNIDAD | E5: 2 | F5: 0 | G5: 0 | H5: 0 | I5: 0 | J5: 0 | K5: 0 | L5: 0 | M5: 0 | N5: =+SUM(E5:F5) -> 2 | O5: 7182643 | P5: =+E5*O5 -> 14365286 | Q5: =+F5*O5 -> 0 | R5: =+G5*O5 -> 0 | S5: =+H5*O5 -> 0 | T5: =+I5*O5 -> 0 | U5: =+J5*O5 -> 0 | V5: =+K5*O5 -> 0 | W5: =+L5*O5 -> 0 | X5: =+M5*O5 -> 0 | Y5: =+SUM(P5:X5) -> 14365286 | AA5: REGIONALIZADO
A6: 4 | B6: 14 | C6: Agitador tipo vórtex para tubos | D6: UNIDAD | E6: 0 | F6: 2 | G6: 0 | H6: 0 | I6: 0 | J6: 0 | K6: 0 | L6: 0 | M6: 0 | N6: =+SUM(E6:F6) -> 2 | O6: 2603490 | P6: =+E6*O6 -> 0 | Q6: =+F6*O6 -> 5206980 | R6: =+G6*O6 -> 0 | S6: =+H6*O6 -> 0 | T6: =+I6*O6 -> 0 | U6: =+J6*O6 -> 0 | V6: =+K6*O6 -> 0 | W6: =+L6*O6 -> 0 | X6: =+M6*O6 -> 0 | Y6: =+SUM(P6:X6) -> 5206980 | AA6: REGIONAL | AB6: VALOR TOTAL
A7: 8 | B7: 23 | C7: Homogenizador de tejidos, vertical con vástago: | D7: UNIDAD | E7: 1 | F7: 0 | G7: 0 | H7: 0 | I7: 0 | J7: 0 | K7: 0 | L7: 0 | M7: 0 | N7: =+SUM(E7:F7) -> 1 | O7: 19454635 | P7: =+E7*O7 -> 19454635 | Q7: =+F7*O7 -> 0 | R7: =+G7*O7 -> 0 | S7: =+H7*O7 -> 0 | T7: =+I7*O7 -> 0 | U7: =+J7*O7 -> 0 | V7: =+K7*O7 -> 0 | W7: =+L7*O7 -> 0 | X7: =+M7*O7 -> 0 | Y7: =+SUM(P7:X7) -> 19454635 | AA7: =+P4 -> BOGOTÁ | AB7: =+SUM(P5:P13) -> 328507571
A8: 8 | B8: 24 | C8: Vórtex multiprobeta / multitubo: | D8: UNIDAD | E8: 3 | F8: 0 | G8: 0 | H8: 0 | I8: 0 | J8: 0 | K8: 0 | L8: 0 | M8: 0 | N8: =+SUM(E8:F8) -> 3 | O8: 24247119 | P8: =+E8*O8 -> 72741357 | Q8: =+F8*O8 -> 0 | R8: =+G8*O8 -> 0 | S8: =+H8*O8 -> 0 | T8: =+I8*O8 -> 0 | U8: =+J8*O8 -> 0 | V8: =+K8*O8 -> 0 | W8: =+L8*O8 -> 0 | X8: =+M8*O8 -> 0 | Y8: =+SUM(P8:X8) -> 72741357 | AA8: =+Q4 -> ORIENTE | AB8: =SUM(Q5:Q13) -> 219754360
A9: 9 | B9: 25 | C9: Esterilizador o autocleve horizontal y/o sobremesa: | D9: UNIDAD | E9: 1 | F9: 0 | G9: 0 | H9: 0 | I9: 0 | J9: 0 | K9: 0 | L9: 0 | M9: 0 | N9: =+SUM(E9:F9) -> 1 | O9: 29155000 | P9: =+E9*O9 -> 29155000 | Q9: =+F9*O9 -> 0 | R9: =+G9*O9 -> 0 | S9: =+H9*O9 -> 0 | T9: =+I9*O9 -> 0 | U9: =+J9*O9 -> 0 | V9: =+K9*O9 -> 0 | W9: =+L9*O9 -> 0 | X9: =+M9*O9 -> 0 | Y9: =+SUM(P9:X9) -> 29155000 | AA9: TOTAL | AB9: =+SUM(AB7:AB8) -> 548261931
A10: 10 | B10: 26 | C10: Evaporador concentrador de muestras con centrifuga (rapidvap) | D10: UNIDAD | E10: 1 | F10: 0 | G10: 0 | H10: 0 | I10: 0 | J10: 0 | K10: 0 | L10: 0 | M10: 0 | N10: =+SUM(E10:F10) -> 1 | O10: 192791293 | P10: =+E10*O10 -> 192791293 | Q10: =+F10*O10 -> 0 | R10: =+G10*O10 -> 0 | S10: =+H10*O10 -> 0 | T10: =+I10*O10 -> 0 | U10: =+J10*O10 -> 0 | V10: =+K10*O10 -> 0 | W10: =+L10*O10 -> 0 | X10: =+M10*O10 -> 0 | Y10: =+SUM(P10:X10) -> 192791293
A11: 11 | B11: 27 | C11: Evaporador concentrador de muestras (rapidvap) | D11: UNIDAD | E11: 0 | F11: 1 | G11: 0 | H11: 0 | I11: 0 | J11: 0 | K11: 0 | L11: 0 | M11: 0 | N11: =+SUM(E11:F11) -> 1 | O11: 136873800 | P11: =+E11*O11 -> 0 | Q11: =+F11*O11 -> 136873800 | R11: =+G11*O11 -> 0 | S11: =+H11*O11 -> 0 | T11: =+I11*O11 -> 0 | U11: =+J11*O11 -> 0 | V11: =+K11*O11 -> 0 | W11: =+L11*O11 -> 0 | X11: =+M11*O11 -> 0 | Y11: =+SUM(P11:X11) -> 136873800
A12: 12 | B12: 28 | C12: Sistema dilutor dispensador de Líquidos | D12: UNIDAD | E12: 0 | F12: 1 | G12: 0 | H12: 0 | I12: 0 | J12: 0 | K12: 0 | L12: 0 | M12: 0 | N12: =+SUM(E12:F12) -> 1 | O12: 59381000 | P12: =+E12*O12 -> 0 | Q12: =+F12*O12 -> 59381000 | R12: =+G12*O12 -> 0 | S12: =+H12*O12 -> 0 | T12: =+I12*O12 -> 0 | U12: =+J12*O12 -> 0 | V12: =+K12*O12 -> 0 | W12: =+L12*O12 -> 0 | X12: =+M12*O12 -> 0 | Y12: =+SUM(P12:X12) -> 59381000
A13: 13 | B13: 29 | C13: Sistema de esterilización con luz UV-C (254nm) (Crosslinker) | D13: UNIDAD | E13: 0 | F13: 1 | G13: 0 | H13: 0 | I13: 0 | J13: 0 | K13: 0 | L13: 0 | M13: 0 | N13: =+SUM(E13:F13) -> 1 | O13: 18292580 | P13: =+E13*O13 -> 0 | Q13: =+F13*O13 -> 18292580 | R13: =+G13*O13 -> 0 | S13: =+H13*O13 -> 0 | T13: =+I13*O13 -> 0 | U13: =+J13*O13 -> 0 | V13: =+K13*O13 -> 0 | W13: =+L13*O13 -> 0 | X13: =+M13*O13 -> 0 | Y13: =+SUM(P13:X13) -> 18292580
B14: TOTAL REGIONALIZADO | P14: =+SUM(P5:P13) -> 328507571 | Q14: =+SUM(Q5:Q13) -> 219754360 | R14: =+SUM(R5:R13) -> 0 | S14: =+SUM(S5:S13) -> 0 | T14: =+SUM(T5:T13) -> 0 | U14: =+SUM(U5:U13) -> 0 | V14: =+SUM(V5:V13) -> 0 | W14: =+SUM(W5:W13) -> 0 | X14: =+SUM(X5:X13) -> 0 | Y14: =SUM(Y5:Y13) -> 548261931
B16: info presupuestal | AB16: Suma de valor REG bta | AC16: Suma de valor REG oriente | AD16: total
B17: código Rubro = A- 2901-0800-14-20111D-2901006-02 Nombre del proyecto = MEJORAMIENTO DE LOS PROCEDIMIENTOS Y DE LA CAPACIDAD DE RESPUESTA EN LOS SERVICIOS DE PATOLOGÍA FORENSE A NIVEL NACIONAL Nombre del Poducto = SERVICIO DE INVESTIGACION PENAL, CRIMINALISTICA Y MEDICINA LEGAL Nombre del Objeto del Gasto = ADQUISICIÓN DE BIENES Y SERVICIOS Actividad Asociada = disponer de equipos, insumos y reactivos a los laboratorios en casos de accidentes de transito | AB17: 14365286 | AC17: 0 | AD17: =+AB17+AC17 -> 14365286
B18: código Rubro = A-2901-0800-16-20113A-2901007-02 Nombre del proyecto = FORTALECIMIENTO DEL INSTITUTO NACIONAL DE MEDICINA LEGAL Y CIENCIAS FORENSES EN ATENCIÓN A LOS RETOS DEL POSCONFLICTO A NIVEL NACIONAL Nombre del Poducto = SERVICIOS DE GENETICA FORENSE Nombre del Objeto del Gasto = ADQUISICIÓN DE BIENES Y SERVICIOS Actividad Asociada = Disponer de reactivos, insumos, equipos y herramientas informaticas para los laboratorios de genética | AB18: 29155000 | AC18: 5206980 | AD18: =+AB18+AC18 -> 34361980
B19: código Rubro = B-2901-0800-16-20113A-2901002-02 Nombre del proyecto = FORTALECIMIENTO DEL INSTITUTO NACIONAL DE MEDICINA LEGAL Y CIENCIAS FORENSES EN ATENCIÓN A LOS RETOS DEL POSCONFLICTO A NIVEL NACIONAL Nombre del Poducto = SERVICIOS DE LABORATORIO FORENSE Nombre del Objeto del Gasto = ADQUISICIÓN DE BIENES Y SERVICIOS Actividad Asociada = disponer de insumos, reactivos y equipos según necesidades de los laboratorios forenses | AB19: 284987285 | AC19: 214547380 | AD19: =+AB19+AC19 -> 499534665
B20: TOTAL | AB20: =+SUM(AB17:AB19) -> 328507571 | AC20: =SUM(AC17:AC19) -> 219754360 | AD20: =+SUM(AD17:AD19) -> 548261931

Sheet DATOS REGIONALIZADO LOTE 4
O1: VALOR UNITARIO PROMEDIO (INCLUÍDO IVA) en caso de que aplique o impuestos a que haya lugar | P1: TOTAL REGIONALIZADO | AA1: REGIONALIZADO
A2: LOTE | B2: # ITEM | C2: DESCRIPCIÓN | D2: PRESENTACIÓN | E2: CANTIDAD REGIONALIZADA | N2: CANTIDAD TOTAL / ESTIMADA | P2: VALOR TOTAL REGIONALIZADO | Y2: VALOR TOTAL | AA2: REGIONAL | AB2: VALOR TOTAL
AA3: =+P4 -> BOGOTÁ | AB3: =+SUM(P5:P6) -> 14365286
E4: BOGOTÁ | F4: ORIENTE | G4: CENTRAL | H4: SUR | I4: NORTE | J4: OCCIDENTE | K4: NOROCCIDENTE | L4: SUROCCIDENTE | M4: ORIENTE | P4: =+E4 -> BOGOTÁ | Q4: =+F4 -> ORIENTE | R4: =+G4 -> CENTRAL | S4: =+H4 -> SUR | T4: =+I4 -> NORTE | U4: =+J4 -> OCCIDENTE | V4: =+K4 -> NOROCCIDENTE | W4: =+L4 -> SUROCCIDENTE | X4: =+M4 -> ORIENTE | AA4: =+Q4 -> ORIENTE | AB4: =SUM(Q5:Q6) -> 5206980
A5: 4 | B5: 13 | C5: Baño ultrasónico para uso en laboratorio | D5: UNIDAD | E5: 2 | F5: 0 | G5: 0 | H5: 0 | I5: 0 | J5: 0 | K5: 0 | L5: 0 | M5: 0 | N5: =+SUM(E5:F5) -> 2 | O5: 7182643 | P5: =+E5*O5 -> 14365286 | Q5: =+F5*O5 -> 0 | R5: =+G5*O5 -> 0 | S5: =+H5*O5 -> 0 | T5: =+I5*O5 -> 0 | U5: =+J5*O5 -> 0 | V5: =+K5*O5 -> 0 | W5: =+L5*O5 -> 0 | X5: =+M5*O5 -> 0 | Y5: =+SUM(P5:X5) -> 14365286 | AA5: TOTAL | AB5: =+SUM(AB3:AB4) -> 19572266
A6: 4 | B6: 14 | C6: Agitador tipo vórtex para tubos | D6: UNIDAD | E6: 0 | F6: 2 | G6: 0 | H6: 0 | I6: 0 | J6: 0 | K6: 0 | L6: 0 | M6: 0 | N6: =+SUM(E6:F6) -> 2 | O6: 2603490 | P6: =+E6*O6 -> 0 | Q6: =+F6*O6 -> 5206980 | R6: =+G6*O6 -> 0 | S6: =+H6*O6 -> 0 | T6: =+I6*O6 -> 0 | U6: =+J6*O6 -> 0 | V6: =+K6*O6 -> 0 | W6: =+L6*O6 -> 0 | X6: =+M6*O6 -> 0 | Y6: =+SUM(P6:X6) -> 5206980
B7: TOTAL REGIONALIZADO | P7: =+SUM(P5:P6) -> 14365286 | Q7: =+SUM(Q5:Q6) -> 5206980 | R7: =+SUM(R5:R6) -> 0 | S7: =+SUM(S5:S6) -> 0 | T7: =+SUM(T5:T6) -> 0 | U7: =+SUM(U5:U6) -> 0 | V7: =+SUM(V5:V6) -> 0 | W7: =+SUM(W5:W6) -> 0 | X7: =+SUM(X5:X6) -> 0 | Y7: =SUM(Y5:Y6) -> 19572266
AF8: Etiquetas de fila | AG8: Suma de valor REG bta | AH8: Suma de valor REG oriente
B9: info presupuestal | AB9: Suma de valor REG bta | AC9: Suma de valor REG oriente | AD9: total | AF9: 4 | AG9: 14365286 | AH9: 5206980
B10: =+AF10 -> código Rubro = A- 2901-0800-14-20111D-2901006-02 Nombre del proyecto = MEJORAMIENTO DE LOS PROCEDIMIENTOS Y DE LA CAPACIDAD DE RESPUESTA EN LOS SERVICIOS DE PATOLOGÍA FORENSE A NIVEL NACIONAL Nombre del Poducto = SERVICIO DE INVESTIGACION PENAL, CRIMINALISTICA Y MEDICINA LEGAL Nombre del Objeto del Gasto = ADQUISICIÓN DE BIENES Y SERVICIOS Actividad Asociada = disponer de equipos, insumos y reactivos a los laboratorios en casos de accidentes de transito | AB10: =+AG10 -> 14365286 | AC10: =+AH10 -> 0 | AD10: =+AB10+AC10 -> 14365286 | AF10: código Rubro = A- 2901-0800-14-20111D-2901006-02 Nombre del proyecto = MEJORAMIENTO DE LOS PROCEDIMIENTOS Y DE LA CAPACIDAD DE RESPUESTA EN LOS SERVICIOS DE PATOLOGÍA FORENSE A NIVEL NACIONAL Nombre del Poducto = SERVICIO DE INVESTIGACION PENAL, CRIMINALISTICA Y MEDICINA LEGAL Nombre del Objeto del Gasto = ADQUISICIÓN DE BIENES Y SERVICIOS Actividad Asociada = disponer de equipos, insumos y reactivos a los laboratorios en casos de accidentes de transito | AG10: 14365286 | AH10: 0
B11: =+AF11 -> código Rubro = B-2901-0800-16-20113A-2901002-02 Nombre del proyecto = FORTALECIMIENTO DEL INSTITUTO NACIONAL DE MEDICINA LEGAL Y CIENCIAS FORENSES EN ATENCIÓN A LOS RETOS DEL POSCONFLICTO A NIVEL NACIONAL Nombre del Poducto = SERVICIOS DE LABORATORIO FORENSE Nombre del Objeto del Gasto = ADQUISICIÓN DE BIENES Y SERVICIOS Actividad Asociada = disponer de insumos, reactivos y equipos según necesidades de los laboratorios forenses | AB11: =+AG11 -> 0 | AC11: =+AH11 -> 5206980 | AD11: =+AB11+AC11 -> 5206980 | AF11: código Rubro = B-2901-0800-16-20113A-2901002-02 Nombre del proyecto = FORTALECIMIENTO DEL INSTITUTO NACIONAL DE MEDICINA LEGAL Y CIENCIAS FORENSES EN ATENCIÓN A LOS RETOS DEL POSCONFLICTO A NIVEL NACIONAL Nombre del Poducto = SERVICIOS DE LABORATORIO FORENSE Nombre del Objeto del Gasto = ADQUISICIÓN DE BIENES Y SERVICIOS Actividad Asociada = disponer de insumos, reactivos y equipos según necesidades de los laboratorios forenses | AG11: 0 | AH11: 5206980
B12: TOTAL | AB12: =+SUM(AB10:AB11) -> 14365286 | AC12: =SUM(AC10:AC11) -> 5206980 | AD12: =+SUM(AD10:AD11) -> 19572266 | AF12: Total general | AG12: 14365286 | AH12: 5206980
AD13: =+AD12=AB5 -> TRUE

Sheet DATOS REGIONALIZADO LOTE 5
O1: VALOR UNITARIO PROMEDIO (INCLUÍDO IVA) en caso de que aplique o impuestos a que haya lugar | P1: TOTAL REGIONALIZADO | AA1: REGIONALIZADO
A2: LOTE | B2: # ITEM | C2: DESCRIPCIÓN | D2: PRESENTACIÓN | E2: CANTIDAD REGIONALIZADA | N2: CANTIDAD TOTAL / ESTIMADA | P2: VALOR TOTAL REGIONALIZADO | Y2: VALOR TOTAL | AA2: REGIONAL | AB2: VALOR TOTAL
AA3: =+P4 -> BOGOTÁ | AB3: =+P9 -> 228239620
E4: BOGOTÁ | F4: ORIENTE | G4: CENTRAL | H4: SUR | I4: NORTE | J4: OCCIDENTE | K4: NOROCCIDENTE | L4: SUROCCIDENTE | M4: NORORIENTE | P4: =+E4 -> BOGOTÁ | Q4: =+F4 -> ORIENTE | R4: =+G4 -> CENTRAL | S4: =+H4 -> SUR | T4: =+I4 -> NORTE | U4: =+J4 -> OCCIDENTE | V4: =+K4 -> NOROCCIDENTE | W4: =+L4 -> SUROCCIDENTE | X4: =+M4 -> NORORIENTE | AA4: =++Q4 -> ORIENTE | AB4: =+Q9 -> 311013811
A5: =+'[1]INGRESO DE DATOS '!A4 -> 5 | B5: 15 | C5: Centrifuga de mesa de altas revoluciones con refrigeración: | D5: UNIDAD | E5: 2 | F5: 0 | G5: 0 | H5: 0 | I5: 0 | J5: 0 | K5: 0 | L5: 0 | M5: 0 | N5: =+E5+F5 -> 2 | O5: 114119810 | P5: =+E5*O5 -> 228239620 | Q5: =+F5*O5 -> 0 | R5: =+G5*O5 -> 0 | S5: =+H5*O5 -> 0 | T5: =+I5*O5 -> 0 | U5: =+J5*O5 -> 0 | V5: =+K5*O5 -> 0 | W5: =+L5*O5 -> 0 | X5: =+M5*O5 -> 0 | Y5: =+SUM(P5:X5) -> 228239620 | AA5: TOTAL | AB5: =+SUM(AB3:AB4) -> 539253431
A6: =+'[1]INGRESO DE DATOS '!A5 -> 5 | B6: 16 | C6: Centrifuga de mesa no refrigerada | D6: UNIDAD | E6: 0 | F6: 1 | G6: 0 | H6: 0 | I6: 0 | J6: 0 | K6: 0 | L6: 0 | M6: 0 | N6: =+E6+F6 -> 1 | O6: 73211033 | P6: =+E6*O6 -> 0 | Q6: =+F6*O6 -> 73211033 | R6: =+G6*O6 -> 0 | S6: =+H6*O6 -> 0 | T6: =+I6*O6 -> 0 | U6: =+J6*O6 -> 0 | V6: =+K6*O6 -> 0 | W6: =+L6*O6 -> 0 | X6: =+M6*O6 -> 0 | Y6: =+SUM(P6:X6) -> 73211033
A7: =+'[1]INGRESO DE DATOS '!A6 -> 5 | B7: 17 | C7: Centrífuga de Piso refrigerada. | D7: UNIDAD | E7: 0 | F7: 2 | G7: 0 | H7: 0 | I7: 0 | J7: 0 | K7: 0 | L7: 0 | M7: 0 | N7: =+E7+F7 -> 2 | O7: 111426840 | P7: =+E7*O7 -> 0 | Q7: =+F7*O7 -> 222853680 | R7: =+G7*O7 -> 0 | S7: =+H7*O7 -> 0 | T7: =+I7*O7 -> 0 | U7: =+J7*O7 -> 0 | V7: =+K7*O7 -> 0 | W7: =+L7*O7 -> 0 | X7: =+M7*O7 -> 0 | Y7: =+SUM(P7:X7) -> 222853680
A8: =+'[1]INGRESO DE DATOS '!A7 -> 5 | B8: 18 | C8: Microcentrífuga de alta velocidad tipo MiniSpli | D8: UNIDAD | E8: 0 | F8: 2 | G8: 0 | H8: 0 | I8: 0 | J8: 0 | K8: 0 | L8: 0 | M8: 0 | N8: =+E8+F8 -> 2 | O8: 7474549 | P8: =+E8*O8 -> 0 | Q8: =+F8*O8 -> 14949098 | R8: =+G8*O8 -> 0 | S8: =+H8*O8 -> 0 | T8: =+I8*O8 -> 0 | U8: =+J8*O8 -> 0 | V8: =+K8*O8 -> 0 | W8: =+L8*O8 -> 0 | X8: =+M8*O8 -> 0 | Y8: =+SUM(P8:X8) -> 14949098
B9: TOTAL REGIONALIZADO | P9: =+SUM(P5:P8) -> 228239620 | Q9: =+SUM(Q5:Q8) -> 311013811 | R9: =+SUM(R5:R8) -> 0 | S9: =+SUM(S5:S8) -> 0 | T9: =+SUM(T5:T8) -> 0 | U9: =+SUM(U5:U8) -> 0 | V9: =+SUM(V5:V8) -> 0 | W9: =+SUM(W5:W8) -> 0 | X9: =+SUM(X5:X8) -> 0 | Y9: =SUM(Y5:Y8) -> 539253431
AF10: Etiquetas de fila | AG10: Suma de valor REG bta | AH10: Suma de valor REG oriente
B11: info presupuestal | AB11: Suma de valor REG bta | AC11: Suma de valor REG oriente | AD11: total | AF11: 5 | AG11: 228239620 | AH11: 311013811
B12: =+AF24 -> código Rubro = A- 2901-0800-14-20111D-2901006-02 Nombre del proyecto = MEJORAMIENTO DE LOS PROCEDIMIENTOS Y DE LA CAPACIDAD DE RESPUESTA EN LOS SERVICIOS DE PATOLOGÍA FORENSE A NIVEL NACIONAL Nombre del Poducto = SERVICIO DE INVESTIGACION PENAL, CRIMINALISTICA Y MEDICINA LEGAL Nombre del Objeto del Gasto = ADQUISICIÓN DE BIENES Y SERVICIOS Actividad Asociada = disponer de equipos, insumos y reactivos a los laboratorios en casos de accidentes de transito | AB12: =+AG24 -> 0 | AC12: =+AH24 -> 14949098 | AD12: =+AB12+AC12 -> 14949098 | AF12: código Rubro = A- 2901-0800-14-20111D-2901006-02 Nombre del proyecto = MEJORAMIENTO DE LOS PROCEDIMIENTOS Y DE LA CAPACIDAD DE RESPUESTA EN LOS SERVICIOS DE PATOLOGÍA FORENSE A NIVEL NACIONAL Nombre del Poducto = SERVICIO DE INVESTIGACION PENAL, CRIMINALISTICA Y MEDICINA LEGAL Nombre del Objeto del Gasto = ADQUISICIÓN DE BIENES Y SERVICIOS Actividad Asociada = disponer de equipos, insumos y reactivos a los laboratorios en casos de accidentes de transito | AG12: 0 | AH12: 14949098
B13: =+AF25 -> código Rubro = A-2901-0800-16-20113A-2901007-02 Nombre del proyecto = FORTALECIMIENTO DEL INSTITUTO NACIONAL DE MEDICINA LEGAL Y CIENCIAS FORENSES EN ATENCIÓN A LOS RETOS DEL POSCONFLICTO A NIVEL NACIONAL Nombre del Poducto = SERVICIOS DE GENETICA FORENSE Nombre del Objeto del Gasto = ADQUISICIÓN DE BIENES Y SERVICIOS Actividad Asociada = Disponer de reactivos, insumos, equipos y herramientas informaticas para los laboratorios de genética | AB13: =+AG25 -> 0 | AC13: =+AH25 -> 216627055 | AD13: =+AB13+AC13 -> 216627055 | AE13: =AD13-AC13 -> 0 | AF13: código Rubro = A-2901-0800-16-20113A-2901007-02 Nombre del proyecto = FORTALECIMIENTO DEL INSTITUTO NACIONAL DE MEDICINA LEGAL Y CIENCIAS FORENSES EN ATENCIÓN A LOS RETOS DEL POSCONFLICTO A NIVEL NACIONAL Nombre del Poducto = SERVICIOS DE GENETICA FORENSE Nombre del Objeto del Gasto = ADQUISICIÓN DE BIENES Y SERVICIOS Actividad Asociada = Disponer de reactivos, insumos, equipos y herramientas informaticas para los laboratorios de genética | AG13: 0 | AH13: 216627055
B14: =+AF26 -> código Rubro = A-2901-0800-9-20111D-2901002-02 Nombre del proyecto = FORTALECIMIENTO DE LA CAPACIDAD Y CALIDAD CIENTÍFICA DE LOS ENSAYOS REALIZADOS EN LOS LABORATORIOS FORENSES NACIONAL Nombre del Poducto = SERVICIOS DE LABORATORIO FORENSE Nombre del Objeto del Gasto = ADQUISICIÓN DE BIENES Y SERVICIOS Actividad Asociada = disponer de insumos, reactivos y equipos según necesidades de los laboratorios forenses | AB14: =+AG26 -> 0 | AC14: =+AH26 -> 73211033 | AD14: =+AB14+AC14 -> 73211033 | AF14: código Rubro = A-2901-0800-9-20111D-2901002-02 Nombre del proyecto = FORTALECIMIENTO DE LA CAPACIDAD Y CALIDAD CIENTÍFICA DE LOS ENSAYOS REALIZADOS EN LOS LABORATORIOS FORENSES NACIONAL Nombre del Poducto = SERVICIOS DE LABORATORIO FORENSE Nombre del Objeto del Gasto = ADQUISICIÓN DE BIENES Y SERVICIOS Actividad Asociada = disponer de insumos, reactivos y equipos según necesidades de los laboratorios forenses | AG14: 0 | AH14: 73211033
B15: =+AF27 -> código Rubro = B-2901-0800-16-20113A-2901002-02 Nombre del proyecto = FORTALECIMIENTO DEL INSTITUTO NACIONAL DE MEDICINA LEGAL Y CIENCIAS FORENSES EN ATENCIÓN A LOS RETOS DEL POSCONFLICTO A NIVEL NACIONAL Nombre del Poducto = SERVICIOS DE LABORATORIO FORENSE Nombre del Objeto del Gasto = ADQUISICIÓN DE BIENES Y SERVICIOS Actividad Asociada = disponer de insumos, reactivos y equipos según necesidades de los laboratorios forenses | AB15: =+AG27 -> 228239620 | AC15: =+AH27 -> 6226625 | AD15: =+AB15+AC15 -> 234466245 | AE15: =AB15+AC15 -> 234466245 | AF15: código Rubro = B-2901-0800-16-20113A-2901002-02 Nombre del proyecto = FORTALECIMIENTO DEL INSTITUTO NACIONAL DE MEDICINA LEGAL Y CIENCIAS FORENSES EN ATENCIÓN A LOS RETOS DEL POSCONFLICTO A NIVEL NACIONAL Nombre del Poducto = SERVICIOS DE LABORATORIO FORENSE Nombre del Objeto del Gasto = ADQUISICIÓN DE BIENES Y SERVICIOS Actividad Asociada = disponer de insumos, reactivos y equipos según necesidades de los laboratorios forenses | AG15: 228239620 | AH15: 6226625
B16: TOTAL | AB16: =+SUM(AB12:AB15) -> 228239620 | AC16: =+SUM(AC12:AC15) -> 311013811 | AD16: =+SUM(AD12:AD15) -> 539253431 | AE16: =+AD16=AB5 -> TRUE | AF16: Total general | AG16: 228239620 | AH16: 311013811
AF22: Etiquetas de fila | AG22: Suma de valor REG bta | AH22: Suma de valor REG oriente
AF23: 5 | AG23: 228239620 | AH23: 311013811
AC24: =+B12=AF24 -> TRUE | AF24: código Rubro = A- 2901-0800-14-20111D-2901006-02 Nombre del proyecto = MEJORAMIENTO DE LOS PROCEDIMIENTOS Y DE LA CAPACIDAD DE RESPUESTA EN LOS SERVICIOS DE PATOLOGÍA FORENSE A NIVEL NACIONAL Nombre del Poducto = SERVICIO DE INVESTIGACION PENAL, CRIMINALISTICA Y MEDICINA LEGAL Nombre del Objeto del Gasto = ADQUISICIÓN DE BIENES Y SERVICIOS Actividad Asociada = disponer de equipos, insumos y reactivos a los laboratorios en casos de accidentes de transito | AG24: 0 | AH24: 14949098
AC25: =+B13=AF25 -> TRUE | AF25: código Rubro = A-2901-0800-16-20113A-2901007-02 Nombre del proyecto = FORTALECIMIENTO DEL INSTITUTO NACIONAL DE MEDICINA LEGAL Y CIENCIAS FORENSES EN ATENCIÓN A LOS RETOS DEL POSCONFLICTO A NIVEL NACIONAL Nombre del Poducto = SERVICIOS DE GENETICA FORENSE Nombre del Objeto del Gasto = ADQUISICIÓN DE BIENES Y SERVICIOS Actividad Asociada = Disponer de reactivos, insumos, equipos y herramientas informaticas para los laboratorios de genética | AG25: 0 | AH25: 216627055
AC26: =+B14=AF26 -> TRUE | AF26: código Rubro = A-2901-0800-9-20111D-2901002-02 Nombre del proyecto = FORTALECIMIENTO DE LA CAPACIDAD Y CALIDAD CIENTÍFICA DE LOS ENSAYOS REALIZADOS EN LOS LABORATORIOS FORENSES NACIONAL Nombre del Poducto = SERVICIOS DE LABORATORIO FORENSE Nombre del Objeto del Gasto = ADQUISICIÓN DE BIENES Y SERVICIOS Actividad Asociada = disponer de insumos, reactivos y equipos según necesidades de los laboratorios forenses | AG26: 0 | AH26: 73211033
AC27: =+B15=AF27 -> TRUE | AF27: código Rubro = B-2901-0800-16-20113A-2901002-02 Nombre del proyecto = FORTALECIMIENTO DEL INSTITUTO NACIONAL DE MEDICINA LEGAL Y CIENCIAS FORENSES EN ATENCIÓN A LOS RETOS DEL POSCONFLICTO A NIVEL NACIONAL Nombre del Poducto = SERVICIOS DE LABORATORIO FORENSE Nombre del Objeto del Gasto = ADQUISICIÓN DE BIENES Y SERVICIOS Actividad Asociada = disponer de insumos, reactivos y equipos según necesidades de los laboratorios forenses | AG27: 228239620 | AH27: 6226625
AF28: Total general | AG28: 228239620 | AH28: 311013811
AD29: =AD12+AD13+AD14+AD15 -> 539253431

Sheet DATOS REGIONALIZADO LOTE 6
O1: VALOR UNITARIO PROMEDIO (INCLUÍDO IVA) en caso de que aplique o impuestos a que haya lugar | P1: TOTAL REGIONALIZADO
A2: LOTE | B2: # ITEM | C2: DESCRIPCIÓN | D2: PRESENTACIÓN | E2: CANTIDAD REGIONALIZADA | N2: CANTIDAD TOTAL / ESTIMADA | P2: VALOR TOTAL REGIONALIZADO | Y2: VALOR TOTAL
AB3: REGIONALIZADO
E4: BOGOTÁ | F4: ORIENTE | G4: CENTRAL | H4: SUR | I4: NORTE | J4: OCCIDENTE | K4: NOROCCIDENTE | L4: SUROCCIDENTE | M4: NORORIENTE | P4: =+E4 -> BOGOTÁ | Q4: =+F4 -> ORIENTE | R4: =+G4 -> CENTRAL | S4: =+H4 -> SUR | T4: =+I4 -> NORTE | U4: =+J4 -> OCCIDENTE | V4: =+K4 -> NOROCCIDENTE | W4: =+L4 -> SUROCCIDENTE | X4: =+M4 -> NORORIENTE | AB4: REGIONAL | AC4: VALOR TOTAL
A5: 6 | B5: 19 | C5: scaner 3D portatil e inalambrico CR de alta precisión | D5: UNIDAD | E5: 1 | F5: 0 | G5: 0 | H5: 0 | I5: 0 | J5: 0 | K5: 0 | L5: 0 | M5: 0 | N5: =+SUM(E5:F5) -> 1 | O5: 19359943 | P5: =+E5*O5 -> 19359943 | Q5: =+F5*O5 -> 0 | R5: =+G5*O5 -> 0 | S5: =+H5*O5 -> 0 | T5: =+I5*O5 -> 0 | U5: =+J5*O5 -> 0 | V5: =+K5*O5 -> 0 | W5: =+L5*O5 -> 0 | X5: =+M5*O5 -> 0 | Y5: =+SUM(P5:X5) -> 19359943 | AB5: =+P4 -> BOGOTÁ | AC5: =+SUM(P5:P6) -> 34833145
A6: 6 | B6: 20 | C6: impresora 3D | D6: UNIDAD | E6: 1 | F6: 0 | G6: 0 | H6: 0 | I6: 0 | J6: 0 | K6: 0 | L6: 0 | M6: 0 | N6: =+SUM(E6:F6) -> 1 | O6: 15473202 | P6: =+E6*O6 -> 15473202 | Q6: =+F6*O6 -> 0 | R6: =+G6*O6 -> 0 | S6: =+H6*O6 -> 0 | T6: =+I6*O6 -> 0 | U6: =+J6*O6 -> 0 | V6: =+K6*O6 -> 0 | W6: =+L6*O6 -> 0 | X6: =+M6*O6 -> 0 | Y6: =+SUM(P6:X6) -> 15473202 | AB6: =+Q4 -> ORIENTE | AC6: =SUM(Q5:Q6) -> 0
B7: TOTAL REGIONALIZADO | P7: =+SUM(P5:P6) -> 34833145 | Q7: =+SUM(Q5:Q6) -> 0 | R7: =+SUM(R5:R6) -> 0 | S7: =+SUM(S5:S6) -> 0 | T7: =+SUM(T5:T6) -> 0 | U7: =+SUM(U5:U6) -> 0 | V7: =+SUM(V5:V6) -> 0 | W7: =+SUM(W5:W6) -> 0 | X7: =+SUM(X5:X6) -> 0 | Y7: =SUM(Y5:Y6) -> 34833145 | AB7: TOTAL | AC7: =+SUM(AC5:AC6) -> 34833145
AD9: =+AC7=AD12 -> TRUE
B10: info presupuestal | AB10: Suma de valor REG bta | AC10: Suma de valor REG oriente | AD10: total
B11: =+AG16 -> código Rubro = A-2901-0800-16-20113A-2901002-02 Nombre del proyecto = FORTALECIMIENTO DEL INSTITUTO NACIONAL DE MEDICINA LEGAL Y CIENCIAS FORENSES EN ATENCIÓN A LOS RETOS DEL POSCONFLICTO A NIVEL NACIONAL Nombre del Poducto = SERVICIOS DE LABORATORIO FORENSE Nombre del Objeto del Gasto = ADQUISICIÓN DE BIENES Y SERVICIOS Actividad Asociada = contar con enseres, equipos de oficina y equipos para la dotación de los laboratorios forense de antropología | AB11: =+AH15 -> 34833145 | AC11: =+AI15 -> 0 | AD11: =+AB11+AC11 -> 34833145
B12: TOTAL | AB12: =+AB11 -> 34833145 | AC12: =+AC11 -> 0 | AD12: =+AD11 -> 34833145
AG14: Etiquetas de fila | AH14: Suma de valor REG bta | AI14: Suma de valor REG oriente
AG15: 6 | AH15: 34833145 | AI15: 0
AE16: =+B11=AG16 -> TRUE | AG16: código Rubro = A-2901-0800-16-20113A-2901002-02 Nombre del proyecto = FORTALECIMIENTO DEL INSTITUTO NACIONAL DE MEDICINA LEGAL Y CIENCIAS FORENSES EN ATENCIÓN A LOS RETOS DEL POSCONFLICTO A NIVEL NACIONAL Nombre del Poducto = SERVICIOS DE LABORATORIO FORENSE Nombre del Objeto del Gasto = ADQUISICIÓN DE BIENES Y SERVICIOS Actividad Asociada = contar con enseres, equipos de oficina y equipos para la dotación de los laboratorios forense de antropología | AH16: 34833145 | AI16: 0
AG17: Total general | AH17: 34833145 | AI17: 0

Sheet AJUSTADO
B1: RESOLUCION 00001 DE ENERO 2 DE 2025
J2: CONCEPTO | K2: VALOR | M2: LOTE 1 | O2: LOTE2 | Q2: LOTE3 | S2: LOTE4 | U2: LOTE5
J3: INVERSIÓN | K3: 114155647000 | L3: asignación | M3: BOGOTA | N3: ORIENTE | O3: BOGOTA | P3: ORIENTE | Q3: BOGOTA | R3: ORIENTE | S3: BOGOTA | T3: ORIENTE | U3: BOGOTA
J4: 2901-0800-9-20111D-2901002-02
J5: FORTALECIMIENTO DE LA CAPACIDAD Y CALIDAD CIENTÍFICA DE LOS ENSAYOS REALIZADOS EN LOS LABORATORIOS FORENSES NACIONAL | K5: 11474400000
A6: =+CONCATENATE("A-",B6) -> A-2901-0800-9-20111D-2901002-02 | B6: 2901-0800-9-20111D-2901002-02 | C6: FORTALECIMIENTO DE LA CAPACIDAD Y CALIDAD CIENTÍFICA DE LOS ENSAYOS REALIZADOS EN LOS LABORATORIOS FORENSES NACIONAL | D6: SERVICIOS DE LABORATORIO FORENSE | E6: ADQUISICIÓN DE BIENES Y SERVICIOS | F6: disponer de insumos, reactivos y equipos según necesidades de los laboratorios forenses | G6: =+CONCATENATE("Nombre del proyecto = ",C6," Nombre del Poducto = ",D6," Nombre del Objeto del Gasto = ",E6," Actividad Asociada = ",F6) -> Nombre del proyecto = FORTALECIMIENTO DE LA CAPACIDAD Y CALIDAD CIENTÍFICA DE LOS ENSAYOS REALIZADOS EN LOS LABORATORIOS FORENSES NACIONAL Nombre del Poducto = SERVICIOS DE LABORATORIO FORENSE Nombre del Objeto del Gasto = ADQUISICIÓN DE BIENES Y SERVICIOS Actividad Asociada = disponer de insumos, reactivos y equipos según necesidades de los laboratorios forenses | H6: =+'VERIFICACION '!I12 -> 570771360 | J6: SERVICIOS DE LABORATORIO FORENSE | K6: =+SUM(L7:L11) -> 455552981
C7: =+C6=J5 -> TRUE | J7: ADQUISICIÓN DE BIENES Y SERVICIOS | K7: 11474400000
J8: disponer de insumos, reactivos y equipos según necesidades de los laboratorios forenses | L8: 100000000
J9: disponer de insumos, reactivos y equipos según necesidades de los laboratorios forenses | L9: 295552981
J10: disponer de insumos, reactivos y equipos según necesidades de los laboratorios forenses | L10: 30000000
J11: disponer de insumos, reactivos y equipos según necesidades de los laboratorios forenses | L11: 30000000
K12: =+SUM(L7:L11) -> 455552981
J13: 2901-0800-14-20111D-2901006-02 | L13: 2901-0800-14-20111D-2901010-02
J14: MEJORAMIENTO DE LOS PROCEDIMIENTOS Y DE LA CAPACIDAD DE RESPUESTA EN LOS SERVICIOS DE PATOLOGÍA FORENSE A NIVEL NACIONAL | K14: 1191767000 | L14: MEJORAMIENTO DE LOS PROCEDIMIENTOS Y DE LA CAPACIDAD DE RESPUESTA EN LOS SERVICIOS DE PATOLOGÍA FORENSE A NIVEL NACIONAL
J15: SERVICIO DE INVESTIGACION PENAL, CRIMINALISTICA Y MEDICINA LEGAL | L15: ADQUISICIÓN DE BIENES Y SERVICIOS
J16: ADQUISICIÓN DE BIENES Y SERVICIOS | K16: 4332952000
A17: =+CONCATENATE("A- ",J13) -> A- 2901-0800-14-20111D-2901006-02 | C17: MEJORAMIENTO DE LOS PROCEDIMIENTOS Y DE LA CAPACIDAD DE RESPUESTA EN LOS SERVICIOS DE PATOLOGÍA FORENSE A NIVEL NACIONAL | D17: SERVICIO DE INVESTIGACION PENAL, CRIMINALISTICA Y MEDICINA LEGAL | E17: ADQUISICIÓN DE BIENES Y SERVICIOS | F17: disponer de equipos, insumos y reactivos a los laboratorios en casos de accidentes de transito | G17: =+CONCATENATE("Nombre del proyecto = ",C17," Nombre del Poducto = ",D17," Nombre del Objeto del Gasto = ",E17," Actividad Asociada = ",F17) -> Nombre del proyecto = MEJORAMIENTO DE LOS PROCEDIMIENTOS Y DE LA CAPACIDAD DE RESPUESTA EN LOS SERVICIOS DE PATOLOGÍA FORENSE A NIVEL NACIONAL Nombre del Poducto = SERVICIO DE INVESTIGACION PENAL, CRIMINALISTICA Y MEDICINA LEGAL Nombre del Objeto del Gasto = ADQUISICIÓN DE BIENES Y SERVICIOS Actividad Asociada = disponer de equipos, insumos y reactivos a los laboratorios en casos de accidentes de transito | J17: disponer de equipos, insumos y reactivos a los laboratorios en casos de accidentes de transito | K17: =+L17 -> 100920000 | L17: 100920000
A18: =+CONCATENATE("B-",J13) -> B-2901-0800-14-20111D-2901006-02 | C18: MEJORAMIENTO DE LOS PROCEDIMIENTOS Y DE LA CAPACIDAD DE RESPUESTA EN LOS SERVICIOS DE PATOLOGÍA FORENSE A NIVEL NACIONAL | D18: SERVICIO DE INVESTIGACION PENAL, CRIMINALISTICA Y MEDICINA LEGAL | E18: ADQUISICIÓN DE BIENES Y SERVICIOS | F18: disponer con bienes y servicios según los requisitos de la NTC ISO/IEC 17025 en casos de accidentes de transito | G18: =+CONCATENATE("Nombre del proyecto = ",C18," Nombre del Poducto = ",D18," Nombre del Objeto del Gasto = ",E18," Actividad Asociada = ",F18) -> Nombre del proyecto = MEJORAMIENTO DE LOS PROCEDIMIENTOS Y DE LA CAPACIDAD DE RESPUESTA EN LOS SERVICIOS DE PATOLOGÍA FORENSE A NIVEL NACIONAL Nombre del Poducto = SERVICIO DE INVESTIGACION PENAL, CRIMINALISTICA Y MEDICINA LEGAL Nombre del Objeto del Gasto = ADQUISICIÓN DE BIENES Y SERVICIOS Actividad Asociada = disponer con bienes y servicios según los requisitos de la NTC ISO/IEC 17025 en casos de accidentes de transito | J18: disponer con bienes y servicios según los requisitos de la NTC ISO/IEC 17025 en casos de accidentes de transito | K18: =+L18 -> 130000000 | L18: 130000000 | M18: 461 oficio
J19: 2901-0800-14-20111D-2901010-02
J20: MEJORAMIENTO DE LOS PROCEDIMIENTOS Y DE LA CAPACIDAD DE RESPUESTA EN LOS SERVICIOS DE PATOLOGÍA FORENSE A NIVEL NACIONAL
J21: ADQUISICIÓN DE BIENES Y SERVICIOS | K21: 1191767000
J22: SALAS DE NECROPSIAS DOTADAS
A23: C-2901-0800-14-20111D-2901010-02 | C23: MEJORAMIENTO DE LOS PROCEDIMIENTOS Y DE LA CAPACIDAD DE RESPUESTA EN LOS SERVICIOS DE PATOLOGÍA FORENSE A NIVEL NACIONAL | D23: =+J22 -> SALAS DE NECROPSIAS DOTADAS | E23: =+J21 -> ADQUISICIÓN DE BIENES Y SERVICIOS | F23: disponer de equipos, instrumental, insumos y aplicativos en casos de rutina, de muertes colectivas y desastres a nivel nacional | G23: =+CONCATENATE("Nombre del proyecto = ",C23," Nombre del Poducto = ",D23," Nombre del Objeto del Gasto = ",E23," Actividad Asociada = ",F23) -> Nombre del proyecto = MEJORAMIENTO DE LOS PROCEDIMIENTOS Y DE LA CAPACIDAD DE RESPUESTA EN LOS SERVICIOS DE PATOLOGÍA FORENSE A NIVEL NACIONAL Nombre del Poducto = SALAS DE NECROPSIAS DOTADAS Nombre del Objeto del Gasto = ADQUISICIÓN DE BIENES Y SERVICIOS Actividad Asociada = disponer de equipos, instrumental, insumos y aplicativos en casos de rutina, de muertes colectivas y desastres a nivel nacional | J23: disponer de equipos, instrumental, insumos y aplicativos en casos de rutina, de muertes colectivas y desastres a nivel nacional | K23: =+L23 -> 300000000 | L23: 300000000
C24: =+J14=C23 -> TRUE | J24: 2901-0800-16-20113A-2901002-02
J25: FORTALECIMIENTO DEL INSTITUTO NACIONAL DE MEDICINA LEGAL Y CIENCIAS FORENSES EN ATENCIÓN A LOS RETOS DEL POSCONFLICTO A NIVEL NACIONAL | K25: 21856000000
J26: SERVICIOS DE LABORATORIO FORENSE
J27: ADQUISICIÓN DE BIENES Y SERVICIOS | K27: 14263763540 | L27: =+M28 -> 115218379
A28: =+CONCATENATE("A-",J24) -> A-2901-0800-16-20113A-2901002-02 | C28: FORTALECIMIENTO DEL INSTITUTO NACIONAL DE MEDICINA LEGAL Y CIENCIAS FORENSES EN ATENCIÓN A LOS RETOS DEL POSCONFLICTO A NIVEL NACIONAL | D28: SERVICIOS DE LABORATORIO FORENSE | E28: ADQUISICIÓN DE BIENES Y SERVICIOS | F28: contar con enseres, equipos de oficina y equipos para la dotación de los laboratorios forense de antropología | G28: =+CONCATENATE("Nombre del proyecto = ",C28," Nombre del Poducto = ",D28," Nombre del Objeto del Gasto = ",E28," Actividad Asociada = ",F28) -> Nombre del proyecto = FORTALECIMIENTO DEL INSTITUTO NACIONAL DE MEDICINA LEGAL Y CIENCIAS FORENSES EN ATENCIÓN A LOS RETOS DEL POSCONFLICTO A NIVEL NACIONAL Nombre del Poducto = SERVICIOS DE LABORATORIO FORENSE Nombre del Objeto del Gasto = ADQUISICIÓN DE BIENES Y SERVICIOS Actividad Asociada = contar con enseres, equipos de oficina y equipos para la dotación de los laboratorios forense de antropología | J28: contar con enseres, equipos de oficina y equipos para la dotación de los laboratorios forense de antropología | K28: =+L28+M28 -> 465218379 | L28: 350000000 | M28: 115218379
A29: =+CONCATENATE("B-",J24) -> B-2901-0800-16-20113A-2901002-02 | C29: FORTALECIMIENTO DEL INSTITUTO NACIONAL DE MEDICINA LEGAL Y CIENCIAS FORENSES EN ATENCIÓN A LOS RETOS DEL POSCONFLICTO A NIVEL NACIONAL | D29: SERVICIOS DE LABORATORIO FORENSE | E29: ADQUISICIÓN DE BIENES Y SERVICIOS | F29: disponer de insumos, reactivos y equipos según necesidades de los laboratorios forenses | G29: =+CONCATENATE("Nombre del proyecto = ",C29," Nombre del Poducto = ",D29," Nombre del Objeto del Gasto = ",E29," Actividad Asociada = ",F29) -> Nombre del proyecto = FORTALECIMIENTO DEL INSTITUTO NACIONAL DE MEDICINA LEGAL Y CIENCIAS FORENSES EN ATENCIÓN A LOS RETOS DEL POSCONFLICTO A NIVEL NACIONAL Nombre del Poducto = SERVICIOS DE LABORATORIO FORENSE Nombre del Objeto del Gasto = ADQUISICIÓN DE BIENES Y SERVICIOS Actividad Asociada = disponer de insumos, reactivos y equipos según necesidades de los laboratorios forenses | J29: disponer de insumos, reactivos y equipos según necesidades de los laboratorios forenses | K29: =+L29 -> 98308640 | L29: 98308640 | N29: =+M29+L29 -> 98308640
J31: 2901-0800-16-20113A-2901007-02
J33: SERVICIOS DE GENETICA FORENSE
J34: ADQUISICIÓN DE BIENES Y SERVICIOS | K34: 5531215836
A35: =+CONCATENATE("A-",J31) -> A-2901-0800-16-20113A-2901007-02 | C35: FORTALECIMIENTO DEL INSTITUTO NACIONAL DE MEDICINA LEGAL Y CIENCIAS FORENSES EN ATENCIÓN A LOS RETOS DEL POSCONFLICTO A NIVEL NACIONAL | D35: SERVICIOS DE GENETICA FORENSE | E35: ADQUISICIÓN DE BIENES Y SERVICIOS | F35: Disponer de reactivos, insumos, equipos y herramientas informaticas para los laboratorios de genética | G35: =+CONCATENATE("Nombre del proyecto = ",C35," Nombre del Poducto = ",D35," Nombre del Objeto del Gasto = ",E35," Actividad Asociada = ",F35) -> Nombre del proyecto = FORTALECIMIENTO DEL INSTITUTO NACIONAL DE MEDICINA LEGAL Y CIENCIAS FORENSES EN ATENCIÓN A LOS RETOS DEL POSCONFLICTO A NIVEL NACIONAL Nombre del Poducto = SERVICIOS DE GENETICA FORENSE Nombre del Objeto del Gasto = ADQUISICIÓN DE BIENES Y SERVICIOS Actividad Asociada = Disponer de reactivos, insumos, equipos y herramientas informaticas para los laboratorios de genética | J35: Disponer de reactivos, insumos, equipos y herramientas informaticas para los laboratorios de genética | K35: =+SUM(L35:L38) -> 300000000 | L35: 100000000
J36: Disponer de reactivos, insumos, equipos y herramientas informaticas para los laboratorios de genética | L36: 200000000
J37: Disponer de reactivos, insumos, equipos y herramientas informaticas para los laboratorios de genética | M37: lote 7 | N37: 130000000 | O37: lote 7
K39: =+SUM(L35:L38) -> 300000000
L41: =SUM(L5:L39) -> 1850000000
L42: 1850000000
L43: =+L42-L41 -> 0

Sheet Hoja2
A3: Etiquetas de fila | B3: Suma de valor REG oriente | C3: Suma de valor restante | D3: Suma de LOTE
A4: código Rubro = A- 2901-0800-14-20111D-2901006-02 Nombre del proyecto = MEJORAMIENTO DE LOS PROCEDIMIENTOS Y DE LA CAPACIDAD DE RESPUESTA EN LOS SERVICIOS DE PATOLOGÍA FORENSE A NIVEL NACIONAL Nombre del Poducto = SERVICIO DE INVESTIGACION PENAL, CRIMINALISTICA Y MEDICINA LEGAL Nombre del Objeto del Gasto = ADQUISICIÓN DE BIENES Y SERVICIOS Actividad Asociada = disponer de equipos, insumos y reactivos a los laboratorios en casos de accidentes de transito | B4: 14949098 | C4: 27554526 | D4: 10
A5: código Rubro = A-2901-0800-16-20113A-2901002-02 Nombre del proyecto = FORTALECIMIENTO DEL INSTITUTO NACIONAL DE MEDICINA LEGAL Y CIENCIAS FORENSES EN ATENCIÓN A LOS RETOS DEL POSCONFLICTO A NIVEL NACIONAL Nombre del Poducto = SERVICIOS DE LABORATORIO FORENSE Nombre del Objeto del Gasto = ADQUISICIÓN DE BIENES Y SERVICIOS Actividad Asociada = contar con enseres, equipos de oficina y equipos para la dotación de los laboratorios forense de antropología | B5: 0 | C5: 855198770 | D5: 21
A6: código Rubro = A-2901-0800-16-20113A-2901007-02 Nombre del proyecto = FORTALECIMIENTO DEL INSTITUTO NACIONAL DE MEDICINA LEGAL Y CIENCIAS FORENSES EN ATENCIÓN A LOS RETOS DEL POSCONFLICTO A NIVEL NACIONAL Nombre del Poducto = SERVICIOS DE GENETICA FORENSE Nombre del Objeto del Gasto = ADQUISICIÓN DE BIENES Y SERVICIOS Actividad Asociada = Disponer de reactivos, insumos, equipos y herramientas informaticas para los laboratorios de genética | B6: 282009957 | C6: 663470172 | D6: 14
A7: código Rubro = A-2901-0800-9-20111D-2901002-02 Nombre del proyecto = FORTALECIMIENTO DE LA CAPACIDAD Y CALIDAD CIENTÍFICA DE LOS ENSAYOS REALIZADOS EN LOS LABORATORIOS FORENSES NACIONAL Nombre del Poducto = SERVICIOS DE LABORATORIO FORENSE Nombre del Objeto del Gasto = ADQUISICIÓN DE BIENES Y SERVICIOS Actividad Asociada = disponer de insumos, reactivos y equipos según necesidades de los laboratorios forenses | B7: 73211033 | C7: 300258100 | D7: 7
A8: código Rubro = B-2901-0800-16-20113A-2901002-02 Nombre del proyecto = FORTALECIMIENTO DEL INSTITUTO NACIONAL DE MEDICINA LEGAL Y CIENCIAS FORENSES EN ATENCIÓN A LOS RETOS DEL POSCONFLICTO A NIVEL NACIONAL Nombre del Poducto = SERVICIOS DE LABORATORIO FORENSE Nombre del Objeto del Gasto = ADQUISICIÓN DE BIENES Y SERVICIOS Actividad Asociada = disponer de insumos, reactivos y equipos según necesidades de los laboratorios forenses | B8: 260849368 | C8: -591208964 | D8: 31
A9: código Rubro = C-2901-0800-14-20111D-2901006-02 Nombre del proyecto = MEJORAMIENTO DE LOS PROCEDIMIENTOS Y DE LA CAPACIDAD DE RESPUESTA EN LOS SERVICIOS DE PATOLOGÍA FORENSE A NIVEL NACIONAL Nombre del Poducto = SALAS DE NECROPSIAS DOTADAS Nombre del Objeto del Gasto = ADQUISICIÓN DE BIENES Y SERVICIOS Actividad Asociada = disponer de equipos, instrumental, insumos y aplicativos en casos de rutina, de muertes colectivas y desastres a nivel nacional | B9: 0 | C9: 405735591 | D9: 9
A10: código Rubro = B-2901-0800-14-20111D-2901006-02 Nombre del proyecto = MEJORAMIENTO DE LOS PROCEDIMIENTOS Y DE LA CAPACIDAD DE RESPUESTA EN LOS SERVICIOS DE PATOLOGÍA FORENSE A NIVEL NACIONAL Nombre del Poducto = SERVICIO DE INVESTIGACION PENAL, CRIMINALISTICA Y MEDICINA LEGAL Nombre del Objeto del Gasto = ADQUISICIÓN DE BIENES Y SERVICIOS Actividad Asociada = disponer con bienes y servicios según los requisitos de la NTC ISO/IEC 17025 en casos de accidentes de transito | B10: 0 | C10: -3386702 | D10: 3
A11: Total general | B11: 631019456 | C11: 1657621493 | D11: 95

Sheet CONS ASIGNACION RUBROS
H1: VALOR UNITARIO PROMEDIO (INCLUÍDO IVA) en caso de que aplique o impuestos a que haya lugar | I1: TOTAL REGIONALIZADO | L1: grupo | M1: codigo rubro | N1: valor | O1: pendiente | AB1: REGIONALIZADO | AE1: VALIDACIÓN | AF1: VER/
E2: CANTIDAD REGIONALIZADA | I2: VALOR TOTAL REGIONALIZADO | K2: VALOR TOTAL | AB2: REGIONAL | AC2: VALOR TOTAL | AD2: TOTAL POR LOTE | AE2: VALIDACION | AF2: VER/
AA3: LOTE 1 | AB3: =+I4 -> valor REG bta | AC3: =+SUM(I5:I9) -> 474415466 | AD3: =+SUM(AC3:AC4) -> 517506779 | AF3: =+EXACT(AC3,AE3) -> FALSE
A4: LOTE | B4: # ITEM | C4: DESCRIPCIÓN | D4: PRESENTACIÓN | E4: BOGOTÁ | F4: ORIENTE | G4: CANTIDAD TOTAL / ESTIMADA | H4: valor unitario | I4: valor REG bta | J4: valor REG oriente | K4: VALOR TOTAL | L4: grupo | M4: codigo rubro | N4: valor rubro | O4: valor restante | P4: info presupuestal | Q4: positivos | R4: negativos | AA4: LOTE 1 | AB4: =+J4 -> valor REG oriente | AC4: =SUM(J5:J9) -> 43091313 | AF4: =+EXACT(AC4,AE4) -> FALSE
A5: =+'DATOS REGIONALIZADO LOTE 1'!A5 -> 1 | B5: =+'DATOS REGIONALIZADO LOTE 1'!B5 -> 1 | C5: =+'DATOS REGIONALIZADO LOTE 1'!C5 -> CABINAS EXTRACTORAS PARA LABORATORIO DE ESTUPEFACIENTES DE LA REGIONAL BOGOTA (2) CABINA Y (1) CABINA PARA - PATOLOGIA - LABORATORIO DE HISTOTECNOLOGÍA | D5: =+'DATOS REGIONALIZADO LOTE 1'!D5 -> UNIDAD | E5: =+'DATOS REGIONALIZADO LOTE 1'!E5 -> 3 | F5: =+'DATOS REGIONALIZADO LOTE 1'!F5 -> 0 | G5: =+'DATOS REGIONALIZADO LOTE 1'!N5 -> 3 | H5: =+'DATOS REGIONALIZADO LOTE 1'!O5 -> 64542518 | I5: =+'DATOS REGIONALIZADO LOTE 1'!P5 -> 193627554 | J5: =+'DATOS REGIONALIZADO LOTE 1'!Q5 -> 0 | K5: =+'DATOS REGIONALIZADO LOTE 1'!Y5 -> 193627554 | L5: LABORATORIO | M5: A-2901-0800-9-20111D-2901002-02 | N5: =+VLOOKUP(M5,Hoja3!$B$2:$E$8,4,FALSE) -> 455552981 | O5: =+N5-K5 -> 261925427 | P5: =+VLOOKUP(M5,Hoja3!$B$2:$D$8,3,FALSE) -> código Rubro = A-2901-0800-9-20111D-2901002-02 Nombre del proyecto = FORTALECIMIENTO DE LA CAPACIDAD Y CALIDAD CIENTÍFICA DE LOS ENSAYOS REALIZADOS EN LOS LABORATORIOS FORENSES NACIONAL Nombre del Poducto = SERVICIOS DE LABORATORIO FORENSE Nombre del Objeto del Gasto = ADQUISICIÓN DE BIENES Y SERVICIOS Actividad Asociada = disponer de insumos, reactivos y equipos según necesidades de los laboratorios forenses | Q5: =+K5 -> 193627554 | AA5: LOTE 2 | AB5: BOGOTÁ | AC5: =+'DATOS REGIONALIZADO LOTE 2'!P7 -> 161915416 | AD5: =+Tabla379[[#This Row],[VALOR TOTAL]]+AC6 -> 208217404 | AF5: =+EXACT(AC5,AE5) -> FALSE
A6: =+'DATOS REGIONALIZADO LOTE 1'!A6 -> 1 | B6: =+'DATOS REGIONALIZADO LOTE 1'!B6 -> 2 | C6: =+'DATOS REGIONALIZADO LOTE 1'!C6 -> CABINA EXTRACTORA PARA EL GRUPO DE PATOLOGIA FORENSE DE LA REGIONAL BOGOTA | D6: =+'DATOS REGIONALIZADO LOTE 1'!D6 -> UNIDAD | E6: =+'DATOS REGIONALIZADO LOTE 1'!E6 -> 1 | F6: =+'DATOS REGIONALIZADO LOTE 1'!F6 -> 0 | G6: =+'DATOS REGIONALIZADO LOTE 1'!N6 -> 1 | H6: =+'DATOS REGIONALIZADO LOTE 1'!O6 -> 60791847 | I6: =+'DATOS REGIONALIZADO LOTE 1'!P6 -> 60791847 | J6: =+'DATOS REGIONALIZADO LOTE 1'!Q6 -> 0 | K6: =+'DATOS REGIONALIZADO LOTE 1'!Y6 -> 60791847 | L6: PATOLOGIA | M6: A-2901-0800-16-20113A-2901002-02 | N6: =+VLOOKUP(M6,Hoja3!$B$2:$E$8,4,FALSE) -> 465218379 | O6: =+N6-K6 -> 404426532 | P6: =+VLOOKUP(M6,Hoja3!$B$2:$D$8,3,FALSE) -> código Rubro = A-2901-0800-16-20113A-2901002-02 Nombre del proyecto = FORTALECIMIENTO DEL INSTITUTO NACIONAL DE MEDICINA LEGAL Y CIENCIAS FORENSES EN ATENCIÓN A LOS RETOS DEL POSCONFLICTO A NIVEL NACIONAL Nombre del Poducto = SERVICIOS DE LABORATORIO FORENSE Nombre del Objeto del Gasto = ADQUISICIÓN DE BIENES Y SERVICIOS Actividad Asociada = contar con enseres, equipos de oficina y equipos para la dotación de los laboratorios forense de antropología | Q6: =+K6 -> 60791847 | AA6: LOTE 2 | AB6: ORIENTE | AC6: =+'DATOS REGIONALIZADO LOTE 2'!Q7 -> 46301988 | AF6: =+EXACT(AC6,AE6) -> FALSE
A7: =+'DATOS REGIONALIZADO LOTE 1'!A7 -> 1 | B7: =+'DATOS REGIONALIZADO LOTE 1'!B7 -> 3 | C7: =+'DATOS REGIONALIZADO LOTE 1'!C7 -> CABINAS EXTRACTORAS PARA EL LABORATORIO DE EVIDENCIA TRAZA DE LA REGIONAL BOGOTA | D7: =+'DATOS REGIONALIZADO LOTE 1'!D7 -> UNIDAD | E7: =+'DATOS REGIONALIZADO LOTE 1'!E7 -> 3 | F7: =+'DATOS REGIONALIZADO LOTE 1'!F7 -> 0 | G7: =+'DATOS REGIONALIZADO LOTE 1'!N7 -> 3 | H7: =+'DATOS REGIONALIZADO LOTE 1'!O7 -> 55298393 | I7: =+'DATOS REGIONALIZADO LOTE 1'!P7 -> 165895179 | J7: =+'DATOS REGIONALIZADO LOTE 1'!Q7 -> 0 | K7: =+'DATOS REGIONALIZADO LOTE 1'!Y7 -> 165895179 | L7: LABORATORIO | M7: A-2901-0800-9-20111D-2901002-02 | N7: =+O5 -> 261925427 | O7: =+N7-K7 -> 96030248 | P7: =+VLOOKUP(M7,Hoja3!$B$2:$D$8,3,FALSE) -> código Rubro = A-2901-0800-9-20111D-2901002-02 Nombre del proyecto = FORTALECIMIENTO DE LA CAPACIDAD Y CALIDAD CIENTÍFICA DE LOS ENSAYOS REALIZADOS EN LOS LABORATORIOS FORENSES NACIONAL Nombre del Poducto = SERVICIOS DE LABORATORIO FORENSE Nombre del Objeto del Gasto = ADQUISICIÓN DE BIENES Y SERVICIOS Actividad Asociada = disponer de insumos, reactivos y equipos según necesidades de los laboratorios forenses | Q7: =+K7 -> 165895179 | AA7: LOTE 3 | AB7: BOGOTÁ | AC7: =+Tabla34[[#This Row],[VALOR TOTAL]] -> 668421095 | AD7: =+Tabla379[[#This Row],[VALOR TOTAL]]+AC8 -> 668421095 | AF7: =+EXACT(AC7,AE7) -> FALSE
A8: =+'DATOS REGIONALIZADO LOTE 1'!A8 -> 1 | B8: =+'DATOS REGIONALIZADO LOTE 1'!B8 -> 4 | C8: =+'DATOS REGIONALIZADO LOTE 1'!C8 -> CABINA EXTRACTORA PARA EL LABORATORIO DE GENÉTICA DE LA REGIONAL BOGOTA | D8: =+'DATOS REGIONALIZADO LOTE 1'!D8 -> UNIDAD | E8: =+'DATOS REGIONALIZADO LOTE 1'!E8 -> 1 | F8: =+'DATOS REGIONALIZADO LOTE 1'!F8 -> 0 | G8: =+'DATOS REGIONALIZADO LOTE 1'!N8 -> 1 | H8: =+'DATOS REGIONALIZADO LOTE 1'!O8 -> 54100886 | I8: =+'DATOS REGIONALIZADO LOTE 1'!P8 -> 54100886 | J8: =+'DATOS REGIONALIZADO LOTE 1'!Q8 -> 0 | K8: =+'DATOS REGIONALIZADO LOTE 1'!Y8 -> 54100886 | L8: GENÉTICA | M8: A- 2901-0800-14-20111D-2901006-02 | N8: =+VLOOKUP(M8,Hoja3!$B$2:$E$8,4,FALSE) -> 100920000 | O8: =+N8-K8 -> 46819114 | P8: =+VLOOKUP(M8,Hoja3!$B$2:$D$8,3,FALSE) -> código Rubro = A- 2901-0800-14-20111D-2901006-02 Nombre del proyecto = MEJORAMIENTO DE LOS PROCEDIMIENTOS Y DE LA CAPACIDAD DE RESPUESTA EN LOS SERVICIOS DE PATOLOGÍA FORENSE A NIVEL NACIONAL Nombre del Poducto = SERVICIO DE INVESTIGACION PENAL, CRIMINALISTICA Y MEDICINA LEGAL Nombre del Objeto del Gasto = ADQUISICIÓN DE BIENES Y SERVICIOS Actividad Asociada = disponer de equipos, insumos y reactivos a los laboratorios en casos de accidentes de transito | Q8: =+K8 -> 54100886 | AA8: LOTE 3 | AB8: ORIENTE | AC8: =+Tabla34[[#This Row],[VALOR TOTAL]] -> 0 | AF8: =+EXACT(AC8,AE8) -> FALSE
A9: =+'DATOS REGIONALIZADO LOTE 1'!A9 -> 1 | B9: =+'DATOS REGIONALIZADO LOTE 1'!B9 -> 5 | C9: =+'DATOS REGIONALIZADO LOTE 1'!C9 -> CABINA DE SEGURIDAD BIOLÓGICA CLASE II TIPO II PARA EL LABORATORIO DE GENÉTICA VILLAVICENCIO | D9: =+'DATOS REGIONALIZADO LOTE 1'!D9 -> UNIDAD | E9: =+'DATOS REGIONALIZADO LOTE 1'!E9 -> 0 | F9: =+'DATOS REGIONALIZADO LOTE 1'!F9 -> 1 | G9: =+'DATOS REGIONALIZADO LOTE 1'!N9 -> 1 | H9: =+'DATOS REGIONALIZADO LOTE 1'!O9 -> 43091313 | I9: =+'DATOS REGIONALIZADO LOTE 1'!P9 -> 0 | J9: =+'DATOS REGIONALIZADO LOTE 1'!Q9 -> 43091313 | K9: =+'DATOS REGIONALIZADO LOTE 1'!Y9 -> 43091313 | L9: GENÉTICA | M9: A-2901-0800-16-20113A-2901007-02 | N9: =+VLOOKUP(M9,Hoja3!$B$2:$E$8,4,FALSE) -> 300000000 | O9: =+N9-K9 -> 256908687 | P9: =+VLOOKUP(M9,Hoja3!$B$2:$D$8,3,FALSE) -> código Rubro = A-2901-0800-16-20113A-2901007-02 Nombre del proyecto = FORTALECIMIENTO DEL INSTITUTO NACIONAL DE MEDICINA LEGAL Y CIENCIAS FORENSES EN ATENCIÓN A LOS RETOS DEL POSCONFLICTO A NIVEL NACIONAL Nombre del Poducto = SERVICIOS DE GENETICA FORENSE Nombre del Objeto del Gasto = ADQUISICIÓN DE BIENES Y SERVICIOS Actividad Asociada = Disponer de reactivos, insumos, equipos y herramientas informaticas para los laboratorios de genética | Q9: =+J9 -> 43091313 | AA9: LOTE 4 | AB9: BOGOTÁ | AC9: =+'DATOS REGIONALIZADO LOTE 4 tota'!AB7 -> 328507571 | AD9: =+Tabla379[[#This Row],[VALOR TOTAL]]+AC10 -> 548261931 | AF9: =+EXACT(AC9,AE9) -> FALSE
A10: =+'DATOS REGIONALIZADO LOTE 2'!A5 -> 2 | B10: =+'DATOS REGIONALIZADO LOTE 2'!B5 -> 6 | C10: =+'DATOS REGIONALIZADO LOTE 2'!C5 -> MICROSCOPIO ÓPTICO TRINOCULAR | D10: =+'DATOS REGIONALIZADO LOTE 2'!D5 -> UNIDAD | E10: =+'DATOS REGIONALIZADO LOTE 2'!E5 -> 0 | F10: =+'DATOS REGIONALIZADO LOTE 2'!F5 -> 1 | G10: =+'DATOS REGIONALIZADO LOTE 2'!N5 -> 1 | H10: =+'DATOS REGIONALIZADO LOTE 2'!O5 -> 46301988 | I10: =+'DATOS REGIONALIZADO LOTE 2'!P5 -> 0 | J10: =+'DATOS REGIONALIZADO LOTE 2'!Q5 -> 46301988 | K10: =+'DATOS REGIONALIZADO LOTE 2'!Y5 -> 46301988 | L10: LABORATORIO | M10: B-2901-0800-16-20113A-2901002-02 | N10: =+VLOOKUP(M10,Hoja3!$B$2:$E$8,4,FALSE) -> 98308640 | O10: =+N10-K10 -> 52006652 | P10: =+VLOOKUP(M10,Hoja3!$B$2:$D$8,3,FALSE) -> código Rubro = B-2901-0800-16-20113A-2901002-02 Nombre del proyecto = FORTALECIMIENTO DEL INSTITUTO NACIONAL DE MEDICINA LEGAL Y CIENCIAS FORENSES EN ATENCIÓN A LOS RETOS DEL POSCONFLICTO A NIVEL NACIONAL Nombre del Poducto = SERVICIOS DE LABORATORIO FORENSE Nombre del Objeto del Gasto = ADQUISICIÓN DE BIENES Y SERVICIOS Actividad Asociada = disponer de insumos, reactivos y equipos según necesidades de los laboratorios forenses | Q10: =+K10 -> 46301988 | AA10: LOTE 4 | AB10: ORIENTE | AC10: =+'DATOS REGIONALIZADO LOTE 4 tota'!AB8 -> 219754360 | AF10: =+EXACT(AC10,AE10) -> FALSE
A11: =+'DATOS REGIONALIZADO LOTE 2'!A6 -> 2 | B11: =+'DATOS REGIONALIZADO LOTE 2'!B6 -> 7 | C11: =+'DATOS REGIONALIZADO LOTE 2'!C6 -> Estereomicroscopio con camara | D11: =+'DATOS REGIONALIZADO LOTE 2'!D6 -> UNIDAD | E11: =+'DATOS REGIONALIZADO LOTE 2'!E6 -> 1 | F11: =+'DATOS REGIONALIZADO LOTE 2'!F6 -> 0 | G11: =+'DATOS REGIONALIZADO LOTE 2'!N6 -> 1 | H11: =+'DATOS REGIONALIZADO LOTE 2'!O6 -> 161915416 | I11: =+'DATOS REGIONALIZADO LOTE 2'!P6 -> 161915416 | J11: =+'DATOS REGIONALIZADO LOTE 2'!Q6 -> 0 | K11: =+'DATOS REGIONALIZADO LOTE 2'!Y6 -> 161915416 | L11: PATOLOGIA | M11: A-2901-0800-16-20113A-2901002-02 | N11: =+O6 -> 404426532 | O11: =+N11-K11 -> 242511116 | P11: =+VLOOKUP(M11,Hoja3!$B$2:$D$8,3,FALSE) -> código Rubro = A-2901-0800-16-20113A-2901002-02 Nombre del proyecto = FORTALECIMIENTO DEL INSTITUTO NACIONAL DE MEDICINA LEGAL Y CIENCIAS FORENSES EN ATENCIÓN A LOS RETOS DEL POSCONFLICTO A NIVEL NACIONAL Nombre del Poducto = SERVICIOS DE LABORATORIO FORENSE Nombre del Objeto del Gasto = ADQUISICIÓN DE BIENES Y SERVICIOS Actividad Asociada = contar con enseres, equipos de oficina y equipos para la dotación de los laboratorios forense de antropología | Q11: =+K11 -> 161915416 | AA11: LOTE 5 | AB11: BOGOTÁ | AC11: =+Tabla36[[#This Row],[VALOR TOTAL]] -> #VALUE! | AD11: =+Tabla379[[#This Row],[VALOR TOTAL]]+AC12 -> #VALUE! | AF11: =+EXACT(AC11,AE11) -> #VALUE!
A12: =+'DATOS REGIONALIZADO LOTE 3'!A5 -> 3 | B12: =+'DATOS REGIONALIZADO LOTE 3'!B5 -> 8 | C12: =+'DATOS REGIONALIZADO LOTE 3'!C5 -> Baño De Flotación | D12: =+'DATOS REGIONALIZADO LOTE 3'!D5 -> UNIDAD | E12: =+'DATOS REGIONALIZADO LOTE 3'!E5 -> 1 | F12: =+'DATOS REGIONALIZADO LOTE 3'!F5 -> 0 | G12: =+'DATOS REGIONALIZADO LOTE 3'!N5 -> 1 | H12: =+'DATOS REGIONALIZADO LOTE 3'!O5 -> 7329714 | I12: =+'DATOS REGIONALIZADO LOTE 3'!P5 -> 7329714 | J12: =+'DATOS REGIONALIZADO LOTE 3'!Q5 -> 0 | K12: =+'DATOS REGIONALIZADO LOTE 3'!Y5 -> 7329714 | L12: PATOLOGIA | M12: C-2901-0800-14-20111D-2901006-02 | N12: =+VLOOKUP(M12,Hoja3!$B$2:$E$8,4,FALSE) -> #N/A | O12: =+N12-K12 -> #N/A | P12: =+VLOOKUP(M12,Hoja3!$B$2:$D$8,3,FALSE) -> #N/A | Q12: =+K12 -> 7329714 | AA12: LOTE 5 | AB12: ORIENTE | AC12: =+Tabla36[[#This Row],[VALOR TOTAL]] -> #VALUE! | AF12: =+EXACT(AC12,AE12) -> #VALUE!
A13: =+'DATOS REGIONALIZADO LOTE 3'!A6 -> 3 | B13: =+'DATOS REGIONALIZADO LOTE 3'!B6 -> 9 | C13: =+'DATOS REGIONALIZADO LOTE 3'!C6 -> Central De Inclusión | D13: =+'DATOS REGIONALIZADO LOTE 3'!D6 -> UNIDAD | E13: =+'DATOS REGIONALIZADO LOTE 3'!E6 -> 1 | F13: =+'DATOS REGIONALIZADO LOTE 3'!F6 -> 0 | G13: =+'DATOS REGIONALIZADO LOTE 3'!N6 -> 1 | H13: =+'DATOS REGIONALIZADO LOTE 3'!O6 -> 101320276 | I13: =+'DATOS REGIONALIZADO LOTE 3'!P6 -> 101320276 | J13: =+'DATOS REGIONALIZADO LOTE 3'!Q6 -> 0 | K13: =+'DATOS REGIONALIZADO LOTE 3'!Y6 -> 101320276 | L13: PATOLOGIA | M13: A-2901-0800-16-20113A-2901002-02 | N13: =+O11 -> 242511116 | O13: =+N13-K13 -> 141190840 | P13: =+VLOOKUP(M13,Hoja3!$B$2:$D$8,3,FALSE) -> código Rubro = A-2901-0800-16-20113A-2901002-02 Nombre del proyecto = FORTALECIMIENTO DEL INSTITUTO NACIONAL DE MEDICINA LEGAL Y CIENCIAS FORENSES EN ATENCIÓN A LOS RETOS DEL POSCONFLICTO A NIVEL NACIONAL Nombre del Poducto = SERVICIOS DE LABORATORIO FORENSE Nombre del Objeto del Gasto = ADQUISICIÓN DE BIENES Y SERVICIOS Actividad Asociada = contar con enseres, equipos de oficina y equipos para la dotación de los laboratorios forense de antropología | Q13: =+K13 -> 101320276 | AB13: TOTAL | AC13: =+SUM(AC3:AC12) -> #VALUE! | AD13: =+SUM(AD3:AD12) -> #VALUE! | AE13: =+K34 -> 2516493785 | AF13: =+EXACT(AC13,AE13) -> #VALUE!
A14: =+'DATOS REGIONALIZADO LOTE 3'!A7 -> 3 | B14: =+'DATOS REGIONALIZADO LOTE 3'!B7 -> 10 | C14: =+'DATOS REGIONALIZADO LOTE 3'!C7 -> Criostato | D14: =+'DATOS REGIONALIZADO LOTE 3'!D7 -> UNIDAD | E14: =+'DATOS REGIONALIZADO LOTE 3'!E7 -> 1 | F14: =+'DATOS REGIONALIZADO LOTE 3'!F7 -> 0 | G14: =+'DATOS REGIONALIZADO LOTE 3'!N7 -> 1 | H14: =+'DATOS REGIONALIZADO LOTE 3'!O7 -> 179604981 | I14: =+'DATOS REGIONALIZADO LOTE 3'!P7 -> 179604981 | J14: =+'DATOS REGIONALIZADO LOTE 3'!Q7 -> 0 | K14: =+'DATOS REGIONALIZADO LOTE 3'!Y7 -> 179604981 | L14: PATOLOGIA | M14: C-2901-0800-14-20111D-2901006-02 | N14: =+O12 -> #N/A | O14: =+N14-K14 -> #N/A | P14: =+VLOOKUP(M14,Hoja3!$B$2:$D$8,3,FALSE) -> #N/A | Q14: =+K14 -> 179604981
A15: =+'DATOS REGIONALIZADO LOTE 3'!A8 -> 3 | B15: =+'DATOS REGIONALIZADO LOTE 3'!B8 -> 11 | C15: =+'DATOS REGIONALIZADO LOTE 3'!C8 -> Micrótomo Motorizado | D15: =+'DATOS REGIONALIZADO LOTE 3'!D8 -> UNIDAD | E15: =+'DATOS REGIONALIZADO LOTE 3'!E8 -> 1 | F15: =+'DATOS REGIONALIZADO LOTE 3'!F8 -> 0 | G15: =+'DATOS REGIONALIZADO LOTE 3'!N8 -> 1 | H15: =+'DATOS REGIONALIZADO LOTE 3'!O8 -> 133386702 | I15: =+'DATOS REGIONALIZADO LOTE 3'!P8 -> 133386702 | J15: =+'DATOS REGIONALIZADO LOTE 3'!Q8 -> 0 | K15: =+'DATOS REGIONALIZADO LOTE 3'!Y8 -> 133386702 | L15: PATOLOGIA | M15: B-2901-0800-14-20111D-2901006-02 | N15: =+VLOOKUP(M15,Hoja3!$B$2:$E$8,4,FALSE) -> 130000000 | O15: =+N15-K15 -> -3386702 | P15: =+VLOOKUP(M15,Hoja3!$B$2:$D$8,3,FALSE) -> código Rubro = B-2901-0800-14-20111D-2901006-02 Nombre del proyecto = MEJORAMIENTO DE LOS PROCEDIMIENTOS Y DE LA CAPACIDAD DE RESPUESTA EN LOS SERVICIOS DE PATOLOGÍA FORENSE A NIVEL NACIONAL Nombre del Poducto = SERVICIO DE INVESTIGACION PENAL, CRIMINALISTICA Y MEDICINA LEGAL Nombre del Objeto del Gasto = ADQUISICIÓN DE BIENES Y SERVICIOS Actividad Asociada = disponer con bienes y servicios según los requisitos de la NTC ISO/IEC 17025 en casos de accidentes de transito | Q15: =+I15+O15 -> 130000000 | R15: =+O15 -> -3386702
A16: =+'DATOS REGIONALIZADO LOTE 3'!A9 -> 3 | B16: =+'DATOS REGIONALIZADO LOTE 3'!B9 -> 12 | C16: =+'DATOS REGIONALIZADO LOTE 3'!C9 -> Procesador de Tejidos automatico cerrado | D16: =+'DATOS REGIONALIZADO LOTE 3'!D9 -> UNIDAD | E16: =+'DATOS REGIONALIZADO LOTE 3'!E9 -> 1 | F16: =+'DATOS REGIONALIZADO LOTE 3'!F9 -> 0 | G16: =+'DATOS REGIONALIZADO LOTE 3'!N9 -> 1 | H16: 113065305 | I16: =+H16 -> 113065305 | J16: =+'DATOS REGIONALIZADO LOTE 3'!Q9 -> 0 | K16: =+I16 -> 113065305 | L16: PATOLOGIA | M16: C-2901-0800-14-20111D-2901006-02 | N16: =+O14 -> #N/A | P16: =+VLOOKUP(M16,Hoja3!$B$2:$D$8,3,FALSE) -> #N/A | Q16: =+N16 -> #N/A
A17: 3 | B17: 12 | C17: Procesador de Tejidos | D17: uni | E17: 1 | F17: 0 | G17: 1 | H17: 133714117 | I17: =+H17*E17 -> 133714117 | K17: =+I17 -> 133714117 | L17: PATOLOGIA | M17: A-2901-0800-16-20113A-2901002-02 | N17: =+O32 -> 106357695 | O17: =+N17-I17 -> -27356422 | P17: =+VLOOKUP(M17,Hoja3!$B$2:$D$8,3,FALSE) -> código Rubro = A-2901-0800-16-20113A-2901002-02 Nombre del proyecto = FORTALECIMIENTO DEL INSTITUTO NACIONAL DE MEDICINA LEGAL Y CIENCIAS FORENSES EN ATENCIÓN A LOS RETOS DEL POSCONFLICTO A NIVEL NACIONAL Nombre del Poducto = SERVICIOS DE LABORATORIO FORENSE Nombre del Objeto del Gasto = ADQUISICIÓN DE BIENES Y SERVICIOS Actividad Asociada = contar con enseres, equipos de oficina y equipos para la dotación de los laboratorios forense de antropología | Q17: =+N17 -> 106357695 | R17: =+O17 -> -27356422 | S17: =+Q17-R17 -> 133714117
A18: =+'DATOS REGIONALIZADO LOTE 4 tota'!A5 -> 4 | B18: =+'DATOS REGIONALIZADO LOTE 4 tota'!B5 -> 13 | C18: =+'DATOS REGIONALIZADO LOTE 4 tota'!C5 -> Baño ultrasónico para uso en laboratorio | D18: =+'DATOS REGIONALIZADO LOTE 4 tota'!D5 -> UNIDAD | E18: =+'DATOS REGIONALIZADO LOTE 4 tota'!E5 -> 2 | F18: =+'DATOS REGIONALIZADO LOTE 4 tota'!F5 -> 0 | G18: =+'DATOS REGIONALIZADO LOTE 4 tota'!N5 -> 2 | H18: =+'DATOS REGIONALIZADO LOTE 4 tota'!O5 -> 7182643 | I18: =+'DATOS REGIONALIZADO LOTE 4 tota'!P5 -> 14365286 | J18: =+'DATOS REGIONALIZADO LOTE 4 tota'!Q5 -> 0 | K18: =+'DATOS REGIONALIZADO LOTE 4 tota'!Y5 -> 14365286 | L18: LABORATORIO | M18: A- 2901-0800-14-20111D-2901006-02 | N18: =+O30 -> 31870016 | O18: =+N18-K18 -> 17504730 | P18: =+VLOOKUP(M18,Hoja3!$B$2:$D$8,3,FALSE) -> código Rubro = A- 2901-0800-14-20111D-2901006-02 Nombre del proyecto = MEJORAMIENTO DE LOS PROCEDIMIENTOS Y DE LA CAPACIDAD DE RESPUESTA EN LOS SERVICIOS DE PATOLOGÍA FORENSE A NIVEL NACIONAL Nombre del Poducto = SERVICIO DE INVESTIGACION PENAL, CRIMINALISTICA Y MEDICINA LEGAL Nombre del Objeto del Gasto = ADQUISICIÓN DE BIENES Y SERVICIOS Actividad Asociada = disponer de equipos, insumos y reactivos a los laboratorios en casos de accidentes de transito | Q18: =+N18 -> 31870016 | R18: =+O18 -> 17504730 | AB18: PATOLOGIA
A19: =+'DATOS REGIONALIZADO LOTE 4 tota'!A6 -> 4 | B19: =+'DATOS REGIONALIZADO LOTE 4 tota'!B6 -> 14 | C19: =+'DATOS REGIONALIZADO LOTE 4 tota'!C6 -> Agitador tipo vórtex para tubos | D19: =+'DATOS REGIONALIZADO LOTE 4 tota'!D6 -> UNIDAD | E19: =+'DATOS REGIONALIZADO LOTE 4 tota'!E6 -> 0 | F19: =+'DATOS REGIONALIZADO LOTE 4 tota'!F6 -> 2 | G19: =+'DATOS REGIONALIZADO LOTE 4 tota'!N6 -> 2 | H19: =+'DATOS REGIONALIZADO LOTE 4 tota'!O6 -> 2603490 | I19: =+'DATOS REGIONALIZADO LOTE 4 tota'!P6 -> 0 | J19: =+'DATOS REGIONALIZADO LOTE 4 tota'!Q6 -> 5206980 | K19: =+'DATOS REGIONALIZADO LOTE 4 tota'!Y6 -> 5206980 | L19: LABORATORIO | M19: B-2901-0800-16-20113A-2901002-02 | N19: =+O10 -> 52006652 | O19: =+N19-K19 -> 46799672 | P19: =+VLOOKUP(M19,Hoja3!$B$2:$D$8,3,FALSE) -> código Rubro = B-2901-0800-16-20113A-2901002-02 Nombre del proyecto = FORTALECIMIENTO DEL INSTITUTO NACIONAL DE MEDICINA LEGAL Y CIENCIAS FORENSES EN ATENCIÓN A LOS RETOS DEL POSCONFLICTO A NIVEL NACIONAL Nombre del Poducto = SERVICIOS DE LABORATORIO FORENSE Nombre del Objeto del Gasto = ADQUISICIÓN DE BIENES Y SERVICIOS Actividad Asociada = disponer de insumos, reactivos y equipos según necesidades de los laboratorios forenses | Q19: =+K19 -> 5206980 | AB19: LABORATORIOS
A20: =+'DATOS REGIONALIZADO LOTE 4 tota'!A7 -> 8 | B20: =+'DATOS REGIONALIZADO LOTE 4 tota'!B7 -> 23 | C20: =+'DATOS REGIONALIZADO LOTE 4 tota'!C7 -> Homogenizador de tejidos, vertical con vástago: | D20: =+'DATOS REGIONALIZADO LOTE 4 tota'!D7 -> UNIDAD | E20: =+'DATOS REGIONALIZADO LOTE 4 tota'!E7 -> 1 | F20: =+'DATOS REGIONALIZADO LOTE 4 tota'!F7 -> 0 | G20: =+'DATOS REGIONALIZADO LOTE 4 tota'!N7 -> 1 | H20: =+'DATOS REGIONALIZADO LOTE 4 tota'!O7 -> 19454635 | I20: =+'DATOS REGIONALIZADO LOTE 4 tota'!P7 -> 19454635 | J20: =+'DATOS REGIONALIZADO LOTE 4 tota'!Q7 -> 0 | K20: =+'DATOS REGIONALIZADO LOTE 4 tota'!Y7 -> 19454635 | L20: GENÉTICA | M20: A-2901-0800-16-20113A-2901007-02 | N20: =+O9 -> 256908687 | O20: =+N20-K20 -> 237454052 | P20: =+VLOOKUP(M20,Hoja3!$B$2:$D$8,3,FALSE) -> código Rubro = A-2901-0800-16-20113A-2901007-02 Nombre del proyecto = FORTALECIMIENTO DEL INSTITUTO NACIONAL DE MEDICINA LEGAL Y CIENCIAS FORENSES EN ATENCIÓN A LOS RETOS DEL POSCONFLICTO A NIVEL NACIONAL Nombre del Poducto = SERVICIOS DE GENETICA FORENSE Nombre del Objeto del Gasto = ADQUISICIÓN DE BIENES Y SERVICIOS Actividad Asociada = Disponer de reactivos, insumos, equipos y herramientas informaticas para los laboratorios de genética | Q20: =+I20 -> 19454635 | AB20: GENÉTICA
A21: =+'DATOS REGIONALIZADO LOTE 4 tota'!A8 -> 8 | B21: =+'DATOS REGIONALIZADO LOTE 4 tota'!B8 -> 24 | C21: =+'DATOS REGIONALIZADO LOTE 4 tota'!C8 -> Vórtex multiprobeta / multitubo: | D21: =+'DATOS REGIONALIZADO LOTE 4 tota'!D8 -> UNIDAD | E21: =+'DATOS REGIONALIZADO LOTE 4 tota'!E8 -> 3 | F21: =+'DATOS REGIONALIZADO LOTE 4 tota'!F8 -> 0 | G21: =+'DATOS REGIONALIZADO LOTE 4 tota'!N8 -> 3 | H21: =+'DATOS REGIONALIZADO LOTE 4 tota'!O8 -> 24247119 | I21: =+'DATOS REGIONALIZADO LOTE 4 tota'!P8 -> 72741357 | J21: =+'DATOS REGIONALIZADO LOTE 4 tota'!Q8 -> 0 | K21: =+'DATOS REGIONALIZADO LOTE 4 tota'!Y8 -> 72741357 | L21: LABORATORIO | M21: B-2901-0800-16-20113A-2901002-02 | N21: =+O19 -> 46799672 | O21: =+N21-K21 -> -25941685 | P21: =+VLOOKUP(M21,Hoja3!$B$2:$D$8,3,FALSE) -> código Rubro = B-2901-0800-16-20113A-2901002-02 Nombre del proyecto = FORTALECIMIENTO DEL INSTITUTO NACIONAL DE MEDICINA LEGAL Y CIENCIAS FORENSES EN ATENCIÓN A LOS RETOS DEL POSCONFLICTO A NIVEL NACIONAL Nombre del Poducto = SERVICIOS DE LABORATORIO FORENSE Nombre del Objeto del Gasto = ADQUISICIÓN DE BIENES Y SERVICIOS Actividad Asociada = disponer de insumos, reactivos y equipos según necesidades de los laboratorios forenses | Q21: =+N21 -> 46799672 | R21: =+O21 -> -25941685
A22: =+'DATOS REGIONALIZADO LOTE 4 tota'!A9 -> 9 | B22: =+'DATOS REGIONALIZADO LOTE 4 tota'!B9 -> 25 | C22: =+'DATOS REGIONALIZADO LOTE 4 tota'!C9 -> Esterilizador o autocleve horizontal y/o sobremesa: | D22: =+'DATOS REGIONALIZADO LOTE 4 tota'!D9 -> UNIDAD | E22: =+'DATOS REGIONALIZADO LOTE 4 tota'!E9 -> 1 | F22: =+'DATOS REGIONALIZADO LOTE 4 tota'!F9 -> 0 | G22: =+'DATOS REGIONALIZADO LOTE 4 tota'!N9 -> 1 | H22: =+'DATOS REGIONALIZADO LOTE 4 tota'!O9 -> 29155000 | I22: =+'DATOS REGIONALIZADO LOTE 4 tota'!P9 -> 29155000 | J22: =+'DATOS REGIONALIZADO LOTE 4 tota'!Q9 -> 0 | K22: =+'DATOS REGIONALIZADO LOTE 4 tota'!Y9 -> 29155000 | L22: LABORATORIO | M22: B-2901-0800-16-20113A-2901002-02 | O22: =+N22-K22 -> -29155000 | P22: =+VLOOKUP(M22,Hoja3!$B$2:$D$8,3,FALSE) -> código Rubro = B-2901-0800-16-20113A-2901002-02 Nombre del proyecto = FORTALECIMIENTO DEL INSTITUTO NACIONAL DE MEDICINA LEGAL Y CIENCIAS FORENSES EN ATENCIÓN A LOS RETOS DEL POSCONFLICTO A NIVEL NACIONAL Nombre del Poducto = SERVICIOS DE LABORATORIO FORENSE Nombre del Objeto del Gasto = ADQUISICIÓN DE BIENES Y SERVICIOS Actividad Asociada = disponer de insumos, reactivos y equipos según necesidades de los laboratorios forenses | Q22: =+N22 -> 0 | R22: =+O22 -> -29155000
A23: =+'DATOS REGIONALIZADO LOTE 4 tota'!A10 -> 10 | B23: =+'DATOS REGIONALIZADO LOTE 4 tota'!B10 -> 26 | C23: =+'DATOS REGIONALIZADO LOTE 4 tota'!C10 -> Evaporador concentrador de muestras con centrifuga (rapidvap) | D23: =+'DATOS REGIONALIZADO LOTE 4 tota'!D10 -> UNIDAD | E23: =+'DATOS REGIONALIZADO LOTE 4 tota'!E10 -> 1 | F23: =+'DATOS REGIONALIZADO LOTE 4 tota'!F10 -> 0 | G23: =+'DATOS REGIONALIZADO LOTE 4 tota'!N10 -> 1 | H23: =+'DATOS REGIONALIZADO LOTE 4 tota'!O10 -> 192791293 | I23: =+'DATOS REGIONALIZADO LOTE 4 tota'!P10 -> 192791293 | J23: =+'DATOS REGIONALIZADO LOTE 4 tota'!Q10 -> 0 | K23: =+'DATOS REGIONALIZADO LOTE 4 tota'!Y10 -> 192791293 | L23: LABORATORIO | M23: B-2901-0800-16-20113A-2901002-02 | N23: 0 | O23: =+N23-K23 -> -192791293 | P23: =+VLOOKUP(M23,Hoja3!$B$2:$D$8,3,FALSE) -> código Rubro = B-2901-0800-16-20113A-2901002-02 Nombre del proyecto = FORTALECIMIENTO DEL INSTITUTO NACIONAL DE MEDICINA LEGAL Y CIENCIAS FORENSES EN ATENCIÓN A LOS RETOS DEL POSCONFLICTO A NIVEL NACIONAL Nombre del Poducto = SERVICIOS DE LABORATORIO FORENSE Nombre del Objeto del Gasto = ADQUISICIÓN DE BIENES Y SERVICIOS Actividad Asociada = disponer de insumos, reactivos y equipos según necesidades de los laboratorios forenses | R23: =+O23 -> -192791293
A24: =+'DATOS REGIONALIZADO LOTE 4 tota'!A11 -> 11 | B24: =+'DATOS REGIONALIZADO LOTE 4 tota'!B11 -> 27 | C24: =+'DATOS REGIONALIZADO LOTE 4 tota'!C11 -> Evaporador concentrador de muestras (rapidvap) | D24: =+'DATOS REGIONALIZADO LOTE 4 tota'!D11 -> UNIDAD | E24: =+'DATOS REGIONALIZADO LOTE 4 tota'!E11 -> 0 | F24: =+'DATOS REGIONALIZADO LOTE 4 tota'!F11 -> 1 | G24: =+'DATOS REGIONALIZADO LOTE 4 tota'!N11 -> 1 | H24: =+'DATOS REGIONALIZADO LOTE 4 tota'!O11 -> 136873800 | I24: =+'DATOS REGIONALIZADO LOTE 4 tota'!P11 -> 0 | J24: =+'DATOS REGIONALIZADO LOTE 4 tota'!Q11 -> 136873800 | K24: =+'DATOS REGIONALIZADO LOTE 4 tota'!Y11 -> 136873800 | L24: LABORATORIO | M24: B-2901-0800-16-20113A-2901002-02 | N24: 0 | O24: =+N24-K24 -> -136873800 | P24: =+VLOOKUP(M24,Hoja3!$B$2:$D$8,3,FALSE) -> código Rubro = B-2901-0800-16-20113A-2901002-02 Nombre del proyecto = FORTALECIMIENTO DEL INSTITUTO NACIONAL DE MEDICINA LEGAL Y CIENCIAS FORENSES EN ATENCIÓN A LOS RETOS DEL POSCONFLICTO A NIVEL NACIONAL Nombre del Poducto = SERVICIOS DE LABORATORIO FORENSE Nombre del Objeto del Gasto = ADQUISICIÓN DE BIENES Y SERVICIOS Actividad Asociada = disponer de insumos, reactivos y equipos según necesidades de los laboratorios forenses | R24: =+O24 -> -136873800
A25: =+'DATOS REGIONALIZADO LOTE 4 tota'!A12 -> 12 | B25: =+'DATOS REGIONALIZADO LOTE 4 tota'!B12 -> 28 | C25: =+'DATOS REGIONALIZADO LOTE 4 tota'!C12 -> Sistema dilutor dispensador de Líquidos | D25: =+'DATOS REGIONALIZADO LOTE 4 tota'!D12 -> UNIDAD | E25: =+'DATOS REGIONALIZADO LOTE 4 tota'!E12 -> 0 | F25: =+'DATOS REGIONALIZADO LOTE 4 tota'!F12 -> 1 | G25: =+'DATOS REGIONALIZADO LOTE 4 tota'!N12 -> 1 | H25: =+'DATOS REGIONALIZADO LOTE 4 tota'!O12 -> 59381000 | I25: =+'DATOS REGIONALIZADO LOTE 4 tota'!P12 -> 0 | J25: =+'DATOS REGIONALIZADO LOTE 4 tota'!Q12 -> 59381000 | K25: =+'DATOS REGIONALIZADO LOTE 4 tota'!Y12 -> 59381000 | L25: LABORATORIO | M25: B-2901-0800-16-20113A-2901002-02 | N25: 0 | O25: =+N25-K25 -> -59381000 | P25: =+VLOOKUP(M25,Hoja3!$B$2:$D$8,3,FALSE) -> código Rubro = B-2901-0800-16-20113A-2901002-02 Nombre del proyecto = FORTALECIMIENTO DEL INSTITUTO NACIONAL DE MEDICINA LEGAL Y CIENCIAS FORENSES EN ATENCIÓN A LOS RETOS DEL POSCONFLICTO A NIVEL NACIONAL Nombre del Poducto = SERVICIOS DE LABORATORIO FORENSE Nombre del Objeto del Gasto = ADQUISICIÓN DE BIENES Y SERVICIOS Actividad Asociada = disponer de insumos, reactivos y equipos según necesidades de los laboratorios forenses | R25: =+O25 -> -59381000
A26: =+'DATOS REGIONALIZADO LOTE 4 tota'!A13 -> 13 | B26: =+'DATOS REGIONALIZADO LOTE 4 tota'!B13 -> 29 | C26: =+'DATOS REGIONALIZADO LOTE 4 tota'!C13 -> Sistema de esterilización con luz UV-C (254nm) (Crosslinker) | D26: =+'DATOS REGIONALIZADO LOTE 4 tota'!D13 -> UNIDAD | E26: =+'DATOS REGIONALIZADO LOTE 4 tota'!E13 -> 0 | F26: =+'DATOS REGIONALIZADO LOTE 4 tota'!F13 -> 1 | G26: =+'DATOS REGIONALIZADO LOTE 4 tota'!N13 -> 1 | H26: =+'DATOS REGIONALIZADO LOTE 4 tota'!O13 -> 18292580 | I26: =+'DATOS REGIONALIZADO LOTE 4 tota'!P13 -> 0 | J26: =+'DATOS REGIONALIZADO LOTE 4 tota'!Q13 -> 18292580 | K26: =+'DATOS REGIONALIZADO LOTE 4 tota'!Y13 -> 18292580 | L26: GENÉTICA | M26: A-2901-0800-16-20113A-2901007-02 | N26: =+O20 -> 237454052 | O26: =+N26-K26 -> 219161472 | P26: =+VLOOKUP(M26,Hoja3!$B$2:$D$8,3,FALSE) -> código Rubro = A-2901-0800-16-20113A-2901007-02 Nombre del proyecto = FORTALECIMIENTO DEL INSTITUTO NACIONAL DE MEDICINA LEGAL Y CIENCIAS FORENSES EN ATENCIÓN A LOS RETOS DEL POSCONFLICTO A NIVEL NACIONAL Nombre del Poducto = SERVICIOS DE GENETICA FORENSE Nombre del Objeto del Gasto = ADQUISICIÓN DE BIENES Y SERVICIOS Actividad Asociada = Disponer de reactivos, insumos, equipos y herramientas informaticas para los laboratorios de genética | Q26: =+J26 -> 18292580
A27: =+'DATOS REGIONALIZADO LOTE 5'!A5 -> 5 | B27: =+'DATOS REGIONALIZADO LOTE 5'!B5 -> 15 | C27: =+'DATOS REGIONALIZADO LOTE 5'!C5 -> Centrifuga de mesa de altas revoluciones con refrigeración: | D27: =+'DATOS REGIONALIZADO LOTE 5'!D5 -> UNIDAD | E27: =+'DATOS REGIONALIZADO LOTE 5'!E5 -> 2 | F27: =+'DATOS REGIONALIZADO LOTE 5'!F5 -> 0 | G27: =+'DATOS REGIONALIZADO LOTE 5'!N5 -> 2 | H27: =+'DATOS REGIONALIZADO LOTE 5'!O5 -> 114119810 | I27: =+'DATOS REGIONALIZADO LOTE 5'!P5 -> 228239620 | J27: =+'DATOS REGIONALIZADO LOTE 5'!Q5 -> 0 | K27: =+'DATOS REGIONALIZADO LOTE 5'!Y5 -> 228239620 | L27: LABORATORIO | M27: B-2901-0800-16-20113A-2901002-02 | N27: 0 | O27: =+N27-K27 -> -228239620 | P27: =+VLOOKUP(M27,Hoja3!$B$2:$D$8,3,FALSE) -> código Rubro = B-2901-0800-16-20113A-2901002-02 Nombre del proyecto = FORTALECIMIENTO DEL INSTITUTO NACIONAL DE MEDICINA LEGAL Y CIENCIAS FORENSES EN ATENCIÓN A LOS RETOS DEL POSCONFLICTO A NIVEL NACIONAL Nombre del Poducto = SERVICIOS DE LABORATORIO FORENSE Nombre del Objeto del Gasto = ADQUISICIÓN DE BIENES Y SERVICIOS Actividad Asociada = disponer de insumos, reactivos y equipos según necesidades de los laboratorios forenses | Q27: =+I27+O27 -> 0 | R27: =+O27 -> -228239620
A28: =+'DATOS REGIONALIZADO LOTE 5'!A6 -> 5 | B28: =+'DATOS REGIONALIZADO LOTE 5'!B6 -> 16 | C28: =+'DATOS REGIONALIZADO LOTE 5'!C6 -> Centrifuga de mesa no refrigerada | D28: =+'DATOS REGIONALIZADO LOTE 5'!D6 -> UNIDAD | E28: =+'DATOS REGIONALIZADO LOTE 5'!E6 -> 0 | F28: =+'DATOS REGIONALIZADO LOTE 5'!F6 -> 1 | G28: =+'DATOS REGIONALIZADO LOTE 5'!N6 -> 1 | H28: =+'DATOS REGIONALIZADO LOTE 5'!O6 -> 73211033 | I28: =+'DATOS REGIONALIZADO LOTE 5'!P6 -> 0 | J28: =+'DATOS REGIONALIZADO LOTE 5'!Q6 -> 73211033 | K28: =+'DATOS REGIONALIZADO LOTE 5'!Y6 -> 73211033 | L28: LABORATORIO | M28: A-2901-0800-9-20111D-2901002-02 | N28: =+O7 -> 96030248 | O28: =+N28-K28 -> 22819215 | P28: =+VLOOKUP(M28,Hoja3!$B$2:$D$8,3,FALSE) -> código Rubro = A-2901-0800-9-20111D-2901002-02 Nombre del proyecto = FORTALECIMIENTO DE LA CAPACIDAD Y CALIDAD CIENTÍFICA DE LOS ENSAYOS REALIZADOS EN LOS LABORATORIOS FORENSES NACIONAL Nombre del Poducto = SERVICIOS DE LABORATORIO FORENSE Nombre del Objeto del Gasto = ADQUISICIÓN DE BIENES Y SERVICIOS Actividad Asociada = disponer de insumos, reactivos y equipos según necesidades de los laboratorios forenses | Q28: =+N28 -> 96030248 | R28: =+O28 -> 22819215
A29: =+'DATOS REGIONALIZADO LOTE 5'!A7 -> 5 | B29: =+'DATOS REGIONALIZADO LOTE 5'!B7 -> 17 | C29: =+'DATOS REGIONALIZADO LOTE 5'!C7 -> Centrífuga de Piso refrigerada. | D29: =+'DATOS REGIONALIZADO LOTE 5'!D7 -> UNIDAD | E29: =+'DATOS REGIONALIZADO LOTE 5'!E7 -> 0 | F29: =+'DATOS REGIONALIZADO LOTE 5'!F7 -> 2 | G29: =+'DATOS REGIONALIZADO LOTE 5'!N7 -> 2 | H29: =+'DATOS REGIONALIZADO LOTE 5'!O7 -> 111426840 | I29: =+'DATOS REGIONALIZADO LOTE 5'!P7 -> 0 | J29: =+'DATOS REGIONALIZADO LOTE 5'!Q7 -> 222853680 | K29: =+'DATOS REGIONALIZADO LOTE 5'!Y7 -> 222853680 | L29: GENÉTICA | M29: A-2901-0800-16-20113A-2901007-02 | N29: =+O26 -> 219161472 | O29: =+N29-K29 -> -3692208 | P29: =+VLOOKUP(M29,Hoja3!$B$2:$D$8,3,FALSE) -> código Rubro = A-2901-0800-16-20113A-2901007-02 Nombre del proyecto = FORTALECIMIENTO DEL INSTITUTO NACIONAL DE MEDICINA LEGAL Y CIENCIAS FORENSES EN ATENCIÓN A LOS RETOS DEL POSCONFLICTO A NIVEL NACIONAL Nombre del Poducto = SERVICIOS DE GENETICA FORENSE Nombre del Objeto del Gasto = ADQUISICIÓN DE BIENES Y SERVICIOS Actividad Asociada = Disponer de reactivos, insumos, equipos y herramientas informaticas para los laboratorios de genética | Q29: =+N29 -> 219161472 | R29: =+O29 -> -3692208
A30: =+'DATOS REGIONALIZADO LOTE 5'!A8 -> 5 | B30: =+'DATOS REGIONALIZADO LOTE 5'!B8 -> 18 | C30: =+'DATOS REGIONALIZADO LOTE 5'!C8 -> Microcentrífuga de alta velocidad tipo MiniSpli | D30: =+'DATOS REGIONALIZADO LOTE 5'!D8 -> UNIDAD | E30: =+'DATOS REGIONALIZADO LOTE 5'!E8 -> 0 | F30: =+'DATOS REGIONALIZADO LOTE 5'!F8 -> 2 | G30: =+'DATOS REGIONALIZADO LOTE 5'!N8 -> 2 | H30: =+'DATOS REGIONALIZADO LOTE 5'!O8 -> 7474549 | I30: =+'DATOS REGIONALIZADO LOTE 5'!P8 -> 0 | J30: =+'DATOS REGIONALIZADO LOTE 5'!Q8 -> 14949098 | K30: =+'DATOS REGIONALIZADO LOTE 5'!Y8 -> 14949098 | L30: GENÉTICA | M30: A- 2901-0800-14-20111D-2901006-02 | N30: =+O8 -> 46819114 | O30: =+N30-K30 -> 31870016 | P30: =+VLOOKUP(M30,Hoja3!$B$2:$D$8,3,FALSE) -> código Rubro = A- 2901-0800-14-20111D-2901006-02 Nombre del proyecto = MEJORAMIENTO DE LOS PROCEDIMIENTOS Y DE LA CAPACIDAD DE RESPUESTA EN LOS SERVICIOS DE PATOLOGÍA FORENSE A NIVEL NACIONAL Nombre del Poducto = SERVICIO DE INVESTIGACION PENAL, CRIMINALISTICA Y MEDICINA LEGAL Nombre del Objeto del Gasto = ADQUISICIÓN DE BIENES Y SERVICIOS Actividad Asociada = disponer de equipos, insumos y reactivos a los laboratorios en casos de accidentes de transito | Q30: =+K30 -> 14949098
A31: =+'DATOS REGIONALIZADO LOTE 6'!A5 -> 6 | B31: =+'DATOS REGIONALIZADO LOTE 6'!B5 -> 19 | C31: =+'DATOS REGIONALIZADO LOTE 6'!C5 -> scaner 3D portatil e inalambrico CR de alta precisión | D31: =+'DATOS REGIONALIZADO LOTE 6'!D5 -> UNIDAD | E31: =+'DATOS REGIONALIZADO LOTE 6'!E5 -> 1 | F31: =+'DATOS REGIONALIZADO LOTE 6'!F5 -> 0 | G31: =+'DATOS REGIONALIZADO LOTE 6'!N5 -> 1 | H31: =+'DATOS REGIONALIZADO LOTE 6'!O5 -> 19359943 | I31: =+'DATOS REGIONALIZADO LOTE 6'!P5 -> 19359943 | J31: =+'DATOS REGIONALIZADO LOTE 6'!Q5 -> 0 | K31: =+'DATOS REGIONALIZADO LOTE 6'!Y5 -> 19359943 | L31: PATOLOGIA | M31: A-2901-0800-16-20113A-2901002-02 | N31: =+O13 -> 141190840 | O31: =+N31-K31 -> 121830897 | P31: =+VLOOKUP(M31,Hoja3!$B$2:$D$8,3,FALSE) -> código Rubro = A-2901-0800-16-20113A-2901002-02 Nombre del proyecto = FORTALECIMIENTO DEL INSTITUTO NACIONAL DE MEDICINA LEGAL Y CIENCIAS FORENSES EN ATENCIÓN A LOS RETOS DEL POSCONFLICTO A NIVEL NACIONAL Nombre del Poducto = SERVICIOS DE LABORATORIO FORENSE Nombre del Objeto del Gasto = ADQUISICIÓN DE BIENES Y SERVICIOS Actividad Asociada = contar con enseres, equipos de oficina y equipos para la dotación de los laboratorios forense de antropología | Q31: =+I31 -> 19359943
A32: =+'DATOS REGIONALIZADO LOTE 6'!A6 -> 6 | B32: =+'DATOS REGIONALIZADO LOTE 6'!B6 -> 20 | C32: =+'DATOS REGIONALIZADO LOTE 6'!C6 -> impresora 3D | D32: =+'DATOS REGIONALIZADO LOTE 6'!D6 -> UNIDAD | E32: =+'DATOS REGIONALIZADO LOTE 6'!E6 -> 1 | F32: =+'DATOS REGIONALIZADO LOTE 6'!F6 -> 0 | G32: =+'DATOS REGIONALIZADO LOTE 6'!N6 -> 1 | H32: =+'DATOS REGIONALIZADO LOTE 6'!O6 -> 15473202 | I32: =+'DATOS REGIONALIZADO LOTE 6'!P6 -> 15473202 | J32: =+'DATOS REGIONALIZADO LOTE 6'!Q6 -> 0 | K32: =+'DATOS REGIONALIZADO LOTE 6'!Y6 -> 15473202 | L32: PATOLOGIA | M32: A-2901-0800-16-20113A-2901002-02 | N32: =+O31 -> 121830897 | O32: =+N32-K32 -> 106357695 | P32: =+VLOOKUP(M32,Hoja3!$B$2:$D$8,3,FALSE) -> código Rubro = A-2901-0800-16-20113A-2901002-02 Nombre del proyecto = FORTALECIMIENTO DEL INSTITUTO NACIONAL DE MEDICINA LEGAL Y CIENCIAS FORENSES EN ATENCIÓN A LOS RETOS DEL POSCONFLICTO A NIVEL NACIONAL Nombre del Poducto = SERVICIOS DE LABORATORIO FORENSE Nombre del Objeto del Gasto = ADQUISICIÓN DE BIENES Y SERVICIOS Actividad Asociada = contar con enseres, equipos de oficina y equipos para la dotación de los laboratorios forense de antropología | Q32: =+I32 -> 15473202
A33: 7 | B33: 28 | E33: 1 | N33: =+VLOOKUP(M33,Hoja3!$B$2:$E$8,4,FALSE) -> #N/A | P33: =+VLOOKUP(M33,Hoja3!$B$2:$D$8,3,FALSE) -> #N/A
B34: TOTAL REGIONALIZADO | I34: =+SUM(I5:I32) -> 1896332313 | J34: =+SUM(J5:J32) -> 620161472 | K34: =+SUM(K5:K32) -> 2516493785
I35: BOGOTÁ | J35: ORIENTE | O35: =+I32+I31+I27+I22+I21++I20+I19+I18+I16+I15+I14+I13+I12+I8+I11+I7+I6+I5 -> 1569826903 | P35: =+O35+O37 -> 1441799466 | Q35: =+SUM(Q5:Q34) -> #N/A | R35: =+SUM(R5:R34) -> -666493785 | S35: =-R35+Q35 -> #N/A
G36: porcentaje presupuesto total por regional | I36: =+I34/K34 -> 0.75356129 | J36: =1-I36 -> 0.24643871 | O36: =+O27+O29+O28+O25+O24+O23+O22+O21+O18+O16+O15+O13 -> -497946523
O37: =++O27+O22+O21+O18++O16+O15+O13 -> -128027437 | Q37: =+Q5+Q6+Q7+Q8+Q13+Q12+Q15+Q16+Q18+Q19+Q20+Q21+Q11+Q14+Q27+Q22+Q31+Q32 -> #N/A | R37: =+R22+R21+R18+R16+R15+R13+R7+R27 -> -269218277 | S37: =+Q37-R37 -> #N/A | T37: =+I34-S37 -> #N/A
D38: valor presupuesto asignado total | I38: 1850000000 | Q38: =+Q29+Q28+Q23 -> 315191720 | R38: =+Q9+Q26+Q30+R29+Q10 -> 118942771 | S38: =-Q38+R38 -> -196248949
O39: =+O23+O24+O25+O28+O29 -> -369919086
D40: recursos faltantes | I40: =+K34-I38 -> 666493785
Q42: =+Q12+Q16+Q14 -> #N/A | R42: =+R23+R25+R24 -> -389046093
N43: =+N19+N21 -> 98806324
P47: 246779422
P48: =+K16+K17 -> 246779422

Sheet Hoja3
B1: cod | C1: r1 | D1: ru | E1: VALOR
B2: A-2901-0800-9-20111D-2901002-02 | C2: =+VLOOKUP(Hoja3!B2,AJUSTADO!$A$6:$G$36,7,FALSE) -> Nombre del proyecto = FORTALECIMIENTO DE LA CAPACIDAD Y CALIDAD CIENTÍFICA DE LOS ENSAYOS REALIZADOS EN LOS LABORATORIOS FORENSES NACIONAL Nombre del Poducto = SERVICIOS DE LABORATORIO FORENSE Nombre del Objeto del Gasto = ADQUISICIÓN DE BIENES Y SERVICIOS Actividad Asociada = disponer de insumos, reactivos y equipos según necesidades de los laboratorios forenses | D2: =+CONCATENATE("código Rubro = ",B2," ",C2) -> código Rubro = A-2901-0800-9-20111D-2901002-02 Nombre del proyecto = FORTALECIMIENTO DE LA CAPACIDAD Y CALIDAD CIENTÍFICA DE LOS ENSAYOS REALIZADOS EN LOS LABORATORIOS FORENSES NACIONAL Nombre del Poducto = SERVICIOS DE LABORATORIO FORENSE Nombre del Objeto del Gasto = ADQUISICIÓN DE BIENES Y SERVICIOS Actividad Asociada = disponer de insumos, reactivos y equipos según necesidades de los laboratorios forenses | E2: =+VLOOKUP(B2,AJUSTADO!$A$6:$K$36,11,FALSE) -> 455552981 | F2: LABOTATORIOS | G2: =+AJUSTADO!L7 -> 0
B3: A- 2901-0800-14-20111D-2901006-02 | C3: =+VLOOKUP(Hoja3!B3,AJUSTADO!$A$6:$G$36,7,FALSE) -> Nombre del proyecto = MEJORAMIENTO DE LOS PROCEDIMIENTOS Y DE LA CAPACIDAD DE RESPUESTA EN LOS SERVICIOS DE PATOLOGÍA FORENSE A NIVEL NACIONAL Nombre del Poducto = SERVICIO DE INVESTIGACION PENAL, CRIMINALISTICA Y MEDICINA LEGAL Nombre del Objeto del Gasto = ADQUISICIÓN DE BIENES Y SERVICIOS Actividad Asociada = disponer de equipos, insumos y reactivos a los laboratorios en casos de accidentes de transito | D3: =+CONCATENATE("código Rubro = ",B3," ",C3) -> código Rubro = A- 2901-0800-14-20111D-2901006-02 Nombre del proyecto = MEJORAMIENTO DE LOS PROCEDIMIENTOS Y DE LA CAPACIDAD DE RESPUESTA EN LOS SERVICIOS DE PATOLOGÍA FORENSE A NIVEL NACIONAL Nombre del Poducto = SERVICIO DE INVESTIGACION PENAL, CRIMINALISTICA Y MEDICINA LEGAL Nombre del Objeto del Gasto = ADQUISICIÓN DE BIENES Y SERVICIOS Actividad Asociada = disponer de equipos, insumos y reactivos a los laboratorios en casos de accidentes de transito | E3: =+VLOOKUP(B3,AJUSTADO!$A$6:$K$36,11,FALSE) -> 100920000 | F3: GENETICA
B4: B-2901-0800-14-20111D-2901006-02 | C4: =+VLOOKUP(Hoja3!B4,AJUSTADO!$A$6:$G$36,7,FALSE) -> Nombre del proyecto = MEJORAMIENTO DE LOS PROCEDIMIENTOS Y DE LA CAPACIDAD DE RESPUESTA EN LOS SERVICIOS DE PATOLOGÍA FORENSE A NIVEL NACIONAL Nombre del Poducto = SERVICIO DE INVESTIGACION PENAL, CRIMINALISTICA Y MEDICINA LEGAL Nombre del Objeto del Gasto = ADQUISICIÓN DE BIENES Y SERVICIOS Actividad Asociada = disponer con bienes y servicios según los requisitos de la NTC ISO/IEC 17025 en casos de accidentes de transito | D4: =+CONCATENATE("código Rubro = ",B4," ",C4) -> código Rubro = B-2901-0800-14-20111D-2901006-02 Nombre del proyecto = MEJORAMIENTO DE LOS PROCEDIMIENTOS Y DE LA CAPACIDAD DE RESPUESTA EN LOS SERVICIOS DE PATOLOGÍA FORENSE A NIVEL NACIONAL Nombre del Poducto = SERVICIO DE INVESTIGACION PENAL, CRIMINALISTICA Y MEDICINA LEGAL Nombre del Objeto del Gasto = ADQUISICIÓN DE BIENES Y SERVICIOS Actividad Asociada = disponer con bienes y servicios según los requisitos de la NTC ISO/IEC 17025 en casos de accidentes de transito | E4: =+VLOOKUP(B4,AJUSTADO!$A$6:$K$36,11,FALSE) -> 130000000 | F4: PATOLOGIA
B5: C-2901-0800-14-20111D-2901010-02 | C5: =+VLOOKUP(Hoja3!B5,AJUSTADO!$A$6:$G$36,7,FALSE) -> Nombre del proyecto = MEJORAMIENTO DE LOS PROCEDIMIENTOS Y DE LA CAPACIDAD DE RESPUESTA EN LOS SERVICIOS DE PATOLOGÍA FORENSE A NIVEL NACIONAL Nombre del Poducto = SALAS DE NECROPSIAS DOTADAS Nombre del Objeto del Gasto = ADQUISICIÓN DE BIENES Y SERVICIOS Actividad Asociada = disponer de equipos, instrumental, insumos y aplicativos en casos de rutina, de muertes colectivas y desastres a nivel nacional | D5: =+CONCATENATE("código Rubro = ",B5," ",C5) -> código Rubro = C-2901-0800-14-20111D-2901010-02 Nombre del proyecto = MEJORAMIENTO DE LOS PROCEDIMIENTOS Y DE LA CAPACIDAD DE RESPUESTA EN LOS SERVICIOS DE PATOLOGÍA FORENSE A NIVEL NACIONAL Nombre del Poducto = SALAS DE NECROPSIAS DOTADAS Nombre del Objeto del Gasto = ADQUISICIÓN DE BIENES Y SERVICIOS Actividad Asociada = disponer de equipos, instrumental, insumos y aplicativos en casos de rutina, de muertes colectivas y desastres a nivel nacional | E5: =+VLOOKUP(B5,AJUSTADO!$A$6:$K$36,11,FALSE) -> 300000000 | F5: PATOLOGIA
B6: A-2901-0800-16-20113A-2901002-02 | C6: =+VLOOKUP(Hoja3!B6,AJUSTADO!$A$6:$G$36,7,FALSE) -> Nombre del proyecto = FORTALECIMIENTO DEL INSTITUTO NACIONAL DE MEDICINA LEGAL Y CIENCIAS FORENSES EN ATENCIÓN A LOS RETOS DEL POSCONFLICTO A NIVEL NACIONAL Nombre del Poducto = SERVICIOS DE LABORATORIO FORENSE Nombre del Objeto del Gasto = ADQUISICIÓN DE BIENES Y SERVICIOS Actividad Asociada = contar con enseres, equipos de oficina y equipos para la dotación de los laboratorios forense de antropología | D6: =+CONCATENATE("código Rubro = ",B6," ",C6) -> código Rubro = A-2901-0800-16-20113A-2901002-02 Nombre del proyecto = FORTALECIMIENTO DEL INSTITUTO NACIONAL DE MEDICINA LEGAL Y CIENCIAS FORENSES EN ATENCIÓN A LOS RETOS DEL POSCONFLICTO A NIVEL NACIONAL Nombre del Poducto = SERVICIOS DE LABORATORIO FORENSE Nombre del Objeto del Gasto = ADQUISICIÓN DE BIENES Y SERVICIOS Actividad Asociada = contar con enseres, equipos de oficina y equipos para la dotación de los laboratorios forense de antropología | E6: =+VLOOKUP(B6,AJUSTADO!$A$6:$K$36,11,FALSE) -> 465218379 | F6: PATOLOGIA
B7: B-2901-0800-16-20113A-2901002-02 | C7: =+VLOOKUP(Hoja3!B7,AJUSTADO!$A$6:$G$36,7,FALSE) -> Nombre del proyecto = FORTALECIMIENTO DEL INSTITUTO NACIONAL DE MEDICINA LEGAL Y CIENCIAS FORENSES EN ATENCIÓN A LOS RETOS DEL POSCONFLICTO A NIVEL NACIONAL Nombre del Poducto = SERVICIOS DE LABORATORIO FORENSE Nombre del Objeto del Gasto = ADQUISICIÓN DE BIENES Y SERVICIOS Actividad Asociada = disponer de insumos, reactivos y equipos según necesidades de los laboratorios forenses | D7: =+CONCATENATE("código Rubro = ",B7," ",C7) -> código Rubro = B-2901-0800-16-20113A-2901002-02 Nombre del proyecto = FORTALECIMIENTO DEL INSTITUTO NACIONAL DE MEDICINA LEGAL Y CIENCIAS FORENSES EN ATENCIÓN A LOS RETOS DEL POSCONFLICTO A NIVEL NACIONAL Nombre del Poducto = SERVICIOS DE LABORATORIO FORENSE Nombre del Objeto del Gasto = ADQUISICIÓN DE BIENES Y SERVICIOS Actividad Asociada = disponer de insumos, reactivos y equipos según necesidades de los laboratorios forenses | E7: =+VLOOKUP(B7,AJUSTADO!$A$6:$K$36,11,FALSE) -> 98308640 | F7: LABORATORIOS
B8: A-2901-0800-16-20113A-2901007-02 | C8: =+VLOOKUP(Hoja3!B8,AJUSTADO!$A$6:$G$36,7,FALSE) -> Nombre del proyecto = FORTALECIMIENTO DEL INSTITUTO NACIONAL DE MEDICINA LEGAL Y CIENCIAS FORENSES EN ATENCIÓN A LOS RETOS DEL POSCONFLICTO A NIVEL NACIONAL Nombre del Poducto = SERVICIOS DE GENETICA FORENSE Nombre del Objeto del Gasto = ADQUISICIÓN DE BIENES Y SERVICIOS Actividad Asociada = Disponer de reactivos, insumos, equipos y herramientas informaticas para los laboratorios de genética | D8: =+CONCATENATE("código Rubro = ",B8," ",C8) -> código Rubro = A-2901-0800-16-20113A-2901007-02 Nombre del proyecto = FORTALECIMIENTO DEL INSTITUTO NACIONAL DE MEDICINA LEGAL Y CIENCIAS FORENSES EN ATENCIÓN A LOS RETOS DEL POSCONFLICTO A NIVEL NACIONAL Nombre del Poducto = SERVICIOS DE GENETICA FORENSE Nombre del Objeto del Gasto = ADQUISICIÓN DE BIENES Y SERVICIOS Actividad Asociada = Disponer de reactivos, insumos, equipos y herramientas informaticas para los laboratorios de genética | E8: =+VLOOKUP(B8,AJUSTADO!$A$6:$K$36,11,FALSE) -> 300000000 | F8: GENETICA
D9: =+CONCATENATE(B9," ",C9) | E9: =+SUM(E2:E8) -> 1850000000 | F9: =+EXACT(E9,E10) -> TRUE
D10: =+CONCATENATE(B10," ",C10) | E10: =+AJUSTADO!L41 -> 1850000000

Sheet Hoja1
E2: codigo rubro | F2: Suma de VALOR TOTAL | I2: codigo rubro | J2: valor REG oriente | K2: Suma de valor REG oriente
A3: info presupuestal | B3: Suma de VALOR TOTAL | C3: Suma de LOTE | E3: A- 2901-0800-14-20111D-2901006-02 | F3: 106313874 | I3: A- 2901-0800-14-20111D-2901006-02 | K3: 14949098
A4: código Rubro = A- 2901-0800-14-20111D-2901006-02 Nombre del proyecto = MEJORAMIENTO DE LOS PROCEDIMIENTOS Y DE LA CAPACIDAD DE RESPUESTA EN LOS SERVICIOS DE PATOLOGÍA FORENSE A NIVEL NACIONAL Nombre del Poducto = SERVICIO DE INVESTIGACION PENAL, CRIMIN | B4: 106295048 | C4: 10 | E4: A-2901-0800-16-20113A-2901002-02 | F4: 514887191 | I4: A-2901-0800-16-20113A-2901007-02 | K4: 278010948
A5: código Rubro = A-2901-0800-16-20113A-2901002-02 Nombre del proyecto = FORTALECIMIENTO DEL INSTITUTO NACIONAL DE MEDICINA LEGAL Y CIENCIAS FORENSES EN ATENCIÓN A LOS RETOS DEL POSCONFLICTO A NIVEL NACIONAL Nombre del Poducto = SERVICIOS DE LABORATORIO F | B5: 514868449 | C5: 21 | E5: A-2901-0800-16-20113A-2901007-02 | F5: 307165948 | I5: A-2901-0800-9-20111D-2901002-02 | K5: 73211033
A6: código Rubro = A-2901-0800-16-20113A-2901007-02 Nombre del proyecto = FORTALECIMIENTO DEL INSTITUTO NACIONAL DE MEDICINA LEGAL Y CIENCIAS FORENSES EN ATENCIÓN A LOS RETOS DEL POSCONFLICTO A NIVEL NACIONAL Nombre del Poducto = SERVICIOS DE GENETICA FORE | B6: 311164957 | C6: 14 | E6: A-2901-0800-9-20111D-2901002-02 | F6: 488006199 | I6: B-2901-0800-16-20113A-2901002-02 | K6: 260849368
A7: código Rubro = A-2901-0800-9-20111D-2901002-02 Nombre del proyecto = FORTALECIMIENTO DE LA CAPACIDAD Y CALIDAD CIENTÍFICA DE LOS ENSAYOS REALIZADOS EN LOS LABORATORIOS FORENSES NACIONAL Nombre del Poducto = SERVICIOS DE LABORATORIO FORENSE Nombre del Objeto del Gasto = ADQUISICIÓN DE BIENES Y SERVICIOS Actividad Asociada = disponer de insumos, reactivos y equipos según necesidades de los laboratorios forenses | B7: 487896892 | C7: 7 | E7: B-2901-0800-14-20111D-2901006-02 | F7: 133386702 | I7: Total general | K7: 627020447
A8: código Rubro = B-2901-0800-16-20113A-2901002-02 Nombre del proyecto = FORTALECIMIENTO DEL INSTITUTO NACIONAL DE MEDICINA LEGAL Y CIENCIAS FORENSES EN ATENCIÓN A LOS RETOS DEL POSCONFLICTO A NIVEL NACIONAL Nombre del Poducto = SERVICIOS DE LABORATORIO F | B8: 774076273 | C8: 31 | E8: B-2901-0800-16-20113A-2901002-02 | F8: 774076273
A9: código Rubro = C-2901-0800-14-20111D-2901006-02 Nombre del proyecto = MEJORAMIENTO DE LOS PROCEDIMIENTOS Y DE LA CAPACIDAD DE RESPUESTA EN LOS SERVICIOS DE PATOLOGÍA FORENSE A NIVEL NACIONAL Nombre del Poducto = SALAS DE NECROPSIAS DOTADAS Nombre del | B9: 300000000 | C9: 9 | E9: C-2901-0800-14-20111D-2901006-02 | F9: 300000000
A10: código Rubro = B-2901-0800-14-20111D-2901006-02 Nombre del proyecto = MEJORAMIENTO DE LOS PROCEDIMIENTOS Y DE LA CAPACIDAD DE RESPUESTA EN LOS SERVICIOS DE PATOLOGÍA FORENSE A NIVEL NACIONAL Nombre del Poducto = SERVICIO DE INVESTIGACION PENAL, CRIMINA | B10: 133386702 | C10: 3 | E10: Total general | F10: 2623836187
A11: Total general | B11: 2627688321 | C11: 95
A29: LOTE | B29: codigo rubro | C29: Suma de valor restante | L29: =+K29+K28 -> 0
A30: 1 | B30: A- 2901-0800-14-20111D-2901006-02 | C30: 23920510
B31: A-2901-0800-16-20113A-2901002-02 | C31: 104980348 | L31: =+K7+L29 -> 627020447
B32: A-2901-0800-16-20113A-2901007-02 | C32: 250049712
B33: A-2901-0800-9-20111D-2901002-02 | C33: 562885102
A34: Total 1 | C34: 941835672
A35: 2 | B35: A-2901-0800-16-20113A-2901002-02 | C35: 188084584
B36: B-2901-0800-16-20113A-2901002-02 | C36: 32552017
A37: Total 2 | C37: 220636601
A38: 3 | B38: A-2901-0800-16-20113A-2901002-02 | C38: -31173073
B39: B-2901-0800-14-20111D-2901006-02 | C39: -3386702
B40: C-2901-0800-14-20111D-2901006-02 | C40: 272021474
A41: Total 3 | C41: 237461699
A42: 4 | B42: A- 2901-0800-14-20111D-2901006-02 | C42: -5393874 | D42: =+GETPIVOTDATA("valor restante ",$A$29,"LOTE",4,"codigo rubro ","A- 2901-0800-14-20111D-2901006-02")+GETPIVOTDATA("valor restante ",$A$29,"LOTE",4,"codigo rubro ","B-2901-0800-16-20113A-2901002-02") -> -374067882
B43: A-2901-0800-16-20113A-2901007-02 | C43: 436582444
B44: B-2901-0800-16-20113A-2901002-02 | C44: -368674008
A45: Total 4 | C45: 62514562
A46: 5 | B46: A- 2901-0800-14-20111D-2901006-02 | C46: 8971412
B47: A-2901-0800-16-20113A-2901007-02 | C47: -7165948 | D47: =+GETPIVOTDATA("valor restante ",$A$29,"LOTE",5,"codigo rubro ","A-2901-0800-16-20113A-2901007-02")+GETPIVOTDATA("valor restante ",$A$29,"LOTE",5,"codigo rubro ","A-2901-0800-9-20111D-2901002-02") -> -152640407
B48: A-2901-0800-9-20111D-2901002-02 | C48: -145474459
A49: Total 5 | C49: -143668995
A50: 6 | B50: A-2901-0800-16-20113A-2901002-02 | C50: 159654349
A51: Total 6 | C51: 159654349
A52: Total general | C52: 1478433888
A54: LOTE | B54: codigo rubro | C54: valor REG bta | D54: Suma de valor restante
A55: 1 | B55: A- 2901-0800-14-20111D-2901006-02 | C55: 76999490 | D55: 23920510
B56: Total A- 2901-0800-14-20111D-2901006-02 | D56: 23920510
B57: A-2901-0800-16-20113A-2901002-02 | C57: 83104236 | D57: 104980348
B58: Total A-2901-0800-16-20113A-2901002-02 | D58: 104980348
B59: A-2901-0800-16-20113A-2901007-02 | C59: 0 | D59: 250049712
B60: Total A-2901-0800-16-20113A-2901007-02 | D60: 250049712
B61: A-2901-0800-9-20111D-2901002-02 | C61: 163862452 | D61: 406908908
C62: 250932714 | D62: 155976194
B63: Total A-2901-0800-9-20111D-2901002-02 | D63: 562885102
A64: Total 1 | D64: 941835672
A65: 2 | B65: A-2901-0800-16-20113A-2901002-02 | C65: 161915416 | D65: 188084584
B66: Total A-2901-0800-16-20113A-2901002-02 | D66: 188084584
B67: B-2901-0800-16-20113A-2901002-02 | C67: 0 | D67: 32552017
B68: Total B-2901-0800-16-20113A-2901002-02 | D68: 32552017
A69: Total 2 | D69: 220636601
A70: 3 | B70: A-2901-0800-16-20113A-2901002-02 | C70: 101320276 | D70: -31173073
B71: Total A-2901-0800-16-20113A-2901002-02 | D71: -31173073
B72: B-2901-0800-14-20111D-2901006-02 | C72: 133386702 | D72: -3386702
B73: Total B-2901-0800-14-20111D-2901006-02 | D73: -3386702
B74: C-2901-0800-14-20111D-2901006-02 | C74: 7329714 | D74: 292670286
C75: 179604981 | D75: 113065305
C76: 246779422 | D76: -133714117
B77: Total C-2901-0800-14-20111D-2901006-02 | D77: 272021474
A78: Total 3 | D78: 237461699
A79: 4 | B79: A- 2901-0800-14-20111D-2901006-02 | C79: 14365286 | D79: -5393874
B80: Total A- 2901-0800-14-20111D-2901006-02 | D80: -5393874
B81: A-2901-0800-16-20113A-2901007-02 | C81: 0 | D81: 215687732
C82: 29155000 | D82: 220894712
B83: Total A-2901-0800-16-20113A-2901007-02 | D83: 436582444
B84: B-2901-0800-16-20113A-2901002-02 | C84: 0 | D84: -214547380
C85: 19454635 | D85: 78854005
C86: 72741357 | D86: -40189340
C87: 192791293 | D87: -192791293
B88: Total B-2901-0800-16-20113A-2901002-02 | D88: -368674008
A89: Total 4 | D89: 62514562
A90: 5 | B90: A- 2901-0800-14-20111D-2901006-02 | C90: 0 | D90: 8971412
B91: Total A- 2901-0800-14-20111D-2901006-02 | D91: 8971412
B92: A-2901-0800-16-20113A-2901007-02 | C92: 0 | D92: -7165948
B93: Total A-2901-0800-16-20113A-2901007-02 | D93: -7165948
B94: A-2901-0800-9-20111D-2901002-02 | C94: 0 | D94: -73211033
C95: 228239620 | D95: -72263426
B96: Total A-2901-0800-9-20111D-2901002-02 | D96: -145474459
A97: Total 5 | D97: -143668995
A98: 6 | B98: A-2901-0800-16-20113A-2901002-02 | C98: 15473202 | D98: 89507146
C99: 19359943 | D99: 70147203
B100: Total A-2901-0800-16-20113A-2901002-02 | D100: 159654349
A101: Total 6 | D101: 159654349
A102: Total general | D102: 1478433888
A105: LOTE | B105: codigo rubro | C105: valor REG oriente | D105: Suma de valor restante
A106: 1 | B106: A- 2901-0800-14-20111D-2901006-02 | C106: 0 | D106: 23920510
B107: Total A- 2901-0800-14-20111D-2901006-02 | D107: 23920510
B108: A-2901-0800-16-20113A-2901002-02 | C108: 0 | D108: 104980348
B109: Total A-2901-0800-16-20113A-2901002-02 | D109: 104980348
B110: A-2901-0800-16-20113A-2901007-02 | C110: 49950288 | D110: 250049712
B111: Total A-2901-0800-16-20113A-2901007-02 | D111: 250049712
B112: A-2901-0800-9-20111D-2901002-02 | C112: 0 | D112: 562885102
B113: Total A-2901-0800-9-20111D-2901002-02 | D113: 562885102
A114: Total 1 | D114: 941835672
A115: 2 | B115: A-2901-0800-16-20113A-2901002-02 | C115: 0 | D115: 188084584
B116: Total A-2901-0800-16-20113A-2901002-02 | D116: 188084584
B117: B-2901-0800-16-20113A-2901002-02 | C117: 46301988 | D117: 32552017
B118: Total B-2901-0800-16-20113A-2901002-02 | D118: 32552017
A119: Total 2 | D119: 220636601
A120: 3 | B120: A-2901-0800-16-20113A-2901002-02 | C120: 0 | D120: -31173073
B121: Total A-2901-0800-16-20113A-2901002-02 | D121: -31173073
...

Sheet DATOS REGIONALIZADO lote 7
O1: VALOR UNITARIO PROMEDIO (INCLUÍDO IVA) en caso de que aplique o impuestos a que haya lugar | P1: TOTAL REGIONALIZADO | AA1: REGIONALIZADO | AC1: VALIDACIÓN | AD1: VER/
A2: LOTE | B2: # ITEM | C2: DESCRIPCIÓN | D2: PRESENTACIÓN | E2: CANTIDAD REGIONALIZADA | N2: CANTIDAD TOTAL / ESTIMADA | P2: VALOR TOTAL REGIONALIZADO | Y2: VALOR TOTAL | AA2: REGIONAL | AB2: VALOR TOTAL | AC2: VALIDACION | AD2: VER/
AA3: =+P4 -> BOGOTÁ | AB3: =+SUM(P7) -> 170023171 | AC3: =+P7 -> 170023171 | AD3: =+EXACT(AB3,AC3) -> TRUE
E4: BOGOTÁ | F4: ORIENTE | G4: CENTRAL | H4: SUR | I4: NORTE | J4: OCCIDENTE | K4: NOROCCIDENTE | L4: SUROCCIDENTE | M4: NORORIENTE | P4: =+E4 -> BOGOTÁ | Q4: =+F4 -> ORIENTE | R4: =+G4 -> CENTRAL | S4: =+H4 -> SUR | T4: =+I4 -> NORTE | U4: =+J4 -> OCCIDENTE | V4: =+K4 -> NOROCCIDENTE | W4: =+L4 -> SUROCCIDENTE | X4: =+M4 -> NORORIENTE | AA4: =+Q4 -> ORIENTE | AB4: =SUM(Q5:Q5) -> 0 | AC4: =+Q7 -> 0 | AD4: =+EXACT(AB4,AC4) -> TRUE
A5: =+#REF! -> 7 | B5: 21 | C5: Semi-microbalanza | D5: =+'[2]DATOS REGIONALIZADO '!$D$5 -> UNIDAD | E5: 1 | F5: 0 | N5: =+SUM(E5:F5) -> 1 | O5: 129972575 | P5: =+E5*O5 -> 129972575 | Q5: =+F5*O5 -> 0 | R5: =+G5*O5 -> 0 | S5: =+H5*O5 -> 0 | T5: =+I5*O5 -> 0 | U5: =+J5*O5 -> 0 | V5: =+K5*O5 -> 0 | W5: =+L5*O5 -> 0 | X5: =+M5*O5 -> 0 | Y5: =+P5+Q5 -> 129972575 | AA5: TOTAL | AB5: =+SUM(AB3:AB4) -> 170023171 | AC5: =+Y7 -> 170023171 | AD5: =+EXACT(AB5,AC5) -> TRUE | AF5: Etiquetas de fila | AG5: Suma de valor REG bta | AH5: Suma de valor REG oriente
A6: 7 | B6: 22 | C6: balanza analítica | D6: =+'[2]DATOS REGIONALIZADO '!$D$6 -> UNIDAD | E6: 1 | F6: 0 | N6: =+SUM(E6:F6) -> 1 | O6: 40050596 | P6: =+E6*O6 -> 40050596 | Q6: =+F6*O6 -> 0 | Y6: =+SUM(P6:X6) -> 40050596 | AF6: 7 | AG6: 170023171 | AH6: 0
B7: TOTAL REGIONALIZADO | P7: =+SUM(P5:P6) -> 170023171 | Q7: =+SUM(Q5:Q6) -> 0 | R7: =+SUM(R5:R6) -> 0 | S7: =+SUM(S5:S6) -> 0 | T7: =+SUM(T5:T6) -> 0 | U7: =+SUM(U5:U6) -> 0 | V7: =+SUM(V5:V6) -> 0 | W7: =+SUM(W5:W6) -> 0 | ... Y7: =+SUM(Y5:Y6) -> 170023171 | AF7: código Rubro = A-2901-0800-16-20113A-2901007-02 Nombre del proyecto = FORTALECIMIENTO DEL INSTITUTO NACIONAL DE MEDICINA LEGAL Y CIENCIAS FORENSES EN ATENCIÓN A LOS RETOS DEL POSCONFLICTO A NIVEL NACIONAL Nombre del Poducto = SERVICIOS DE GENETICA FORENSE Nombre del Objeto del Gasto = ADQUISICIÓN DE BIENES Y SERVICIOS Actividad Asociada = Disponer de reactivos, insumos, equipos y herramientas informaticas para los laboratorios de genética | AG7: 129972575 | AH7: 0
AF8: código Rubro = A-2901-0800-9-20111D-2901002-02 Nombre del proyecto = FORTALECIMIENTO DE LA CAPACIDAD Y CALIDAD CIENTÍFICA DE LOS ENSAYOS REALIZADOS EN LOS LABORATORIOS FORENSES NACIONAL Nombre del Poducto = SERVICIOS DE LABORATORIO FORENSE Nombre del Objeto del Gasto = ADQUISICIÓN DE BIENES Y SERVICIOS Actividad Asociada = disponer de insumos, reactivos y equipos según necesidades de los laboratorios forenses | AG8: 40050596 | AH8: 0
AF9: Total general | AG9: 170023171 | AH9: 0
B11: info presupuestal | AB11: Suma de valor REG bta | AC11: Suma de valor REG oriente | AD11: total
B12: =+AF7 -> código Rubro = A-2901-0800-16-20113A-2901007-02 Nombre del proyecto = FORTALECIMIENTO DEL INSTITUTO NACIONAL DE MEDICINA LEGAL Y CIENCIAS FORENSES EN ATENCIÓN A LOS RETOS DEL POSCONFLICTO A NIVEL NACIONAL Nombre del Poducto = SERVICIOS DE GENETICA FORENSE Nombre del Objeto del Gasto = ADQUISICIÓN DE BIENES Y SERVICIOS Actividad Asociada = Disponer de reactivos, insumos, equipos y herramientas informaticas para los laboratorios de genética | AB12: =+AG7 -> 129972575 | AC12: =+AH7 -> 0 | AD12: =+AB12+AC12 -> 129972575
B13: =+AF8 -> código Rubro = A-2901-0800-9-20111D-2901002-02 Nombre del proyecto = FORTALECIMIENTO DE LA CAPACIDAD Y CALIDAD CIENTÍFICA DE LOS ENSAYOS REALIZADOS EN LOS LABORATORIOS FORENSES NACIONAL Nombre del Poducto = SERVICIOS DE LABORATORIO FORENSE Nombre del Objeto del Gasto = ADQUISICIÓN DE BIENES Y SERVICIOS Actividad Asociada = disponer de insumos, reactivos y equipos según necesidades de los laboratorios forenses | AB13: =+AG8 -> 40050596 | AC13: =+AH8 -> 0 | AD13: =+AB13+AC13 -> 40050596
B14: TOTAL | AB14: =+SUM(AB12:AB13) -> 170023171 | AC14: =+SUM(AC12:AC13) -> 0 | AD14: =+SUM(AD12:AD13) -> 170023171 | AE14: =+AD14=AB5 -> TRUE

Sheet DATOS REGIONALIZADO LOTE 8 
O1: VALOR UNITARIO PROMEDIO (INCLUÍDO IVA) en caso de que aplique o impuestos a que haya lugar | P1: TOTAL REGIONALIZADO | AA1: REGIONALIZADO
A2: LOTE | B2: # ITEM | C2: DESCRIPCIÓN | D2: PRESENTACIÓN | E2: CANTIDAD REGIONALIZADA | N2: CANTIDAD TOTAL / ESTIMADA | P2: VALOR TOTAL REGIONALIZADO | Y2: VALOR TOTAL | AA2: REGIONAL | AB2: VALOR TOTAL
AA3: =+P4 -> BOGOTÁ | AB3: =+SUM(P5:P6) -> 92195992
E4: BOGOTÁ | F4: ORIENTE | G4: CENTRAL | H4: SUR | I4: NORTE | J4: OCCIDENTE | K4: NOROCCIDENTE | L4: SUROCCIDENTE | M4: ORIENTE | P4: =+E4 -> BOGOTÁ | Q4: =+F4 -> ORIENTE | R4: =+G4 -> CENTRAL | S4: =+H4 -> SUR | T4: =+I4 -> NORTE | U4: =+J4 -> OCCIDENTE | V4: =+K4 -> NOROCCIDENTE | W4: =+L4 -> SUROCCIDENTE | X4: =+M4 -> ORIENTE | AA4: =+Q4 -> ORIENTE | AB4: =SUM(Q5:Q6) -> 0
A5: 8 | B5: 23 | C5: Homogenizador de tejidos, vertical con vástago: | D5: UNIDAD | E5: 1 | F5: 0 | G5: 0 | H5: 0 | I5: 0 | J5: 0 | K5: 0 | L5: 0 | M5: 0 | N5: =+SUM(E5:F5) -> 1 | O5: 19454635 | P5: =+E5*O5 -> 19454635 | Q5: =+F5*O5 -> 0 | R5: =+G5*O5 -> 0 | S5: =+H5*O5 -> 0 | T5: =+I5*O5 -> 0 | U5: =+J5*O5 -> 0 | V5: =+K5*O5 -> 0 | W5: =+L5*O5 -> 0 | X5: =+M5*O5 -> 0 | Y5: =+SUM(P5:X5) -> 19454635 | AA5: TOTAL | AB5: =+SUM(AB3:AB4) -> 92195992
A6: 8 | B6: 24 | C6: Vórtex multiprobeta / multitubo: | D6: UNIDAD | E6: 3 | F6: 0 | G6: 0 | H6: 0 | I6: 0 | J6: 0 | K6: 0 | L6: 0 | M6: 0 | N6: =+SUM(E6:F6) -> 3 | O6: 24247119 | P6: =+E6*O6 -> 72741357 | Q6: =+F6*O6 -> 0 | R6: =+G6*O6 -> 0 | S6: =+H6*O6 -> 0 | T6: =+I6*O6 -> 0 | U6: =+J6*O6 -> 0 | V6: =+K6*O6 -> 0 | W6: =+L6*O6 -> 0 | X6: =+M6*O6 -> 0 | Y6: =+SUM(P6:X6) -> 72741357
B7: TOTAL REGIONALIZADO | P7: =+SUM(P5:P6) -> 92195992 | Q7: =+SUM(Q5:Q6) -> 0 | R7: =+SUM(R5:R6) -> 0 | S7: =+SUM(S5:S6) -> 0 | T7: =+SUM(T5:T6) -> 0 | U7: =+SUM(U5:U6) -> 0 | V7: =+SUM(V5:V6) -> 0 | W7: =+SUM(W5:W6) -> 0 | X7: =+SUM(X5:X6) -> 0 | Y7: =SUM(Y5:Y6) -> 92195992
B9: info presupuestal | AB9: Suma de valor REG bta | AC9: Suma de valor REG oriente | AD9: total
B10: =+AH12 -> código Rubro = B-2901-0800-16-20113A-2901002-02 Nombre del proyecto = FORTALECIMIENTO DEL INSTITUTO NACIONAL DE MEDICINA LEGAL Y CIENCIAS FORENSES EN ATENCIÓN A LOS RETOS DEL POSCONFLICTO A NIVEL NACIONAL Nombre del Poducto = SERVICIOS DE LABORATORIO FORENSE Nombre del Objeto del Gasto = ADQUISICIÓN DE BIENES Y SERVICIOS Actividad Asociada = disponer de insumos, reactivos y equipos según necesidades de los laboratorios forenses | AB10: =+AI12 -> 92195992 | AD10: =+AB10+AC10 -> 92195992 | AH10: Etiquetas de fila | AI10: Suma de valor REG bta | AJ10: Suma de valor REG oriente
B11: =+AH13 -> Total general | AD11: =+AB11+AC11 -> 0 | AH11: 8 | AI11: 92195992 | AJ11: 0
AD12: =+AB12+AC12 -> 0 | AH12: código Rubro = B-2901-0800-16-20113A-2901002-02 Nombre del proyecto = FORTALECIMIENTO DEL INSTITUTO NACIONAL DE MEDICINA LEGAL Y CIENCIAS FORENSES EN ATENCIÓN A LOS RETOS DEL POSCONFLICTO A NIVEL NACIONAL Nombre del Poducto = SERVICIOS DE LABORATORIO FORENSE Nombre del Objeto del Gasto = ADQUISICIÓN DE BIENES Y SERVICIOS Actividad Asociada = disponer de insumos, reactivos y equipos según necesidades de los laboratorios forenses | AI12: 92195992 | AJ12: 0
B13: TOTAL | AB13: =+SUM(AB10:AB12) -> 92195992 | AC13: =SUM(AC10:AC12) -> 0 | AD13: =+SUM(AD10:AD12) -> 92195992 | AH13: Total general | AI13: 92195992 | AJ13: 0
AE14: =+AD13=AB5 -> TRUE

Sheet DATOS REGIONALIZADO LOTE 9
O1: VALOR UNITARIO PROMEDIO (INCLUÍDO IVA) en caso de que aplique o impuestos a que haya lugar | P1: TOTAL REGIONALIZADO
A2: LOTE | B2: # ITEM | C2: DESCRIPCIÓN | D2: PRESENTACIÓN | E2: CANTIDAD REGIONALIZADA | N2: CANTIDAD TOTAL / ESTIMADA | P2: VALOR TOTAL REGIONALIZADO | Y2: VALOR TOTAL | AA2: REGIONALIZADO
AA3: REGIONAL | AB3: VALOR TOTAL
E4: BOGOTÁ | F4: ORIENTE | G4: CENTRAL | H4: SUR | I4: NORTE | J4: OCCIDENTE | K4: NOROCCIDENTE | L4: SUROCCIDENTE | M4: ORIENTE | P4: =+E4 -> BOGOTÁ | Q4: =+F4 -> ORIENTE | R4: =+G4 -> CENTRAL | S4: =+H4 -> SUR | T4: =+I4 -> NORTE | U4: =+J4 -> OCCIDENTE | V4: =+K4 -> NOROCCIDENTE | W4: =+L4 -> SUROCCIDENTE | X4: =+M4 -> ORIENTE | AA4: =+P4 -> BOGOTÁ | AB4: =+SUM(P5:P5) -> 29155000
A5: 9 | B5: 25 | C5: Esterilizador o autocleve horizontal y/o sobremesa: | D5: UNIDAD | E5: 1 | F5: 0 | G5: 0 | H5: 0 | I5: 0 | J5: 0 | K5: 0 | L5: 0 | M5: 0 | N5: =+SUM(E5:F5) -> 1 | O5: 29155000 | P5: =+E5*O5 -> 29155000 | Q5: =+F5*O5 -> 0 | R5: =+G5*O5 -> 0 | S5: =+H5*O5 -> 0 | T5: =+I5*O5 -> 0 | U5: =+J5*O5 -> 0 | V5: =+K5*O5 -> 0 | W5: =+L5*O5 -> 0 | X5: =+M5*O5 -> 0 | Y5: =+SUM(P5:X5) -> 29155000 | AA5: TOTAL | AB5: =+SUM(AB4:AB4) -> 29155000
B6: TOTAL REGIONALIZADO | P6: =+SUM(P5:P5) -> 29155000 | Q6: =+SUM(Q5:Q5) -> 0 | R6: =+SUM(R5:R5) -> 0 | S6: =+SUM(S5:S5) -> 0 | T6: =+SUM(T5:T5) -> 0 | U6: =+SUM(U5:U5) -> 0 | V6: =+SUM(V5:V5) -> 0 | W6: =+SUM(W5:W5) -> 0 | X6: =+SUM(X5:X5) -> 0 | Y6: =SUM(Y5:Y5) -> 29155000
B8: info presupuestal | AB8: Suma de valor REG bta | AC8: Suma de valor REG oriente | AD8: total
B9: =+AF11 -> código Rubro = A-2901-0800-16-20113A-2901007-02 Nombre del proyecto = FORTALECIMIENTO DEL INSTITUTO NACIONAL DE MEDICINA LEGAL Y CIENCIAS FORENSES EN ATENCIÓN A LOS RETOS DEL POSCONFLICTO A NIVEL NACIONAL Nombre del Poducto = SERVICIOS DE GENETICA FORENSE Nombre del Objeto del Gasto = ADQUISICIÓN DE BIENES Y SERVICIOS Actividad Asociada = Disponer de reactivos, insumos, equipos y herramientas informaticas para los laboratorios de genética | AB9: =+AG10 -> 29155000 | AC9: =+AH10 -> 0 | AD9: =+AB9+AC9 -> 29155000 | AF9: Etiquetas de fila | AG9: Suma de valor REG bta | AH9: Suma de valor REG oriente
AD10: =+AB10+AC10 -> 0 | AF10: 9 | AG10: 29155000 | AH10: 0
AD11: =+AB11+AC11 -> 0 | AF11: código Rubro = A-2901-0800-16-20113A-2901007-02 Nombre del proyecto = FORTALECIMIENTO DEL INSTITUTO NACIONAL DE MEDICINA LEGAL Y CIENCIAS FORENSES EN ATENCIÓN A LOS RETOS DEL POSCONFLICTO A NIVEL NACIONAL Nombre del Poducto = SERVICIOS DE GENETICA FORENSE Nombre del Objeto del Gasto = ADQUISICIÓN DE BIENES Y SERVICIOS Actividad Asociada = Disponer de reactivos, insumos, equipos y herramientas informaticas para los laboratorios de genética | AG11: 29155000 | AH11: 0
B12: TOTAL | AB12: =+SUM(AB9:AB11) -> 29155000 | AC12: =SUM(AC9:AC11) -> 0 | AD12: =+SUM(AD9:AD11) -> 29155000 | AF12: Total general | AG12: 29155000 | AH12: 0
AD16: =+AD12=AB5 -> TRUE

Sheet DATOS REGIONALIZADO LOTE 10
O1: VALOR UNITARIO PROMEDIO (INCLUÍDO IVA) en caso de que aplique o impuestos a que haya lugar | P1: TOTAL REGIONALIZADO | AA1: REGIONALIZADO
A2: LOTE | B2: # ITEM | C2: DESCRIPCIÓN | D2: PRESENTACIÓN | E2: CANTIDAD REGIONALIZADA | N2: CANTIDAD TOTAL / ESTIMADA | P2: VALOR TOTAL REGIONALIZADO | Y2: VALOR TOTAL | AA2: REGIONAL | AB2: VALOR TOTAL
AA3: =+P4 -> BOGOTÁ | AB3: =+SUM(P5:P5) -> 192791293
E4: BOGOTÁ | F4: ORIENTE | G4: CENTRAL | H4: SUR | I4: NORTE | J4: OCCIDENTE | K4: NOROCCIDENTE | L4: SUROCCIDENTE | M4: ORIENTE | P4: =+E4 -> BOGOTÁ | Q4: =+F4 -> ORIENTE | R4: =+G4 -> CENTRAL | S4: =+H4 -> SUR | T4: =+I4 -> NORTE | U4: =+J4 -> OCCIDENTE | V4: =+K4 -> NOROCCIDENTE | W4: =+L4 -> SUROCCIDENTE | X4: =+M4 -> ORIENTE | AA4: =+Q4 -> ORIENTE | AB4: =SUM(Q5:Q5) -> 0
A5: 10 | B5: 26 | C5: Evaporador concentrador de muestras con centrifuga (rapidvap) | D5: UNIDAD | E5: 1 | F5: 0 | G5: 0 | H5: 0 | I5: 0 | J5: 0 | K5: 0 | L5: 0 | M5: 0 | N5: =+SUM(E5:F5) -> 1 | O5: 192791293 | P5: =+E5*O5 -> 192791293 | Q5: =+F5*O5 -> 0 | R5: =+G5*O5 -> 0 | S5: =+H5*O5 -> 0 | T5: =+I5*O5 -> 0 | U5: =+J5*O5 -> 0 | V5: =+K5*O5 -> 0 | W5: =+L5*O5 -> 0 | X5: =+M5*O5 -> 0 | Y5: =+SUM(P5:X5) -> 192791293 | AA5: TOTAL | AB5: =+SUM(AB3:AB4) -> 192791293
B6: TOTAL REGIONALIZADO | P6: =+SUM(P5:P5) -> 192791293 | Q6: =+SUM(Q5:Q5) -> 0 | R6: =+SUM(R5:R5) -> 0 | S6: =+SUM(S5:S5) -> 0 | T6: =+SUM(T5:T5) -> 0 | U6: =+SUM(U5:U5) -> 0 | V6: =+SUM(V5:V5) -> 0 | W6: =+SUM(W5:W5) -> 0 | X6: =+SUM(X5:X5) -> 0 | Y6: =SUM(Y5:Y5) -> 192791293 | AG6: Etiquetas de fila | AH6: Suma de valor REG bta | AI6: Suma de valor REG oriente
AG7: 10 | AH7: 192791293 | AI7: 0
B8: info presupuestal | AB8: Suma de valor REG bta | AC8: Suma de valor REG oriente | AD8: total | AG8: código Rubro = B-2901-0800-16-20113A-2901002-02 Nombre del proyecto = FORTALECIMIENTO DEL INSTITUTO NACIONAL DE MEDICINA LEGAL Y CIENCIAS FORENSES EN ATENCIÓN A LOS RETOS DEL POSCONFLICTO A NIVEL NACIONAL Nombre del Poducto = SERVICIOS DE LABORATORIO FORENSE Nombre del Objeto del Gasto = ADQUISICIÓN DE BIENES Y SERVICIOS Actividad Asociada = disponer de insumos, reactivos y equipos según necesidades de los laboratorios forenses | AH8: 192791293 | AI8: 0
B9: =+AG8 -> código Rubro = B-2901-0800-16-20113A-2901002-02 Nombre del proyecto = FORTALECIMIENTO DEL INSTITUTO NACIONAL DE MEDICINA LEGAL Y CIENCIAS FORENSES EN ATENCIÓN A LOS RETOS DEL POSCONFLICTO A NIVEL NACIONAL Nombre del Poducto = SERVICIOS DE LABORATORIO FORENSE Nombre del Objeto del Gasto = ADQUISICIÓN DE BIENES Y SERVICIOS Actividad Asociada = disponer de insumos, reactivos y equipos según necesidades de los laboratorios forenses | AB9: =+AH8 -> 192791293 | AC9: =+AI8 -> 0 | AD9: =+AB9+AC9 -> 192791293 | AG9: Total general | AH9: 192791293 | AI9: 0
B10: TOTAL | AB10: =+SUM(AB9:AB9) -> 192791293 | AC10: =SUM(AC9:AC9) -> 0 | AD10: =+SUM(AD9:AD9) -> 192791293
AD14: =+AD10=AB5 -> TRUE

Sheet DATOS REGIONALIZADO LOTE 11
O1: VALOR UNITARIO PROMEDIO (INCLUÍDO IVA) en caso de que aplique o impuestos a que haya lugar | P1: TOTAL REGIONALIZADO | AB1: REGIONALIZADO
A2: LOTE | B2: # ITEM | C2: DESCRIPCIÓN | D2: PRESENTACIÓN | E2: CANTIDAD REGIONALIZADA | N2: CANTIDAD TOTAL / ESTIMADA | P2: VALOR TOTAL REGIONALIZADO | Y2: VALOR TOTAL | AB2: REGIONAL | AC2: VALOR TOTAL
AB3: =+P4 -> BOGOTÁ | AC3: =+SUM(P5:P5) -> 0
E4: BOGOTÁ | F4: ORIENTE | G4: CENTRAL | H4: SUR | I4: NORTE | J4: OCCIDENTE | K4: NOROCCIDENTE | L4: SUROCCIDENTE | M4: ORIENTE | P4: =+E4 -> BOGOTÁ | Q4: =+F4 -> ORIENTE | R4: =+G4 -> CENTRAL | S4: =+H4 -> SUR | T4: =+I4 -> NORTE | U4: =+J4 -> OCCIDENTE | V4: =+K4 -> NOROCCIDENTE | W4: =+L4 -> SUROCCIDENTE | X4: =+M4 -> ORIENTE | AB4: =+Q4 -> ORIENTE | AC4: =SUM(Q5:Q5) -> 136873800
A5: 11 | B5: 27 | C5: Evaporador concentrador de muestras (rapidvap) | D5: UNIDAD | E5: 0 | F5: 1 | G5: 0 | H5: 0 | I5: 0 | J5: 0 | K5: 0 | L5: 0 | M5: 0 | N5: =+SUM(E5:F5) -> 1 | O5: 136873800 | P5: =+E5*O5 -> 0 | Q5: =+F5*O5 -> 136873800 | R5: =+G5*O5 -> 0 | S5: =+H5*O5 -> 0 | T5: =+I5*O5 -> 0 | U5: =+J5*O5 -> 0 | V5: =+K5*O5 -> 0 | W5: =+L5*O5 -> 0 | X5: =+M5*O5 -> 0 | Y5: =+SUM(P5:X5) -> 136873800 | AB5: TOTAL | AC5: =+SUM(AC3:AC4) -> 136873800 | AF5: Etiquetas de fila | AG5: Suma de valor REG bta | AH5: Suma de valor REG oriente
B6: TOTAL REGIONALIZADO | P6: =+SUM(P5:P5) -> 0 | Q6: =+SUM(Q5:Q5) -> 136873800 | R6: =+SUM(R5:R5) -> 0 | S6: =+SUM(S5:S5) -> 0 | T6: =+SUM(T5:T5) -> 0 | U6: =+SUM(U5:U5) -> 0 | V6: =+SUM(V5:V5) -> 0 | W6: =+SUM(W5:W5) -> 0 | X6: =+SUM(X5:X5) -> 0 | Y6: =SUM(Y5:Y5) -> 136873800 | AF6: 11 | AG6: 0 | AH6: 136873800
AF7: código Rubro = B-2901-0800-16-20113A-2901002-02 Nombre del proyecto = FORTALECIMIENTO DEL INSTITUTO NACIONAL DE MEDICINA LEGAL Y CIENCIAS FORENSES EN ATENCIÓN A LOS RETOS DEL POSCONFLICTO A NIVEL NACIONAL Nombre del Poducto = SERVICIOS DE LABORATORIO FORENSE Nombre del Objeto del Gasto = ADQUISICIÓN DE BIENES Y SERVICIOS Actividad Asociada = disponer de insumos, reactivos y equipos según necesidades de los laboratorios forenses | AG7: 0 | AH7: 136873800
B8: info presupuestal | AB8: Suma de valor REG bta | AC8: Suma de valor REG oriente | AD8: total | AF8: Total general | AG8: 0 | AH8: 136873800
B9: =+AF7 -> código Rubro = B-2901-0800-16-20113A-2901002-02 Nombre del proyecto = FORTALECIMIENTO DEL INSTITUTO NACIONAL DE MEDICINA LEGAL Y CIENCIAS FORENSES EN ATENCIÓN A LOS RETOS DEL POSCONFLICTO A NIVEL NACIONAL Nombre del Poducto = SERVICIOS DE LABORATORIO FORENSE Nombre del Objeto del Gasto = ADQUISICIÓN DE BIENES Y SERVICIOS Actividad Asociada = disponer de insumos, reactivos y equipos según necesidades de los laboratorios forenses | AB9: =+AG7 -> 0 | AC9: =+AH7 -> 136873800 | AD9: =+AB9+AC9 -> 136873800
B10: TOTAL | AB10: =+SUM(AB9:AB9) -> 0 | AC10: =SUM(AC9:AC9) -> 136873800 | AD10: =+SUM(AD9:AD9) -> 136873800
AD13: =+AD10=AC5 -> TRUE

Sheet DATOS REGIONALIZADO LOTE 12
O1: VALOR UNITARIO PROMEDIO (INCLUÍDO IVA) en caso de que aplique o impuestos a que haya lugar | P1: TOTAL REGIONALIZADO | AB1: REGIONALIZADO
A2: LOTE | B2: # ITEM | C2: DESCRIPCIÓN | D2: PRESENTACIÓN | E2: CANTIDAD REGIONALIZADA | N2: CANTIDAD TOTAL / ESTIMADA | P2: VALOR TOTAL REGIONALIZADO | Y2: VALOR TOTAL | AB2: REGIONAL | AC2: VALOR TOTAL
AB3: =+P4 -> BOGOTÁ | AC3: =+SUM(P5:P5) -> 0
E4: BOGOTÁ | F4: ORIENTE | G4: CENTRAL | H4: SUR | I4: NORTE | J4: OCCIDENTE | K4: NOROCCIDENTE | L4: SUROCCIDENTE | M4: ORIENTE | P4: =+E4 -> BOGOTÁ | Q4: =+F4 -> ORIENTE | R4: =+G4 -> CENTRAL | S4: =+H4 -> SUR | T4: =+I4 -> NORTE | U4: =+J4 -> OCCIDENTE | V4: =+K4 -> NOROCCIDENTE | W4: =+L4 -> SUROCCIDENTE | X4: =+M4 -> ORIENTE | AB4: =+Q4 -> ORIENTE | AC4: =SUM(Q5:Q5) -> 59381000
A5: 12 | B5: 28 | C5: Sistema dilutor dispensador de Líquidos | D5: UNIDAD | E5: 0 | F5: 1 | G5: 0 | H5: 0 | I5: 0 | J5: 0 | K5: 0 | L5: 0 | M5: 0 | N5: =+SUM(E5:F5) -> 1 | O5: 59381000 | P5: =+E5*O5 -> 0 | Q5: =+F5*O5 -> 59381000 | R5: =+G5*O5 -> 0 | S5: =+H5*O5 -> 0 | T5: =+I5*O5 -> 0 | U5: =+J5*O5 -> 0 | V5: =+K5*O5 -> 0 | W5: =+L5*O5 -> 0 | X5: =+M5*O5 -> 0 | Y5: =+SUM(P5:X5) -> 59381000 | AB5: TOTAL | AC5: =+SUM(AC3:AC4) -> 59381000 | AG5: Etiquetas de fila | AH5: Suma de valor REG bta | AI5: Suma de valor REG oriente
B6: TOTAL REGIONALIZADO | P6: =+SUM(P5:P5) -> 0 | Q6: =+SUM(Q5:Q5) -> 59381000 | R6: =+SUM(R5:R5) -> 0 | S6: =+SUM(S5:S5) -> 0 | T6: =+SUM(T5:T5) -> 0 | U6: =+SUM(U5:U5) -> 0 | V6: =+SUM(V5:V5) -> 0 | W6: =+SUM(W5:W5) -> 0 | X6: =+SUM(X5:X5) -> 0 | Y6: =SUM(Y5:Y5) -> 59381000 | AG6: 12 | AH6: 0 | AI6: 59381000
AG7: código Rubro = B-2901-0800-16-20113A-2901002-02 Nombre del proyecto = FORTALECIMIENTO DEL INSTITUTO NACIONAL DE MEDICINA LEGAL Y CIENCIAS FORENSES EN ATENCIÓN A LOS RETOS DEL POSCONFLICTO A NIVEL NACIONAL Nombre del Poducto = SERVICIOS DE LABORATORIO FORENSE Nombre del Objeto del Gasto = ADQUISICIÓN DE BIENES Y SERVICIOS Actividad Asociada = disponer de insumos, reactivos y equipos según necesidades de los laboratorios forenses | AH7: 0 | AI7: 59381000
B8: info presupuestal | AB8: Suma de valor REG bta | AC8: Suma de valor REG oriente | AD8: total | AG8: Total general | AH8: 0 | AI8: 59381000
B9: =+AG7 -> código Rubro = B-2901-0800-16-20113A-2901002-02 Nombre del proyecto = FORTALECIMIENTO DEL INSTITUTO NACIONAL DE MEDICINA LEGAL Y CIENCIAS FORENSES EN ATENCIÓN A LOS RETOS DEL POSCONFLICTO A NIVEL NACIONAL Nombre del Poducto = SERVICIOS DE LABORATORIO FORENSE Nombre del Objeto del Gasto = ADQUISICIÓN DE BIENES Y SERVICIOS Actividad Asociada = disponer de insumos, reactivos y equipos según necesidades de los laboratorios forenses | AB9: =+AH7 -> 0 | AC9: =+AI7 -> 59381000 | AD9: =+AB9+AC9 -> 59381000
B10: TOTAL | AB10: =+SUM(AB9:AB9) -> 0 | AC10: =SUM(AC9:AC9) -> 59381000 | AD10: =+SUM(AD9:AD9) -> 59381000
AD13: =+AD10=AC5 -> TRUE

Sheet DATOS REGIONALIZADO LOTE 13
O1: VALOR UNITARIO PROMEDIO (INCLUÍDO IVA) en caso de que aplique o impuestos a que haya lugar | P1: TOTAL REGIONALIZADO | AB1: REGIONALIZADO
A2: LOTE | B2: # ITEM | C2: DESCRIPCIÓN | D2: PRESENTACIÓN | E2: CANTIDAD REGIONALIZADA | N2: CANTIDAD TOTAL / ESTIMADA | P2: VALOR TOTAL REGIONALIZADO | Y2: VALOR TOTAL | AB2: REGIONAL | AC2: VALOR TOTAL
AB3: =+P4 -> BOGOTÁ | AC3: =+SUM(P5:P5) -> 0
E4: BOGOTÁ | F4: ORIENTE | G4: CENTRAL | H4: SUR | I4: NORTE | J4: OCCIDENTE | K4: NOROCCIDENTE | L4: SUROCCIDENTE | M4: ORIENTE | P4: =+E4 -> BOGOTÁ | Q4: =+F4 -> ORIENTE | R4: =+G4 -> CENTRAL | S4: =+H4 -> SUR | T4: =+I4 -> NORTE | U4: =+J4 -> OCCIDENTE | V4: =+K4 -> NOROCCIDENTE | W4: =+L4 -> SUROCCIDENTE | X4: =+M4 -> ORIENTE | AB4: =+Q4 -> ORIENTE | AC4: =SUM(Q5:Q5) -> 18292580
A5: 13 | B5: 29 | C5: Sistema de esterilización con luz UV-C (254nm) (Crosslinker) | D5: UNIDAD | E5: 0 | F5: 1 | G5: 0 | H5: 0 | I5: 0 | J5: 0 | K5: 0 | L5: 0 | M5: 0 | N5: =+SUM(E5:F5) -> 1 | O5: 18292580 | P5: =+E5*O5 -> 0 | Q5: =+F5*O5 -> 18292580 | R5: =+G5*O5 -> 0 | S5: =+H5*O5 -> 0 | T5: =+I5*O5 -> 0 | U5: =+J5*O5 -> 0 | V5: =+K5*O5 -> 0 | W5: =+L5*O5 -> 0 | X5: =+M5*O5 -> 0 | Y5: =+SUM(P5:X5) -> 18292580 | AB5: TOTAL | AC5: =+SUM(AC3:AC4) -> 18292580 | AF5: Etiquetas de fila | AG5: Suma de valor REG bta | AH5: Suma de valor REG oriente
B6: TOTAL REGIONALIZADO | P6: =+SUM(P5:P5) -> 0 | Q6: =+SUM(Q5:Q5) -> 18292580 | R6: =+SUM(R5:R5) -> 0 | S6: =+SUM(S5:S5) -> 0 | T6: =+SUM(T5:T5) -> 0 | U6: =+SUM(U5:U5) -> 0 | V6: =+SUM(V5:V5) -> 0 | W6: =+SUM(W5:W5) -> 0 | X6: =+SUM(X5:X5) -> 0 | Y6: =SUM(Y5:Y5) -> 18292580 | AF6: 13 | AG6: 0 | AH6: 18292580
AF7: código Rubro = A-2901-0800-16-20113A-2901007-02 Nombre del proyecto = FORTALECIMIENTO DEL INSTITUTO NACIONAL DE MEDICINA LEGAL Y CIENCIAS FORENSES EN ATENCIÓN A LOS RETOS DEL POSCONFLICTO A NIVEL NACIONAL Nombre del Poducto = SERVICIOS DE GENETICA FORENSE Nombre del Objeto del Gasto = ADQUISICIÓN DE BIENES Y SERVICIOS Actividad Asociada = Disponer de reactivos, insumos, equipos y herramientas informaticas para los laboratorios de genética | AG7: 0 | AH7: 18292580
B8: info presupuestal | AB8: Suma de valor REG bta | AC8: Suma de valor REG oriente | AD8: total | AF8: Total general | AG8: 0 | AH8: 18292580
B9: =+AF7 -> código Rubro = A-2901-0800-16-20113A-2901007-02 Nombre del proyecto = FORTALECIMIENTO DEL INSTITUTO NACIONAL DE MEDICINA LEGAL Y CIENCIAS FORENSES EN ATENCIÓN A LOS RETOS DEL POSCONFLICTO A NIVEL NACIONAL Nombre del Poducto = SERVICIOS DE GENETICA FORENSE Nombre del Objeto del Gasto = ADQUISICIÓN DE BIENES Y SERVICIOS Actividad Asociada = Disponer de reactivos, insumos, equipos y herramientas informaticas para los laboratorios de genética | AB9: =+AG7 -> 0 | AC9: =+AH7 -> 18292580 | AD9: =+AB9+AC9 -> 18292580
B10: TOTAL | AB10: =+SUM(AB9:AB9) -> 0 | AC10: =SUM(AC9:AC9) -> 18292580 | AD10: =+SUM(AD9:AD9) -> 18292580
AD13: =+AD10=AC5 -> TRUE

Sheet Hoja15 (2)
A3: Etiquetas de fila | B3: Suma de valor REG bta | C3: Suma de valor REG oriente
A4: 13 | B4: 0 | C4: 18292580
A5: código Rubro = A-2901-0800-16-20113A-2901007-02 Nombre del proyecto = FORTALECIMIENTO DEL INSTITUTO NACIONAL DE MEDICINA LEGAL Y CIENCIAS FORENSES EN ATENCIÓN A LOS RETOS DEL POSCONFLICTO A NIVEL NACIONAL Nombre del Poducto = SERVICIOS DE GENETICA FORENSE Nombre del Objeto del Gasto = ADQUISICIÓN DE BIENES Y SERVICIOS Actividad Asociada = Disponer de reactivos, insumos, equipos y herramientas informaticas para los laboratorios de genética | B5: 0 | C5: 18292580
A6: Total general | B6: 0 | C6: 18292580

Sheet cdp
C2: 1423500
A3: Etiquetas de fila | B3: Suma de valor REG bta | C3: Suma de valor REG oriente
A4: código Rubro = A- 2901-0800-14-20111D-2901006-02 Nombre del proyecto = MEJORAMIENTO DE LOS PROCEDIMIENTOS Y DE LA CAPACIDAD DE RESPUESTA EN LOS SERVICIOS DE PATOLOGÍA FORENSE A NIVEL NACIONAL Nombre del Poducto = SERVICIO DE INVESTIGACION PENAL, CRIMINALISTICA Y MEDICINA LEGAL Nombre del Objeto del Gasto = ADQUISICIÓN DE BIENES Y SERVICIOS Actividad Asociada = disponer de equipos, insumos y reactivos a los laboratorios en casos de accidentes de transito | B4: 68466172 | C4: 14949098 | D4: =+B4+C4 -> 83415270 | E4: =+ROUND(D4/$C$2,2) -> 58.6
A5: código Rubro = A-2901-0800-16-20113A-2901002-02 Nombre del proyecto = FORTALECIMIENTO DEL INSTITUTO NACIONAL DE MEDICINA LEGAL Y CIENCIAS FORENSES EN ATENCIÓN A LOS RETOS DEL POSCONFLICTO A NIVEL NACIONAL Nombre del Poducto = SERVICIOS DE LABORATORIO FORENSE Nombre del Objeto del Gasto = ADQUISICIÓN DE BIENES Y SERVICIOS Actividad Asociada = contar con enseres, equipos de oficina y equipos para la dotación de los laboratorios forense de antropología | B5: 492574801 | C5: 0 | D5: =+B5+C5 -> 492574801 | E5: =+ROUND(D5/$C$2,2) -> 346.03
A6: código Rubro = A-2901-0800-16-20113A-2901007-02 Nombre del proyecto = FORTALECIMIENTO DEL INSTITUTO NACIONAL DE MEDICINA LEGAL Y CIENCIAS FORENSES EN ATENCIÓN A LOS RETOS DEL POSCONFLICTO A NIVEL NACIONAL Nombre del Poducto = SERVICIOS DE GENETICA FORENSE Nombre del Objeto del Gasto = ADQUISICIÓN DE BIENES Y SERVICIOS Actividad Asociada = Disponer de reactivos, insumos, equipos y herramientas informaticas para los laboratorios de genética | B6: 159127575 | C6: 278010948 | D6: =+B6+C6 -> 437138523 | E6: =+ROUND(D6/$C$2,2) -> 307.09
A7: código Rubro = A-2901-0800-9-20111D-2901002-02 Nombre del proyecto = FORTALECIMIENTO DE LA CAPACIDAD Y CALIDAD CIENTÍFICA DE LOS ENSAYOS REALIZADOS EN LOS LABORATORIOS FORENSES NACIONAL Nombre del Poducto = SERVICIOS DE LABORATORIO FORENSE Nombre del Objeto del Gasto = ADQUISICIÓN DE BIENES Y SERVICIOS Actividad Asociada = disponer de insumos, reactivos y equipos según necesidades de los laboratorios forenses | B7: 399573329 | C7: 73211033 | D7: =+B7+C7 -> 472784362 | E7: =+ROUND(D7/$C$2,2) -> 332.13
A8: código Rubro = B-2901-0800-14-20111D-2901006-02 Nombre del proyecto = MEJORAMIENTO DE LOS PROCEDIMIENTOS Y DE LA CAPACIDAD DE RESPUESTA EN LOS SERVICIOS DE PATOLOGÍA FORENSE A NIVEL NACIONAL Nombre del Poducto = SERVICIO DE INVESTIGACION PENAL, CRIMINALISTICA Y MEDICINA LEGAL Nombre del Objeto del Gasto = ADQUISICIÓN DE BIENES Y SERVICIOS Actividad Asociada = disponer con bienes y servicios según los requisitos de la NTC ISO/IEC 17025 en casos de accidentes de transito | B8: 133386702 | C8: 0 | D8: =+B8+C8 -> 133386702 | E8: =+ROUND(D8/$C$2,2) -> 93.7
A9: código Rubro = B-2901-0800-16-20113A-2901002-02 Nombre del proyecto = FORTALECIMIENTO DEL INSTITUTO NACIONAL DE MEDICINA LEGAL Y CIENCIAS FORENSES EN ATENCIÓN A LOS RETOS DEL POSCONFLICTO A NIVEL NACIONAL Nombre del Poducto = SERVICIOS DE LABORATORIO FORENSE Nombre del Objeto del Gasto = ADQUISICIÓN DE BIENES Y SERVICIOS Actividad Asociada = disponer de insumos, reactivos y equipos según necesidades de los laboratorios forenses | B9: 513226905 | C9: 253990393 | D9: =+B9+C9 -> 767217298 | E9: =+ROUND(D9/$C$2,2) -> 538.97
A10: código Rubro = C-2901-0800-14-20111D-2901010-02 Nombre del proyecto = MEJORAMIENTO DE LOS PROCEDIMIENTOS Y DE LA CAPACIDAD DE RESPUESTA EN LOS SERVICIOS DE PATOLOGÍA FORENSE A NIVEL NACIONAL Nombre del Poducto = SALAS DE NECROPSIAS DOTADAS Nombre del Objeto del Gasto = ADQUISICIÓN DE BIENES Y SERVICIOS Actividad Asociada = disponer de equipos, instrumental, insumos y aplicativos en casos de rutina, de muertes colectivas y desastres a nivel nacional | B10: 300000000 | C10: 0 | D10: =+B10+C10 -> 300000000 | E10: =+ROUND(D10/$C$2,2) -> 210.75
A11: Total general | B11: 2066355484 | C11: 620161472 | D11: =+SUM(D4:D10) -> 2686516956 | H11: =+D11='CONS ASIGNACION RUBROS (2)'!K36 -> TRUE
C12: =+B12/$C$2 -> 0
C13: =+B13/$C$2 -> 0
C14: =+B14/$C$2 -> 0
C15: =+B15/$C$2 -> 0
C16: =+B16/$C$2 -> 0
A19: Etiquetas de fila | B19: Suma de VALOR TOTAL
A20: 1 | B20: 517506779 | C20: =+ROUND(B20/$C$2,2) -> 363.55
A21: 2 | B21: 208217404 | C21: =+ROUND(B21/$C$2,2) -> 146.27
A22: 3 | B22: 668421095 | C22: =+ROUND(B22/$C$2,2) -> 469.56
A23: 4 | B23: 19572266 | C23: =+ROUND(B23/$C$2,2) -> 13.75
A24: 5 | B24: 539253431 | C24: =+ROUND(B24/$C$2,2) -> 378.82
A25: 6 | B25: 34833145 | C25: =+ROUND(B25/$C$2,2) -> 24.47
A26: 7 | B26: 170023171 | C26: =+ROUND(B26/$C$2,2) -> 119.44
A27: 8 | B27: 92195992 | C27: =+ROUND(B27/$C$2,2) -> 64.77
A28: 9 | B28: 29155000 | C28: =+ROUND(B28/$C$2,2) -> 20.48
A29: 10 | B29: 192791293 | C29: =+ROUND(B29/$C$2,2) -> 135.43
A30: 11 | B30: 136873800 | C30: =+ROUND(B30/$C$2,2) -> 96.15
A31: 12 | B31: 59381000 | C31: =+ROUND(B31/$C$2,2) -> 41.71
A32: 13 | B32: 18292580 | C32: =+ROUND(B32/$C$2,2) -> 12.85
A33: Total general | B33: 2686516956

Sheet Hoja15
A3: Etiquetas de fila | B3: Suma de valor REG bta | C3: Suma de valor REG oriente
A4: 1 | B4: 474415466 | C4: 43091313
A5: código Rubro = A- 2901-0800-14-20111D-2901006-02 Nombre del proyecto = MEJORAMIENTO DE LOS PROCEDIMIENTOS Y DE LA CAPACIDAD DE RESPUESTA EN LOS SERVICIOS DE PATOLOGÍA FORENSE A NIVEL NACIONAL Nombre del Poducto = SERVICIO DE INVESTIGACION PENAL, CRIMINALISTICA Y MEDICINA LEGAL Nombre del Objeto del Gasto = ADQUISICIÓN DE BIENES Y SERVICIOS Actividad Asociada = disponer de equipos, insumos y reactivos a los laboratorios en casos de accidentes de transito | B5: 54100886 | C5: 0
